 Dungeon Crawl Stone Soup version 0.30.0-20-g3615ddf2f0 (webtiles) character file.

Game seed: 6102270009416296782

632260 qw the Slayer (level 27, -6/196 HPs)
             Began as a Gargoyle Fighter on May 31, 2023.
             Was a High Priest of the Shining One.
             Killed by a mummy priest's death curse (19 damage)
             ... on level 3 of the Tomb of the Ancients on June 1, 2023.
             The game lasted 00:46:25 (63540 turns).

qw the Slayer (Gargoyle Fighter)                   Turns: 63540, Time: 00:46:25

Health: -6/196     AC: 68    Str: 31 (36) XL:     27
Magic:  8/36       EV: 10    Int:  2 (6)  God:    the Shining One [*****.]
Gold:   2281       SH: 22    Dex:  5 (9)  Spells: 26/26 levels left

rFire   . . .        t - +5 broad axe (holy)
rCold   + . .        o - +2 tower shield {AC+3}
rNeg    + + +        n - +10 plate armour
rPois   inf          P - +2 helmet {SInv}
rElec   +            x - +2 cloak of the Shining Light {rF+}
rCorr   +            (no gloves)
SInv    +            e - +0 pair of boots "Tentuimu" {rF- Will+ Slay+5}
Will    +++++        k - amulet of faith Stlth
                     M - ring of Xaewirr {rC+ rN+ Will++ SInv Stlth-}
HPRegen 0.52/turn    s - ring of Daisies {rCorr AC+4 Str+3}
MPRegen 0.25/turn

%: faith
@: about to teleport, marked, flying, glowing
A: sickness immunity, AC +20, big wings, negative energy resistance 1,
electricity resistance, torment resistance 1, petrification resistance, dopey 2,
subdued magic 1
}: 4/15 runes: decaying, serpentine, slimy, silver
a: Renounce Religion, Divine Shield, Cleansing Flame, Summon Divine Warrior


You were on level 3 of the Tomb of the Ancients.
You worshipped the Shining One.
The Shining One was extremely pleased with you.
You visited 12 branches of the dungeon, and saw 55 of its levels.
You visited the Abyss 1 time.
You also visited: Sewer.

You collected 7773 gold pieces.
You spent 5492 gold pieces at shops.


Innate Abilities, Weirdness & Mutations

You are immune to sickness and miasma.
Your stone body is resilient. (AC +20)
You are immune to poison.
Your large and strong wings let you fly.
You resist negative energy. (rN+)
You are resistant to electric shocks. (rElec)
You are resistant to unholy torment.
You are immune to petrification.
You are very dopey. (Int -4)
Your spells are a little easier to cast, but a little less powerful.


   Skills:
 - Level 26.0 Fighting
 - Level 18.0 Axes
 - Level 15.1 Throwing
 - Level 24.0 Armour
 - Level 11.0 Dodging
 - Level 22.7 Shields
 + Level 19.2 Invocations


You had 26 spell levels left.
You didn't know any spells.
Your spell library was empty.

Inventory:

Hand Weapons
 t - a +5 broad axe of holy wrath (weapon)
 E - the +6 broad axe of Wrath {flame, rCorr}
   (You found it on level 3 of the Crypt)

   rCorr:     It protects you from acid and corrosion.
Missiles
 c - a silver javelin (quivered)
 l - 4 boomerangs of dispersal
 w - 12 boomerangs
Armour
 e - the +0 pair of boots "Tentuimu" (worn) {rF- Will+ Slay+5}
   (You found it on level 2 of the Crypt)

   Slay:      It affects your accuracy & damage with ranged weapons and melee
   (+5).
   rF:        It makes you vulnerable to fire.
   Will:      It increases your willpower.
 f - +0 gold dragon scales
 n - a +10 plate armour (worn)
 o - a +2 tower shield of protection (worn)
 u - a scarf of resistance
 v - a +2 pair of boots of rampaging
 x - the +2 cloak of the Shining Light (worn) {rF+}
   (You acquired it on level 2 of the Depths)

   rF:        It protects you from fire.
 C - the +0 plate armour "Begal" {rElec rC+++ Int+3 Dex-5}
   (You found it on level 11 of the Dungeon)

   Int:       It affects your intelligence (+3).
   Dex:       It affects your dexterity (-5).
   rC:        It renders you almost immune to cold.
   rElec:     It insulates you from electricity.
 K - the +0 pair of gloves of Ehemem {rF++ Str+2 Int-5 Dex+3}
   (Okawaru gifted it to you on level 5 of the Vaults)

   Str:       It affects your strength (+2).
   Int:       It affects your intelligence (-5).
   Dex:       It affects your dexterity (+3).
   rF:        It greatly protects you from fire.
 P - a +2 helmet of see invisible (worn)
Jewellery
 k - an amulet of faith (around neck)
 s - the ring of Daisies (right hand) {rCorr AC+4 Str+3}
   (You acquired it on level 10 of the Dungeon)

   [ring of protection]

   AC:        It affects your AC (+4).
   Str:       It affects your strength (+3).
   rCorr:     It protects you from acid and corrosion.
 y - an amulet of regeneration
 A - a ring of protection from fire
 F - a +5 ring of evasion
 J - a ring of protection from cold
 M - the ring of Xaewirr (left hand) {rC+ rN+ Will++ SInv Stlth-}
   (You found it on level 3 of the Crypt)

   [ring of positive energy]

   rC:        It protects you from cold.
   rN:        It protects you from negative energy.
   SInv:      It lets you see invisible.
   Will:      It greatly increases your willpower.
   Stlth:     It makes you less stealthy.
 N - a ring of protection from fire
 Y - the ring "Okhleu" {Ice rPois rCorr Slay+6}
   (You found it on level 5 of the Vaults)

   [ring of ice]

   It enhances your ice magic.
   Slay:      It affects your accuracy & damage with ranged weapons and melee
   (+6).
   rF:        It makes you vulnerable to fire.
   rC:        It protects you from cold.
   rPois:     It protects you from poison.
   rCorr:     It protects you from acid and corrosion.
Wands
 H - a wand of digging (31)
Scrolls
 a - 35 scrolls of identify
 i - 19 scrolls of teleportation
 p - 8 scrolls of enchant armour
Potions
 b - 8 potions of curing
 d - 15 potions of might
 g - 4 potions of resistance
 h - 5 potions of cancellation
 j - 12 potions of haste
 m - 10 potions of lignification
 q - 3 potions of attraction
 r - 5 potions of mutation
 z - 2 potions of magic

Dungeon Overview and Level Annotations

Branches:
Dungeon (15/15)            Temple (1/1) D:6            Lair (5/5) D:9
  Swamp (4/4) Lair:3        Snake (4/4) Lair:2        Slime (5/5) Lair:4
    Orc (2/2) D:9             Elf (0/3) Orc:2        Vaults (5/5) D:14
  Crypt (3/3) Vaults:3       Tomb (3/3) Crypt:3      Depths (4/4) D:15
    Zot (4/5) Depths:4      Sewer (visited)

Altars:
Ashenzari
Cheibriados
Dithmenos
Elyvilon
Fedhas
Gozag
Hepliaklqana
Kikubaaqudgha
Makhleb
Nemelex Xobeh
Okawaru
Qazlal
Ru
Sif Muna
Trog
Uskayaw
Vehumet
Wu Jian
Xom
Yredelemnul
Zin
The Shining One
Jiyva

Shops:
D:4 [   D:5 **?(   D:7 [   D:9 *[:[   D:14 ((*   Orc:2 :?*[((   Vaults:2 :*
Vaults:3 (   Vaults:5 !??!?   Depths:1 *   Depths:3 [

Portals:
Hell: Depths:1 Depths:2 Depths:3 Depths:4
Abyss: Depths:3
Pandemonium: Depths:2
Ziggurat: Depths:3
Trove: Depths:1 (give horn of Geryon)

Annotations:
D:2 1 runed translucent door, Crazy Yiuf
Depths:1 2 transporters
Depths:2 1 runed translucent door, Ubraesch's ghost, adept TrMo


Message History

The death scarab's corpse disappears in a puff of smoke!
The royal mummy casts a spell at you. Something smites you!
The ushabti shakes and rattles deafeningly!
The mummy priest mumbles some strange prayers to its god.
You hear a loud "Zot"!
Enter note:
Enter note:
Enter note:
Enter note:
Enter note:
Enter note:
Enter note:
Enter note:
63540 ||| INVOKING Cleansing Flame.
The golden flame engulfs you but does no damage.
You resist.
The golden flame engulfs the necrophage!!!!
The necrophage writhes in agony!
You destroy the necrophage!
The necrophage's corpse disappears in a puff of smoke!
The golden flame engulfs the ushabti!!!
You destroy the ushabti!
You feel better.
You feel your power returning.
The Shining One blesses a follower with healing.
The golden flame engulfs the mummy priest!!!
The mummy priest writhes in agony!
You destroy the mummy priest!
The Shining One accepts your kill.
You feel better.
You feel your power returning.
The Shining One blesses a follower with more time in this world.
The mummy disappears in a puff of smoke!
The harpy skeleton disappears in a puff of smoke!
The golden flame engulfs the death scarab!!!
The death scarab writhes in agony!
You destroy the death scarab!
The death scarab's corpse disappears in a puff of smoke!
You feel extremely nervous for a moment...
Pain shoots through your body!!
You die...

...............
..................
......B..........
......M.Ms9.....
......M.s¤..¤..#
.......MBM.s.¤.#
..¤....s......#
#.....M.B¤^¤¤##
##.¤....9¤¤@#
#...99..^##
##......##
#......#
A.#..%.%.#
..#.^((%%#
.9¤....00+
..#...%)0#
...#(.¤.¤.#


You could see 4 royal mummies, 4 emperor scorpions, 3 ushabtiu, 3 death scarabs
and 2 mummies.

Vanquished Creatures
  the Royal Jelly (Slime:5)
  4 dread liches
  Mara (Depths:2)
  An ancient lich (Vaults:5)
  Mennas (Vaults:4)
  25 royal mummies
  Sojobo (Vaults:2)
  A Killer Klown (Zot:3)
  Margery (Vaults:5)
  the Lernaean hydra (Swamp:4)
  4 curse toes
  4 caustic shrikes (Depths:4)
  7 golden dragons
  the Enchantress (Depths:3)
  A bone dragon (Crypt:3)
  2 electric golems
  18 tentacled monstrosities
  3 liches
  8 quicksilver dragons
  20 titans
  5 deep elf master archers
  5 deep elf blademasters
  Asterion (Snake:1)
  21 acid blobs
  13 sphinxes
  A tentacled starspawn (Abyss:2)
  Gastronok (Lair:3)
  Agnes (Snake:2)
  9 death cobs
  14 storm dragons
  Donald (Snake:1)
  16 ancient champions
  10 shadow dragons
  4 revenants
  8 tengu reavers
  16 fire giants
  5 draconian monks
  7 nagarajas (Snake:4)
  6 azure jellies
  6 draconian scorchers
  3 draconian knights
  13 frost giants
  6 rockslimes (Slime:5)
  Aizul (Snake:1)
  Louise (Snake:2)
  17 ironbound preservers
  An iron dragon (Vaults:5)
  19 vault wardens
  2 ghost moths (Zot:3)
  9 draconian stormcallers
  9 ghouls
  2 angels
  2 curse skulls
  7 draconian shifters
  4 draconian annihilators
  3 orc warlords
  6 spriggan defenders
  3 reapers
  9 quicksilver oozes
  7 war gargoyles
  8 ironbound thunderhulks
  A rockslime zombie (Crypt:1)
  A juggernaut skeleton (Crypt:1)
  3 vampire knights
  10 black draconians
  18 very ugly things
  15 bennus
  4 deep elf demonologists
  26 stone giants
  6 eleionomae
  11 green draconians
  7 white draconians
  9 red draconians
  A bunyip (Swamp:2)
  25 yellow draconians
  Azrael (Snake:2)
  5 deep elf annihilators
  3 dire elephants (Vaults:3)
  12 spark wasps
  15 purple draconians
  4 eidola
  A green death (Depths:2)
  A crystal guardian (Vaults:2)
  A quicksilver dragon zombie (Crypt:3)
  18 ettins
  3 deep elf death magi
  A blizzard demon (Abyss:2)
  24 mummy priests
  Josephine (D:12)
  6 jiangshi (Crypt:3)
  4 entropy weavers
  17 great orbs of eyes
  3 spriggan zombies
  A shambling mangrove (Swamp:4)
  4 deep elf high priests
  13 yaktaur captains
  3 fire dragons
  A salamander tyrant (Snake:4)
  2 hell beasts (Depths:4)
  A quicksilver dragon skeleton (Vaults:3)
  9 ice dragons
  16 hydras
  4 rakshasas
  2 peacekeepers
  3 two-headed ogres
  4 spriggan air magi
  13 centaur warriors
  2 ghost crabs
  19 anacondas
  33 vault guards
  2 spriggan skeletons
  2 death knights (Crypt:2)
  2 ogre magi
  2 dancing weapons (D:14)
  14 ironbound frosthearts
  9 tengu warriors
  2 boulder beetles
  7 deep troll shamans
  2 death yaks (D:9)
  An anaconda (shapeshifter) (D:15)
  17 alligators
  42 death scarabs
  13 deep troll earth magi
  2 thrashing horrors (Abyss:2)
  5 spriggan berserkers
  10 naga warriors
  Urug (Lair:3)
  5 orc high priests (Orc:2)
  14 deep elf knights
  9 shock serpents
  Sonja (D:11)
  10 naga sharpshooters
  Amaemon (D:8)
  16 spriggans
  7 hell knights (Vaults:5)
  A titan skeleton (Crypt:1)
  5 vampire magi
  A wretched star (Abyss:2)
  3 large abominations (Abyss:2)
  A soul eater (Crypt:2)
  Nergalle (D:11)
  Lodul (D:11)
  5 shadow wraiths
  10 iron trolls
  23 skeletal warriors
  7 goliath frogs
  2 sixfirhies
  2 salamander mystics
  2 quicksilver dragon simulacra
  14 swamp dragons
  2 spriggan druids
  48 deep trolls
  8 wizards
  6 naga ritualists
  10 orc knights
  5 harpies (Vaults:1)
  5 deep elf archers
  13 deep elf pyromancers
  6 necromancers
  15 bog bodies
  6 flayed ghosts
  8 lindwurms
  8 phantasmal warriors
  9 mana vipers
  An anaconda skeleton (Crypt:2)
  8 ironbound convokers
  Pikel (D:6)
  8 deep elf zephyrmancers
  2 wolf spiders (Lair:5)
  5 oklob plants (Zot:4)
  An orc sorcerer (Orc:2)
  A shining eye (shapeshifter) (Vaults:1)
  A wolf spider (shapeshifter) (Vaults:5)
  A shadow dragon skeleton (Crypt:1)
  6 cyclopes
  2 shining eyes (Slime:5)
  5 manticores
  3 will-o-the-wisps
  An iron dragon skeleton (Vaults:4)
  37 ugly things
  25 moths of wrath
  7 salamanders
  6 elephants (Lair:4)
  8 guardian serpents
  A rust devil (Depths:2)
  A dire elephant zombie (Crypt:3)
  A fire giant skeleton (Vaults:3)
  3 frost giant skeletons
  24 vault sentinels
  39 black mambas
  15 naga magi
  A water nymph (shapeshifter) (D:15)
  4 human skeletons
  2 orange demons
  15 cane toads
  A smoke demon (Abyss:2)
  An eye of devastation (Slime:3)
  An eleionoma skeleton (Crypt:1)
  2 centaur skeletons
  2 torpor snails
  A gargoyle (D:13)
  2 kobold demonologists
  A dire elephant skeleton (Crypt:1)
  A cane toad (shapeshifter) (D:14)
  An efreet (D:8)
  24 yaktaurs
  A swamp worm zombie (Crypt:3)
  An unseen horror (D:11)
  2 rime drakes
  47 guardian mummies
  3 alligator snapping turtle skeletons
  4 komodo dragons
  6 freezing wraiths
  5 tengu conjurers
  19 hornets
  2 ancient zymes (Abyss:2)
  3 elf skeletons (Vaults:3)
  A red draconian skeleton (Crypt:3)
  2 hellwings (Depths:2)
  3 harpy zombies
  A bloated husk (Swamp:2)
  11 trolls
  A polar bear (Lair:3)
  3 hydra skeletons
  8 tyrant leeches
  A harpy skeleton (Tomb:3)
  8 dream sheep (Lair:3)
  21 blink frogs
  A blink frog (shapeshifter) (D:15)
  A satyr zombie (Crypt:3)
  63 slime creatures
  3 ettin skeletons
  A culicivora (Vaults:5)
  20 flying skulls
  A jumping spider (Vaults:1)
  An alligator skeleton (Crypt:3)
  A dire elephant simulacrum (Tomb:2)
  A satyr skeleton (Crypt:3)
  A ynoxinul (Depths:2)
  2 water elementals (Depths:1)
  3 fire elementals (Snake:2)
  6 vampires
  10 wraiths
  18 wyverns
  44 yaks
  20 ushabtiu
  9 golden eyes
  3 steam dragons
  5 basilisks
  A neqoxec (Abyss:2)
  A chaos spawn (Depths:2)
  4 wargs
  9 redbacks
  Edmund (D:5)
  31 nagas
  21 vampire mosquitoes
  2 acid dragons
  9 swamp worms
  4 hell hounds (Snake:2)
  Duvessa (D:4)
  21 water moccasins
  A demonspawn skeleton (Crypt:1)
  An ogre skeleton (Vaults:3)
  A floating eye (shapeshifter) (Vaults:4)
  Pargi (D:3)
  12 swamp drakes
  8 black bears
  45 orc warriors
  2 sky beasts
  A faun skeleton (Crypt:2)
  8 ice beasts
  A lindwurm zombie (Crypt:2)
  13 centaurs
  24 ogres
  13 boggarts
  5 wolves (D:9)
  A lindwurm skeleton (Crypt:2)
  7 starcursed masses
  An elephant skeleton (Crypt:2)
  A lemure (D:6)
  A swamp dragon skeleton (Crypt:1)
  5 kobold brigands
  12 bullfrogs
  4 necrophages
  3 scorpions
  Dowan (D:4)
  A raiju zombie (Crypt:1)
  14 killer bees (D:9)
  6 howler monkeys
  2 small abominations (Abyss:2)
  2 hounds
  29 jellies
  A bullfrog skeleton (Crypt:3)
  18 orc priests
  A sleepcap (D:5)
  3 iguanas
  35 orc wizards
  2 centaur simulacra
  A naga skeleton (Crypt:1)
  A deep dwarf skeleton (Crypt:1)
  A tengu skeleton (Crypt:3)
  46 mummies
  14 gnolls
  14 adders
  5 river rats (Sewer)
  A swamp drake zombie (Crypt:2)
  2 shadow imps
  2 white imps (D:9)
  A howler monkey simulacrum (D:9)
  2 ufetubi
  4 worms
  A dart slug (D:1)
  60 orcs
  7 bats
  3 bat zombies (D:11)
  7 endoplasms
  4 giant cockroaches
  5 goblins
  3 hobgoblins
  3 quokkas
  A river rat zombie (Crypt:3)
  15 ball pythons
  An endoplasm zombie (Crypt:2)
  6 frilled lizards
  23 kobolds
  An orc skeleton (Crypt:3)
  34 rats
  A rat zombie (D:11)
  2 spectral weapons
  2 starspawn tentacles (Abyss:2)
2500 creatures vanquished.

Vanquished Creatures (collateral kills)
  4 royal mummies
  A deep elf blademaster (Tomb:2)
  2 titans (Tomb:2)
  An ancient champion (Tomb:3)
  A revenant (Tomb:3)
  2 fire giants
  2 frost giants (Tomb:1)
  2 stone giants
  A bennu (Tomb:3)
  2 mummy priests (Tomb:1)
  2 death scarabs (Tomb:1)
  A skeletal warrior (Tomb:2)
  2 deep elf pyromancers (Tomb:1)
  A deep elf archer (Tomb:1)
  3 guardian mummies
  A flying skull (Tomb:2)
  An ushabti (Tomb:2)
  A black mamba skeleton (Tomb:3)
  8 mummies
38 creatures vanquished.

Vanquished Creatures (others)
  A titan (Tomb:2)
  An ironbound preserver (Vaults:5)
  2 eleionomae
  A bunyip (Swamp:4)
  A deep elf archer (Tomb:1)
  A swamp dragon (Swamp:4)
  A moth of wrath (Zot:3)
  A bloated husk (Swamp:3)
  An ushabti (Tomb:3)
  A naga (Snake:4)
  An orc priest (Vaults:5)
  14 foxfires
  2 starspawn tentacles (Abyss:2)
28 creatures vanquished.

Grand Total: 2566 creatures vanquished

Notes
Turn   | Place    | Note
-------+----------+-------------------------------------------
     0 | D:1      | qw the Gargoyle Fighter began the quest for the Orb.
     0 | D:1      | Reached XP level 1. HP: 14/14 MP: 1/1
     0 | D:1      | 0 ||| qw: Version: 0.2-a-102-gfc559e5
     0 | D:1      | 0 ||| qw: Game counter: 617
     0 | D:1      | 0 ||| qw: Always use a shield: true
     0 | D:1      | 0 ||| qw: God list: Okawaru
     0 | D:1      | 0 ||| qw: Allow faded altars: false
     0 | D:1      | 0 ||| qw: Do Orc after D:15 true
     0 | D:1      | 0 ||| qw: Do second Lair branch before Depths: true
     0 | D:1      | 0 ||| qw: Lair rune preference: random
     0 | D:1      | 0 ||| qw: Plans: Normal, Zot:1-4, Slime:5, God:TSO, Crypt,
                  | Tomb, Pan, Hells, Abyss, Win
     0 | D:1      | 0 ||| PLANNING D:1-11
    39 | D:1      | 39 ||| Stepping ~*~*~tactically~*~*~ (stealth).
    83 | D:1      | Reached XP level 2. HP: 19/19 MP: 2/2
   131 | D:1      | 131 ||| Stepping ~*~*~tactically~*~*~ (stealth).
   142 | D:1      | 142 ||| Stepping ~*~*~tactically~*~*~ (stealth).
   408 | D:1      | 408 ||| READING 2 scrolls labelled IDIAMMOOLL.
   409 | D:1      | 409 ||| READING 2 scrolls labelled BIERAT USAH JUOF.
   440 | D:2      | Reached skill level 3 in Axes
   440 | D:2      | Reached XP level 3. HP: 23/23 MP: 3/3
   636 | D:2      | Identified the +0 ring mail of Xure {-Cast rElec Dex+6
                  | Stlth+}
   902 | D:2      | Reached XP level 4. HP: 25/28 MP: 4/4
   997 | D:2      | Found an opulent altar of Gozag.
  1064 | D:2      | Found a runed translucent door.
  1065 | D:2      | Noticed Crazy Yiuf
  1122 | D:2      | 1122 ||| Stepping ~*~*~tactically~*~*~ (stealth).
  1138 | D:2      | 1138 ||| Stepping ~*~*~tactically~*~*~ (hiding).
  1397 | D:2      | 1397 ||| UPGRADING to +0 ring mail of Xure {-Cast rElec
                  | Dex+6 Stlth+}.
  1407 | D:2      | 1407 ||| DROPPING +0 scale mail.
  1408 | D:2      | 1408 ||| UPGRADING to amulet of guardian spirit.
  1413 | D:2      | 1413 ||| UPGRADING to +5 ring of evasion.
  1414 | D:2      | 1414 ||| READING scroll labelled MUSTIY GOFUYN.
  1415 | D:2      | 1415 ||| READING scroll labelled XEBRUGEPAV.
  1416 | D:2      | 1416 ||| READING scroll labelled VINNIG VAFEM.
  1417 | D:2      | 1417 ||| READING 3 scrolls of identify.
  1417 | D:2      | 1417 ||| IDENTIFYING fuming pink potion
  1418 | D:2      | 1418 ||| READING 2 scrolls of identify.
  1418 | D:2      | 1418 ||| IDENTIFYING puce potion
  1419 | D:2      | 1419 ||| DROPPING potion of invisibility.
  1420 | D:2      | 1420 ||| DROPPING potion of ambrosia.
  1447 | D:3      | 1447 ||| Stepping ~*~*~tactically~*~*~ (stealth).
  1449 | D:3      | 1449 ||| Stepping ~*~*~tactically~*~*~ (stealth).
  1451 | D:3      | 1451 ||| Stepping ~*~*~tactically~*~*~ (stealth).
  1453 | D:3      | 1453 ||| Stepping ~*~*~tactically~*~*~ (stealth).
  1455 | D:3      | 1455 ||| Stepping ~*~*~tactically~*~*~ (stealth).
  1457 | D:3      | 1457 ||| Stepping ~*~*~tactically~*~*~ (stealth).
  1459 | D:3      | 1459 ||| Stepping ~*~*~tactically~*~*~ (stealth).
  1461 | D:3      | 1461 ||| Stepping ~*~*~tactically~*~*~ (stealth).
  1465 | D:3      | 1465 ||| Stepping ~*~*~tactically~*~*~ (stealth).
  1467 | D:3      | 1467 ||| Stepping ~*~*~tactically~*~*~ (stealth).
  1526 | D:3      | Found a hazy altar of Hepliaklqana.
  1539 | D:3      | Reached skill level 1 in Dodging
  1539 | D:3      | Reached XP level 5. HP: 20/32 MP: 3/5
  1613 | D:3      | Found a shimmering altar of Xom.
  1613 | D:3      | Noticed Pargi
  1621 | D:3      | Killed Pargi
  1622 | D:3      | Reached XP level 6. HP: 37/37 MP: 4/6
  1693 | D:3      | 1693 ||| Stepping ~*~*~tactically~*~*~ (stealth).
  1714 | D:3      | 1714 ||| Stepping ~*~*~tactically~*~*~ (stealth).
  1716 | D:3      | 1716 ||| Stepping ~*~*~tactically~*~*~ (stealth).
  1718 | D:3      | 1718 ||| Stepping ~*~*~tactically~*~*~ (stealth).
  1720 | D:3      | 1720 ||| Stepping ~*~*~tactically~*~*~ (stealth).
  1722 | D:3      | 1722 ||| Stepping ~*~*~tactically~*~*~ (stealth).
  1724 | D:3      | 1724 ||| Stepping ~*~*~tactically~*~*~ (stealth).
  1726 | D:3      | 1726 ||| Stepping ~*~*~tactically~*~*~ (stealth).
  1728 | D:3      | 1728 ||| Stepping ~*~*~tactically~*~*~ (stealth).
  1818 | D:3      | Found a bloodstained altar of Trog.
  2276 | D:3      | Found a faded altar of an unknown god.
  2340 | D:3      | 2340 ||| UPGRADING to +3 ring mail.
  2350 | D:3      | 2350 ||| DROPPING +0 ring mail of Xure {-Cast rElec Dex+6
                  | Stlth+}.
  2351 | D:3      | 2351 ||| READING scroll labelled ZIW OMACSEAT.
  2352 | D:3      | 2352 ||| DRINKING 2 bubbling cyan potions.
  2420 | D:4      | Reached skill level 4 in Fighting
  2533 | D:4      | 2533 ||| Stepping ~*~*~tactically~*~*~ (hiding).
  2538 | D:4      | Noticed Dowan
  2541 | D:4      | Noticed Duvessa
  2543 | D:4      | 2543 ||| Stepping ~*~*~tactically~*~*~ (hiding).
  2544 | D:4      | 2544 ||| Stepping ~*~*~tactically~*~*~ (stealth).
  2562 | D:4      | Killed Duvessa
  2563 | D:4      | Reached skill level 6 in Axes
  2569 | D:4      | Killed Dowan
  2570 | D:4      | Reached XP level 7. HP: 15/43 MP: 3/7
  2585 | D:4      | 2585 ||| Stepping ~*~*~tactically~*~*~ (stealth).
  2633 | D:4      | 2633 ||| Stepping ~*~*~tactically~*~*~ (stealth).
  2641 | D:4      | 2641 ||| Stepping ~*~*~tactically~*~*~ (stealth).
  2645 | D:4      | 2645 ||| Stepping ~*~*~tactically~*~*~ (stealth).
  2646 | D:4      | 2646 ||| FLEEEEING.
  2648 | D:4      | 2648 ||| Stepping ~*~*~tactically~*~*~ (stealth).
  2650 | D:4      | 2650 ||| Stepping ~*~*~tactically~*~*~ (stealth).
  2651 | D:4      | 2651 ||| Stepping ~*~*~tactically~*~*~ (stealth).
  2655 | D:4      | 2655 ||| FLEEEEING.
  2656 | D:4      | 2656 ||| FLEEEEING.
  2702 | D:4      | 2702 ||| Stepping ~*~*~tactically~*~*~ (stealth).
  2703 | D:4      | 2703 ||| Stepping ~*~*~tactically~*~*~ (stealth).
  2709 | D:4      | 2709 ||| Stepping ~*~*~tactically~*~*~ (hiding).
  2863 | D:4      | Found Ucaris's Armour Boutique.
  2866 | D:4      | 2866 ||| SHOPLISTING +2 robe of resistance (414 gold, have
                  | 152).
  2866 | D:4      | 2866 ||| SHOPLISTING +7 ice dragon scales of Polytheism
                  | {-Cast Harm rElec rF- rC++} (1115 gold, have 152).
  3127 | D:4      | 3127 ||| UPGRADING to +0 chain mail.
  3137 | D:4      | 3137 ||| DROPPING +3 ring mail.
  3138 | D:4      | 3138 ||| UPGRADING to ring of protection from cold.
  3139 | D:4      | 3139 ||| READING scroll labelled ERALOE LOTOFA.
  3143 | D:4      | 3143 ||| DRINKING 2 clear potions.
  3144 | D:4      | 3144 ||| READING 2 scrolls of identify.
  3144 | D:4      | 3144 ||| IDENTIFYING sapphire potion
  3145 | D:4      | 3145 ||| DROPPING potion of flight.
  3174 | D:5      | Entered Level 5 of the Dungeon
  3175 | D:5      | 3175 ||| PLANNING SEWER
  3183 | D:5      | Reached skill level 5 in Fighting
  3209 | D:5      | Found a glowing drain.
  3242 | D:5      | 3242 ||| Stepping ~*~*~tactically~*~*~ (water).
  3251 | Sewer    | Entered a sewer
  3279 | Sewer    | 3279 ||| Stepping ~*~*~tactically~*~*~ (water).
  3370 | Sewer    | Reached XP level 8. HP: 40/49 MP: 8/8
  3422 | Sewer    | 3422 ||| READING scroll of enchant weapon.
  3422 | Sewer    | 3422 ||| ENCHANTING +1 war axe.
  3455 | Sewer    | 3455 ||| Stepping ~*~*~tactically~*~*~ (water).
  3590 | Sewer    | 3590 ||| READING scroll labelled YXZIES FOGRIK.
  3591 | Sewer    | 3591 ||| DRINKING 2 lumpy ruby potions.
  3592 | Sewer    | 3592 ||| DRINKING 2 dark potions.
  3593 | Sewer    | 3593 ||| READING 3 scrolls of identify.
  3593 | Sewer    | 3593 ||| IDENTIFYING lumpy brown potion
  3594 | Sewer    | 3594 ||| READING 2 scrolls of identify.
  3594 | Sewer    | 3594 ||| IDENTIFYING blue potion
  3595 | Sewer    | 3595 ||| DROPPING potion of brilliance.
  3599 | D:5      | 3599 ||| PLANNING D:1-11
  3628 | D:5      | Noticed Edmund
  3629 | D:5      | 3629 ||| Stepping ~*~*~tactically~*~*~ (stealth).
  3630 | D:5      | 3630 ||| Stepping ~*~*~tactically~*~*~ (stealth).
  3694 | D:5      | 3694 ||| Stepping ~*~*~tactically~*~*~ (hiding).
  3774 | D:5      | Found Lephew's Magic Scroll Shoppe.
  3776 | D:5      | Found Zainwiuq's Assorted Antiques.
  3778 | D:5      | Found Jukhlab's Antique Weapon Shoppe.
  3778 | D:5      | Found Karyghoj's Assorted Antiques.
  3784 | D:5      | 3784 ||| BUYING scroll of enchant weapon (97 gold).
  3784 | D:5      | Bought a scroll of enchant weapon for 97 gold pieces
  3784 | D:5      | 3784 ||| BUYING scroll of identify (26 gold).
  3784 | D:5      | Bought a scroll of identify for 26 gold pieces
  3784 | D:5      | 3784 ||| BUYING scroll of identify (26 gold).
  3784 | D:5      | Bought a scroll of identify for 26 gold pieces
  3784 | D:5      | 3784 ||| BUYING scroll of identify (26 gold).
  3784 | D:5      | Bought a scroll of identify for 26 gold pieces
  3784 | D:5      | 3784 ||| READING scroll of enchant weapon.
  3784 | D:5      | 3784 ||| ENCHANTING +2 war axe.
  3788 | D:5      | 3788 ||| SHOPLISTING bloodstained whip (165 gold, have 28).
  3788 | D:5      | 3788 ||| SHOPLISTING runed flail (143 gold, have 28).
  3806 | D:5      | HP: 12/49 [steam dragon/ball of steam (14)]
  3807 | D:5      | 3807 ||| DRINKING potion of heal wounds.
  3809 | D:5      | Reached skill level 6 in Fighting
  3809 | D:5      | 3809 ||| Stepping ~*~*~tactically~*~*~ (cloud).
  3811 | D:5      | 3811 ||| Stepping ~*~*~tactically~*~*~ (cloud).
  3868 | D:5      | 3868 ||| SHOPLISTING cloak (103 gold, have 28).
  3868 | D:5      | 3868 ||| SHOPLISTING encrusted sapphire ring (115 gold,
                  | have 28).
  3868 | D:5      | 3868 ||| SHOPLISTING marble ring (115 gold, have 28).
  3868 | D:5      | 3868 ||| SHOPLISTING potion of curing (69 gold, have 28).
  3868 | D:5      | 3868 ||| SHOPLISTING potion of haste (230 gold, have 28).
  3868 | D:5      | 3868 ||| BUYING scroll labelled BIXZAH PYOTZEA (23 gold).
  3868 | D:5      | Bought a scroll labelled BIXZAH PYOTZEA for 23 gold pieces
  3868 | D:5      | 3868 ||| SHOPLISTING scroll of identify (46 gold, have 5).
  3871 | D:5      | 3871 ||| SHOPLISTING brass wand (100 gold, have 5).
  3871 | D:5      | 3871 ||| SHOPLISTING pair of embroidered boots (187 gold,
                  | have 5).
  3871 | D:5      | 3871 ||| SHOPLISTING potion of haste (250 gold, have 5).
  3871 | D:5      | 3871 ||| SHOPLISTING scroll labelled FEERETIU UCUITZ (25
                  | gold, have 5).
  3871 | D:5      | 3871 ||| SHOPLISTING scroll labelled ULIHOL ASEAF (25 gold,
                  | have 5).
  3871 | D:5      | 3871 ||| SHOPLISTING scroll of identify (50 gold, have 5).
  3912 | D:5      | Killed Edmund
  3950 | D:5      | 3950 ||| DROPPING +0 flail.
  4205 | D:5      | Reached skill level 9 in Axes
  4330 | D:5      | Reached skill level 1 in Throwing
  4330 | D:5      | Reached XP level 9. HP: 55/55 MP: 9/9
  4432 | D:5      | 4432 ||| UPGRADING to amulet of faith.
  4442 | D:5      | 4442 ||| READING scroll labelled BIXZAH PYOTZEA.
  4443 | D:5      | 4443 ||| READING 5 scrolls of identify.
  4443 | D:5      | 4443 ||| IDENTIFYING golden potion
  4444 | D:5      | 4444 ||| READING 4 scrolls of identify.
  4444 | D:5      | 4444 ||| IDENTIFYING glowing pink potion
  4667 | D:6      | Found a shadowy altar of Dithmenos.
  4727 | D:6      | Reached skill level 7 in Fighting
  4903 | D:6      | Noticed Pikel
  4904 | D:6      | 4904 ||| Stepping ~*~*~tactically~*~*~ (stealth).
  4919 | D:6      | Killed Pikel
  5146 | D:6      | 5146 ||| Stepping ~*~*~tactically~*~*~ (hiding).
  5147 | D:6      | 5147 ||| Stepping ~*~*~tactically~*~*~ (hiding).
  5254 | D:6      | Found a staircase to the Ecumenical Temple.
  5255 | D:6      | 5255 ||| PLANNING TEMPLE
  5260 | D:6      | 5260 ||| READING 2 scrolls labelled MYGAUN ESOVIF.
  5261 | D:6      | 5261 ||| READING 4 scrolls of identify.
  5261 | D:6      | 5261 ||| IDENTIFYING pink potion
  5262 | D:6      | 5262 ||| DROPPING scroll of immolation.
  5263 | D:6      | 5263 ||| DROPPING potion of degeneration.
  5269 | Temple   | Entered the Ecumenical Temple
  5345 | Temple   | 5345 ||| PLANNING OKAWARU WORSHIP
  5498 | Temple   | Became a worshipper of Warmaster Okawaru
  5498 | Temple   | 5498 ||| PLANNING D:1-11
  5499 | Temple   | 5499 ||| DROPPING amulet of guardian spirit.
  5648 | D:7      | 5648 ||| Stepping ~*~*~tactically~*~*~ (hiding).
  5665 | D:7      | Reached skill level 8 in Fighting
  5945 | D:7      | 5945 ||| Stepping ~*~*~tactically~*~*~ (hiding).
  6067 | D:7      | 6067 ||| Stepping ~*~*~tactically~*~*~ (hiding).
  6185 | D:7      | 6185 ||| UPGRADING to +0 pair of gloves.
  6190 | D:7      | 6190 ||| READING 3 scrolls of enchant armour.
  6190 | D:7      | 6190 ||| ENCHANTING +0 pair of gloves.
  6191 | D:7      | 6191 ||| READING 2 scrolls of enchant armour.
  6191 | D:7      | 6191 ||| ENCHANTING +1 pair of gloves.
  6227 | D:7      | 6227 ||| Stepping ~*~*~tactically~*~*~ (stealth).
  6242 | D:7      | Found Reral's Antique Armour Emporium.
  6248 | D:7      | 6248 ||| BUYING runed cloak (187 gold).
  6248 | D:7      | Bought a runed cloak for 187 gold pieces
  6324 | D:7      | Found an ornate altar of the Wu Jian Council.
  6519 | D:7      | Reached XP level 10. HP: 60/64 MP: 10/10
  6732 | D:7      | You fall into a shaft and drop 2 floors!
  6740 | D:9      | 6740 ||| Stepping ~*~*~tactically~*~*~ (hiding).
  6750 | D:9      | 6750 ||| Stepping ~*~*~tactically~*~*~ (stealth).
  6756 | D:9      | Found a staircase to the Orcish Mines.
  6761 | D:9      | 6761 ||| Stepping ~*~*~tactically~*~*~ (stealth).
  6764 | D:9      | 6764 ||| Stepping ~*~*~tactically~*~*~ (stealth).
  6765 | D:9      | 6765 ||| Stepping ~*~*~tactically~*~*~ (stealth).
  6767 | D:9      | 6767 ||| Stepping ~*~*~tactically~*~*~ (stealth).
  6807 | D:9      | Reached * piety under Okawaru
  6807 | D:9      | HP: 16/64 [orc wizard/+0 dagger (4)]
  6808 | D:9      | 6808 ||| INVOKING Heroism.
  6815 | D:9      | Reached skill level 1 in Invocations
  6821 | D:9      | 6821 ||| INVOKING Heroism.
  6824 | D:9      | HP: 15/64 [orc priest/nerve-wracking pain (6)]
  7005 | D:9      | 7005 ||| UPGRADING to +0 plate armour.
  7015 | D:9      | 7015 ||| DROPPING +0 chain mail.
  7016 | D:9      | 7016 ||| DROPPING +2 ring mail of fire resistance.
  7017 | D:9      | 7017 ||| UPGRADING to +2 cloak of poison resistance.
  7022 | D:9      | 7022 ||| READING scroll of enchant armour.
  7022 | D:9      | 7022 ||| ENCHANTING +0 plate armour.
  7032 | D:8      | 7032 ||| INVOKING Heroism.
  7035 | D:8      | 7035 ||| DRINKING 4 potions of curing.
  7035 | D:8      | 7035 ||| (to cure confusion)
  7111 | D:8      | Found a hide-covered altar of Uskayaw.
  7121 | D:8      | 7121 ||| INVOKING Heroism.
  7128 | D:8      | Reached skill level 6 in Armour
  7128 | D:8      | Reached skill level 3 in Invocations
  7128 | D:8      | Noticed a boulder beetle
  7133 | D:8      | Noticed a deep elf pyromancer
  7141 | D:8      | 7141 ||| INVOKING Heroism.
  7146 | D:8      | Killed a deep elf pyromancer
  7146 | D:8      | Reached ** piety under Okawaru
  7149 | D:8      | HP: 12/64 [boulder beetle (8)]
  7150 | D:8      | 7150 ||| DRINKING potion of heal wounds.
  7163 | D:8      | 7163 ||| INVOKING Heroism.
  7166 | D:8      | Killed a boulder beetle
  7712 | D:7      | 7712 ||| Stepping ~*~*~tactically~*~*~ (hiding).
  7714 | D:7      | 7714 ||| Stepping ~*~*~tactically~*~*~ (hiding).
  7716 | D:7      | 7716 ||| Stepping ~*~*~tactically~*~*~ (hiding).
  7718 | D:7      | 7718 ||| Stepping ~*~*~tactically~*~*~ (hiding).
  7719 | D:7      | 7719 ||| Stepping ~*~*~tactically~*~*~ (hiding).
  7725 | D:7      | Reached *** piety under Okawaru
  7838 | D:7      | 7838 ||| READING scroll of enchant weapon.
  7838 | D:7      | 7838 ||| ENCHANTING +3 war axe.
  7981 | D:8      | Noticed an orange demon
  7981 | D:8      | Noticed Amaemon
  7982 | D:8      | 7982 ||| Stepping ~*~*~tactically~*~*~ (stealth).
  7984 | D:8      | 7984 ||| Stepping ~*~*~tactically~*~*~ (hiding).
  7985 | D:8      | 7985 ||| INVOKING Heroism.
  7996 | D:8      | Killed an orange demon
  8010 | D:8      | Killed Amaemon
  8011 | D:8      | Reached skill level 9 in Fighting
  8011 | D:8      | Reached XP level 11. HP: 65/71 MP: 14/14
  8030 | D:8      | 8030 ||| DROPPING +2 flail of draining.
  8036 | D:8      | 8036 ||| INVOKING Heroism.
  8148 | D:8      | 8148 ||| Stepping ~*~*~tactically~*~*~ (hiding).
  8154 | D:8      | 8154 ||| Stepping ~*~*~tactically~*~*~ (hiding).
  8232 | D:8      | 8232 ||| INVOKING Heroism.
  8431 | D:8      | 8431 ||| FLEEEEING.
  8432 | D:8      | 8432 ||| FLEEEEING.
  8433 | D:8      | 8433 ||| FLEEEEING.
  8434 | D:8      | 8434 ||| FLEEEEING.
  8435 | D:8      | 8435 ||| FLEEEEING.
  8436 | D:8      | 8436 ||| FLEEEEING.
  8437 | D:8      | 8437 ||| FLEEEEING.
  8438 | D:8      | 8438 ||| FLEEEEING.
  8439 | D:8      | 8439 ||| FLEEEEING.
  8440 | D:8      | 8440 ||| STAIRDANCE
  8542 | D:7      | 8542 ||| READING scroll labelled IPPYPNO SAGIN.
  8547 | D:8      | 8547 ||| INVOKING Heroism.
  8640 | D:8      | 8640 ||| SWAPPING to +0 broad axe.
  8641 | D:8      | 8641 ||| DROPPING +4 war axe.
  8787 | D:9      | 8787 ||| DRINKING 4 potions of curing.
  8787 | D:9      | 8787 ||| (to cure confusion)
  8793 | D:9      | 8793 ||| INVOKING Heroism.
  8897 | D:9      | 8897 ||| READING scroll of enchant weapon.
  8897 | D:9      | 8897 ||| ENCHANTING +0 broad axe.
  8910 | D:9      | 8910 ||| Stepping ~*~*~tactically~*~*~ (stealth).
  8911 | D:9      | Noticed a death yak
  8912 | D:9      | 8912 ||| INVOKING Heroism.
  8933 | D:9      | Killed a death yak
  8940 | D:9      | 8940 ||| INVOKING Heroism.
  8992 | D:9      | Reached skill level 12 in Axes
  9017 | D:9      | Reached **** piety under Okawaru
  9143 | D:9      | Found a staircase to the Lair.
  9187 | D:9      | 9187 ||| INVOKING Heroism.
  9192 | D:9      | Reached skill level 6 in Shields
  9277 | D:9      | Found Utzerev's General Store.
  9285 | D:9      | 9285 ||| BUYING potion of curing (36 gold).
  9285 | D:9      | Bought a potion of curing for 36 gold pieces
  9434 | D:9      | Noticed a death yak
  9435 | D:9      | 9435 ||| INVOKING Heroism.
  9451 | D:9      | Killed a death yak
  9452 | D:9      | Reached skill level 6 in Invocations
  9610 | D:9      | Found Zeikkug's Armour Boutique.
  9616 | D:9      | 9616 ||| BUYING +0 pair of boots (72 gold).
  9616 | D:9      | Bought a +0 pair of boots for 72 gold pieces
  9616 | D:9      | 9616 ||| SHOPLISTING +8 plate armour "Boak" {rElec Regen+}
                  | (1232 gold, have 85).
  9666 | D:9      | 9666 ||| DRINKING 4 potions of curing.
  9666 | D:9      | 9666 ||| (to cure confusion)
  9670 | D:9      | 9670 ||| DRINKING 3 potions of curing.
  9670 | D:9      | 9670 ||| (to cure confusion)
  9767 | D:9      | Found Imys's Armour Shop.
  9772 | D:9      | Found Buqiuff's Book Emporium.
  9776 | D:9      | 9776 ||| SHOPLISTING +1 pair of boots (138 gold, have 85).
  9776 | D:9      | 9776 ||| SHOPLISTING +1 plate armour "Zenwumm" {-Tele rElec
                  | rN+} (470 gold, have 85).
  9776 | D:9      | 9776 ||| SHOPLISTING +2 chain mail of cold resistance (258
                  | gold, have 85).
  9776 | D:9      | 9776 ||| SHOPLISTING +8 plate armour "Niwed" {-Tele rN+
                  | Int+4} (907 gold, have 85).
  9903 | D:9      | Found a broken altar of Ashenzari.
 10054 | D:9      | 10054 ||| PLANNING LAIR
 10054 | D:9      | 10054 ||| UPGRADING to +0 pair of boots.
 10059 | D:9      | 10059 ||| READING scroll labelled FEERETIU UCUITZ.
 10060 | D:9      | 10060 ||| READING scroll labelled FYNLEMY SUT UCH.
 10100 | Lair:1   | Entered Level 1 of the Lair of Beasts
 10169 | Lair:1   | 10169 ||| INVOKING Heroism.
 10176 | Lair:1   | Reached ***** piety under Okawaru
 10181 | Lair:1   | Reached skill level 9 in Armour
 10183 | Lair:1   | Reached XP level 12. HP: 70/76 MP: 15/17
 10283 | Lair:1   | Noticed a fire dragon
 10284 | Lair:1   | 10284 ||| INVOKING Heroism.
 10285 | Lair:1   | 10285 ||| INVOKING Finesse.
 10290 | Lair:1   | HP: 17/76 [fire dragon/blast of flame (29)]
 10291 | Lair:1   | 10291 ||| FLEEEEING.
 10292 | Lair:1   | 10292 ||| READING 2 scrolls of teleportation.
 10295 | Lair:1   | HP: 18/76 [fire dragon (1)]
 10298 | Lair:1   | Killed a fire dragon
 10339 | Lair:1   | 10339 ||| INVOKING Heroism.
 10529 | Lair:1   | 10529 ||| INVOKING Heroism.
 10768 | Lair:1   | 10768 ||| INVOKING Heroism.
 10785 | Lair:1   | Reached skill level 10 in Fighting
 11492 | Lair:2   | 11492 ||| INVOKING Heroism.
 11628 | Lair:2   | Found a staircase to the Snake Pit.
 11642 | Lair:2   | Noticed a four-headed hydra
 11643 | Lair:2   | 11643 ||| INVOKING Heroism.
 11644 | Lair:2   | 11644 ||| INVOKING Finesse.
 11648 | Lair:2   | 11648 ||| SWAPPING to -1 demon whip of venom.
 11657 | Lair:2   | Killed a four-headed hydra
 11658 | Lair:2   | Reached skill level 9 in Invocations
 11658 | Lair:2   | 11658 ||| SWAPPING to +1 heavy broad axe.
 11742 | Lair:2   | 11742 ||| INVOKING Heroism.
 12222 | Lair:3   | 12222 ||| INVOKING Heroism.
 12231 | Lair:3   | 12231 ||| Stepping ~*~*~tactically~*~*~ (stealth).
 12243 | Lair:3   | 12243 ||| Stepping ~*~*~tactically~*~*~ (hiding).
 12328 | Lair:3   | 12328 ||| Stepping ~*~*~tactically~*~*~ (stealth).
 12406 | Lair:3   | 12406 ||| INVOKING Heroism.
 12414 | Lair:3   | Received a gift from Okawaru
 12432 | Lair:3   | Noticed Urug
 12433 | Lair:3   | 12433 ||| Stepping ~*~*~tactically~*~*~ (stealth).
 12440 | Lair:3   | 12440 ||| Stepping ~*~*~tactically~*~*~ (stealth).
 12441 | Lair:3   | 12441 ||| INVOKING Finesse.
 12443 | Lair:3   | 12443 ||| Stepping ~*~*~tactically~*~*~ (hiding).
 12452 | Lair:3   | 12452 ||| INVOKING Heroism.
 12455 | Lair:3   | Killed Urug
 12461 | Lair:3   | Reached XP level 13. HP: 68/82 MP: 14/20
 12528 | Lair:3   | 12528 ||| INVOKING Heroism.
 12532 | Lair:3   | 12532 ||| INVOKING Finesse.
 12542 | Lair:3   | 12542 ||| SWAPPING to -1 demon whip of venom.
 12549 | Lair:3   | Reached skill level 3 in Throwing
 12549 | Lair:3   | 12549 ||| SWAPPING to +1 heavy broad axe.
 12578 | Lair:3   | Noticed Gastronok
 12588 | Lair:3   | Killed Gastronok
 12629 | Lair:3   | 12629 ||| READING scroll of enchant armour.
 12629 | Lair:3   | 12629 ||| ENCHANTING +0 pair of boots.
 12758 | Lair:3   | Found a staircase to the Swamp.
 13176 | Lair:3   | 13176 ||| UPGRADING to +2 hat.
 13181 | Lair:3   | 13181 ||| READING scroll labelled WUROSU FEC LAE.
 13231 | Lair:3   | 13231 ||| READING 13 scrolls of identify.
 13231 | Lair:3   | 13231 ||| IDENTIFYING glowing amethyst potion
 13257 | Lair:4   | 13257 ||| PLANNING GAUNTLET
 13272 | Lair:4   | 13272 ||| STAIRDANCE
 13454 | Lair:4   | 13454 ||| INVOKING Heroism.
 13456 | Lair:4   | 13456 ||| INVOKING Finesse.
 13459 | Lair:4   | 13459 ||| SWAPPING to -1 demon whip of venom.
 13466 | Lair:4   | 13466 ||| SWAPPING to +1 heavy broad axe.
 13603 | Lair:4   | Found a staircase to the Slime Pits.
 13629 | Lair:4   | 13629 ||| Stepping ~*~*~tactically~*~*~ (hiding).
 13632 | Lair:4   | 13632 ||| INVOKING Heroism.
 13687 | Lair:4   | Received a gift from Okawaru
 13693 | Lair:4   | 13693 ||| INVOKING Heroism.
 13822 | Lair:4   | 13822 ||| RIP GAUNTLET
 13827 | Lair:4   | 13827 ||| PLANNING LAIR
 13829 | Lair:4   | 13829 ||| INVOKING Heroism.
 13870 | Lair:4   | 13870 ||| INVOKING Heroism.
 13956 | Lair:4   | 13956 ||| Stepping ~*~*~tactically~*~*~ (stealth).
 13958 | Lair:4   | 13958 ||| Stepping ~*~*~tactically~*~*~ (stealth).
 13961 | Lair:4   | 13961 ||| INVOKING Heroism.
 13963 | Lair:4   | 13963 ||| Stepping ~*~*~tactically~*~*~ (stealth).
 14508 | Lair:4   | 14508 ||| UPGRADING to +2 pair of boots of rampaging.
 14518 | Lair:4   | 14518 ||| DROPPING +1 pair of boots.
 14519 | Lair:4   | 14519 ||| READING scroll labelled NUUWKU DORONO.
 14520 | Lair:4   | 14520 ||| READING 13 scrolls of identify.
 14520 | Lair:4   | 14520 ||| IDENTIFYING brown potion
 14568 | Lair:5   | Entered Level 5 of the Lair of Beasts
 14607 | Lair:5   | Reached skill level 11 in Fighting
 14626 | Lair:5   | 14626 ||| READING 3 scrolls of enchant armour.
 14626 | Lair:5   | 14626 ||| ENCHANTING +1 plate armour.
 14627 | Lair:5   | 14627 ||| READING 2 scrolls of enchant armour.
 14627 | Lair:5   | 14627 ||| ENCHANTING +2 plate armour.
 14628 | Lair:5   | 14628 ||| READING scroll of enchant armour.
 14628 | Lair:5   | 14628 ||| ENCHANTING +3 plate armour.
 14670 | Lair:5   | 14670 ||| Stepping ~*~*~tactically~*~*~ (stealth).
 14691 | Lair:5   | 14691 ||| INVOKING Heroism.
 14817 | Lair:5   | 14817 ||| Stepping ~*~*~tactically~*~*~ (stealth).
 14820 | Lair:5   | 14820 ||| Stepping ~*~*~tactically~*~*~ (stealth).
 14888 | Lair:5   | 14888 ||| Stepping ~*~*~tactically~*~*~ (stealth).
 14889 | Lair:5   | 14889 ||| Stepping ~*~*~tactically~*~*~ (stealth).
 14899 | Lair:5   | 14899 ||| Stepping ~*~*~tactically~*~*~ (stealth).
 14901 | Lair:5   | 14901 ||| Stepping ~*~*~tactically~*~*~ (stealth).
 15007 | Lair:5   | 15007 ||| Stepping ~*~*~tactically~*~*~ (stealth).
 15009 | Lair:5   | 15009 ||| Stepping ~*~*~tactically~*~*~ (stealth).
 15013 | Lair:5   | Received a gift from Okawaru
 15060 | Lair:5   | Gained mutation: Your large and strong wings let you fly.
                  | [Gargoyle growth]
 15060 | Lair:5   | Reached XP level 14. HP: 85/90 MP: 21/21
 15066 | Lair:5   | Reached skill level 15 in Axes
 15084 | Lair:5   | 15084 ||| Stepping ~*~*~tactically~*~*~ (stealth).
 15087 | Lair:5   | 15087 ||| Stepping ~*~*~tactically~*~*~ (stealth).
 15088 | Lair:5   | 15088 ||| Stepping ~*~*~tactically~*~*~ (stealth).
 15128 | Lair:5   | 15128 ||| Stepping ~*~*~tactically~*~*~ (hiding).
 15133 | Lair:5   | 15133 ||| INVOKING Heroism.
 15134 | Lair:5   | 15134 ||| INVOKING Finesse.
 15138 | Lair:5   | 15138 ||| SWAPPING to -1 demon whip of venom.
 15149 | Lair:5   | 15149 ||| SWAPPING to +1 heavy broad axe.
 15240 | Lair:5   | 15240 ||| INVOKING Heroism.
 15241 | Lair:5   | 15241 ||| INVOKING Finesse.
 15247 | Lair:5   | 15247 ||| SWAPPING to -1 demon whip of venom.
 15263 | Lair:5   | 15263 ||| SWAPPING to +1 heavy broad axe.
 15377 | Lair:5   | 15377 ||| Stepping ~*~*~tactically~*~*~ (stealth).
 15378 | Lair:5   | 15378 ||| Stepping ~*~*~tactically~*~*~ (stealth).
 15406 | Lair:5   | 15406 ||| Stepping ~*~*~tactically~*~*~ (stealth).
 15419 | Lair:5   | 15419 ||| INVOKING Heroism.
 15441 | Lair:5   | 15441 ||| Stepping ~*~*~tactically~*~*~ (hiding).
 15462 | Lair:5   | 15462 ||| Stepping ~*~*~tactically~*~*~ (stealth).
 15463 | Lair:5   | 15463 ||| Stepping ~*~*~tactically~*~*~ (stealth).
 15600 | Lair:5   | 15600 ||| READING scroll of enchant armour.
 15600 | Lair:5   | 15600 ||| ENCHANTING +4 plate armour.
 15642 | Lair:5   | 15642 ||| Stepping ~*~*~tactically~*~*~ (stealth).
 15643 | Lair:5   | 15643 ||| Stepping ~*~*~tactically~*~*~ (stealth).
 15663 | Lair:5   | 15663 ||| Stepping ~*~*~tactically~*~*~ (stealth).
 15672 | Lair:5   | 15672 ||| Stepping ~*~*~tactically~*~*~ (stealth).
 15678 | Lair:5   | 15678 ||| Stepping ~*~*~tactically~*~*~ (stealth).
 15679 | Lair:5   | 15679 ||| Stepping ~*~*~tactically~*~*~ (stealth).
 16028 | Lair:5   | 16028 ||| INVOKING Heroism.
 16114 | Lair:5   | 16114 ||| PLANNING D:1-11
 16114 | Lair:5   | 16114 ||| DROPPING +2 pair of boots of rampaging.
 16217 | D:10     | Entered Level 10 of the Dungeon
 16233 | D:10     | 16233 ||| FLEEEEING.
 16234 | D:10     | 16234 ||| FLEEEEING.
 16235 | D:10     | 16235 ||| FLEEEEING.
 16236 | D:10     | 16236 ||| Stepping ~*~*~tactically~*~*~ (hiding).
 16253 | D:10     | 16253 ||| FLEEEEING.
 16489 | D:10     | Found a glowing golden altar of the Shining One.
 16583 | D:10     | 16583 ||| UPGRADING to +0 kite shield.
 16593 | D:10     | 16593 ||| DROPPING +0 buckler.
 16594 | D:10     | 16594 ||| READING scroll labelled UHEASUAZAU.
 16594 | D:10     | Identified a scroll of acquirement
 16594 | D:10     | 16594 ||| ACQUIRING ring of Daisies {rCorr AC+4 Str+3}
 16594 | D:10     | Acquired the ring of Daisies {rCorr AC+4 Str+3}
 16596 | D:10     | 16596 ||| UPGRADING to ring of Daisies {rCorr AC+4 Str+3}.
 16598 | D:10     | 16598 ||| DROPPING ring of willpower.
 16599 | D:10     | 16599 ||| UPGRADING to +5 ring of evasion.
 16624 | D:11     | Noticed Nergalle
 16631 | D:11     | 16631 ||| INVOKING Heroism.
 16634 | D:11     | Killed Nergalle
 16641 | D:11     | Received a gift from Okawaru
 16643 | D:11     | 16643 ||| Stepping ~*~*~tactically~*~*~ (hiding).
 16680 | D:11     | 16680 ||| Stepping ~*~*~tactically~*~*~ (stealth).
 16718 | D:11     | Reached skill level 9 in Shields
 16945 | D:11     | Noticed Lodul
 16954 | D:11     | Noticed Sonja
 16955 | D:11     | 16955 ||| INVOKING Finesse.
 16960 | D:11     | Killed Lodul
 16960 | D:11     | Received a gift from Okawaru
 16965 | D:11     | 16965 ||| INVOKING Heroism.
 16969 | D:11     | Killed Sonja
 17211 | D:11     | 17211 ||| INVOKING Heroism.
 17212 | D:11     | 17212 ||| INVOKING Finesse.
 17215 | D:11     | 17215 ||| SWAPPING to -1 demon whip of venom.
 17222 | D:11     | 17222 ||| SWAPPING to +1 heavy broad axe.
 17241 | D:11     | 17241 ||| INVOKING Heroism.
 17325 | D:11     | Identified the +0 plate armour "Begal" {rElec rC+++ Int+3
                  | Dex-5}
 17562 | D:11     | Found an ancient bone altar of Kikubaaqudgha.
 17697 | D:11     | 17697 ||| PLANNING D
 17745 | D:12     | Identified the +8 chain mail "Fyj Yjid" {+Blink Str+3
                  | Int+6}
 17782 | D:12     | 17782 ||| READING scroll of enchant weapon.
 17782 | D:12     | 17782 ||| ENCHANTING +1 heavy broad axe.
 17852 | D:12     | Noticed Josephine
 17858 | D:12     | Killed Josephine
 17878 | D:12     | 17878 ||| READING 2 scrolls of brand weapon.
 17878 | D:12     | 17878 ||| BRANDING +2 heavy broad axe.
 17879 | D:12     | 17879 ||| READING scroll of brand weapon.
 17879 | D:12     | 17879 ||| BRANDING +2 broad axe of venom.
 17987 | D:12     | 17987 ||| READING scroll of enchant weapon.
 17987 | D:12     | 17987 ||| ENCHANTING +2 vampiric broad axe.
 18022 | D:12     | 18022 ||| Stepping ~*~*~tactically~*~*~ (stealth).
 18030 | D:12     | 18030 ||| Stepping ~*~*~tactically~*~*~ (stealth).
 18056 | D:12     | Reached skill level 12 in Shields
 18056 | D:12     | Reached XP level 15. HP: 88/96 MP: 22/22
 18193 | D:12     | Reached skill level 12 in Fighting
 18318 | D:12     | 18318 ||| READING scroll of enchant armour.
 18318 | D:12     | 18318 ||| ENCHANTING +5 plate armour.
 18532 | D:12     | 18532 ||| DROPPING +8 chain mail "Fyj Yjid" {+Blink Str+3
                  | Int+6}.
 18533 | D:12     | 18533 ||| DROPPING ring of magical power.
 18570 | D:13     | 18570 ||| INVOKING Heroism.
 18636 | D:13     | 18636 ||| INVOKING Heroism.
 18639 | D:13     | Reached skill level 3 in Dodging
 18696 | D:13     | 18696 ||| Stepping ~*~*~tactically~*~*~ (hiding).
 18698 | D:13     | 18698 ||| Stepping ~*~*~tactically~*~*~ (hiding).
 18869 | D:13     | 18869 ||| Stepping ~*~*~tactically~*~*~ (stealth).
 18962 | D:13     | Identified the +7 dagger "Uppigi Duch" {flame, Int+2}
 18989 | D:13     | Found a radiant altar of Vehumet.
 18990 | D:13     | 18990 ||| Stepping ~*~*~tactically~*~*~ (hiding).
 19000 | D:13     | Received a gift from Okawaru
 19143 | D:13     | Identified the +5 rapier of Guek {heavy, rElec rF+ SInv}
 19459 | D:13     | 19459 ||| Stepping ~*~*~tactically~*~*~ (hiding).
 19487 | D:13     | Identified the scarf "Ycaciclo" {+Inv, Regen+} (Okawaru
                  | gifted it to you on level 13 of the Dungeon)
 19487 | D:13     | Received a gift from Okawaru
 19607 | D:13     | 19607 ||| Stepping ~*~*~tactically~*~*~ (hiding).
 19608 | D:13     | 19608 ||| Stepping ~*~*~tactically~*~*~ (hiding).
 19791 | D:13     | 19791 ||| DROPPING scarf "Ycaciclo" {+Inv, Regen+}.
 19792 | D:13     | 19792 ||| READING scroll labelled RISULY XUULUIG.
 19953 | D:14     | 19953 ||| Stepping ~*~*~tactically~*~*~ (hiding).
 20054 | D:14     | Found a gate to the Vaults.
 20094 | D:14     | 20094 ||| Stepping ~*~*~tactically~*~*~ (stealth).
 20099 | D:14     | 20099 ||| Stepping ~*~*~tactically~*~*~ (stealth).
 20157 | D:14     | 20157 ||| INVOKING Heroism.
 20158 | D:14     | 20158 ||| INVOKING Finesse.
 20160 | D:14     | 20160 ||| SWAPPING to -1 demon whip of venom.
 20168 | D:14     | 20168 ||| SWAPPING to +3 vampiric broad axe.
 20212 | D:14     | Found Uhugg's Antique Weapon Emporium.
 20358 | D:14     | 20358 ||| Stepping ~*~*~tactically~*~*~ (hiding).
 20359 | D:14     | 20359 ||| Stepping ~*~*~tactically~*~*~ (hiding).
 20361 | D:14     | 20361 ||| Stepping ~*~*~tactically~*~*~ (hiding).
 20362 | D:14     | 20362 ||| Stepping ~*~*~tactically~*~*~ (hiding).
 20363 | D:14     | 20363 ||| Stepping ~*~*~tactically~*~*~ (hiding).
 20481 | D:14     | Found Asigoapt's Weapon Shoppe.
 20503 | D:14     | Found Sajacwiepi's General Store.
 20510 | D:14     | 20510 ||| BUYING amulet of regeneration (420 gold).
 20510 | D:14     | Bought an amulet of regeneration for 420 gold pieces
 20510 | D:14     | 20510 ||| BUYING potion of attraction (42 gold).
 20510 | D:14     | Bought a potion of attraction for 42 gold pieces
 20510 | D:14     | 20510 ||| BUYING potion of haste (140 gold).
 20510 | D:14     | Bought a potion of haste for 140 gold pieces
 20510 | D:14     | 20510 ||| BUYING scroll of teleportation (42 gold).
 20510 | D:14     | Bought a scroll of teleportation for 42 gold pieces
 20648 | D:14     | 20648 ||| Stepping ~*~*~tactically~*~*~ (stealth).
 21264 | D:15     | Entered Level 15 of the Dungeon
 21271 | D:15     | 21271 ||| INVOKING Heroism.
 21272 | D:15     | 21272 ||| INVOKING Finesse.
 21352 | D:15     | 21352 ||| INVOKING Heroism.
 21449 | D:15     | 21449 ||| Stepping ~*~*~tactically~*~*~ (hiding).
 21480 | D:15     | Found a staircase to the Depths.
 21482 | D:15     | 21482 ||| INVOKING Heroism.
 21591 | D:15     | 21591 ||| Stepping ~*~*~tactically~*~*~ (hiding).
 21614 | D:15     | Found a shadowy altar of Dithmenos.
 21626 | D:15     | 21626 ||| INVOKING Heroism.
 21628 | D:15     | Reached skill level 12 in Armour
 21633 | D:15     | Paralysed by an ogre mage for 2 turns
 21789 | D:15     | 21789 ||| PLANNING ORC
 21889 | Orc:1    | Entered Level 1 of the Orcish Mines
 21892 | Orc:1    | 21892 ||| Stepping ~*~*~tactically~*~*~ (hiding).
 22031 | Orc:2    | Entered Level 2 of the Orcish Mines
 22043 | Orc:2    | 22043 ||| INVOKING Heroism.
 22291 | Orc:2    | Found Kitistaf's Book Emporium.
 22298 | Orc:2    | Found a staircase to the Elven Halls.
 22407 | Orc:2    | Found Woemmyps's Magic Scroll Shoppe.
 22410 | Orc:1    | Noticed an orc warlord
 22411 | Orc:1    | 22411 ||| INVOKING Heroism.
 22412 | Orc:1    | 22412 ||| INVOKING Finesse.
 22443 | Orc:1    | Killed an orc warlord
 22537 | Orc:2    | 22537 ||| BUYING scroll of enchant weapon (82 gold).
 22537 | Orc:2    | Bought a scroll of enchant weapon for 82 gold pieces
 22537 | Orc:2    | 22537 ||| BUYING scroll of teleportation (33 gold).
 22537 | Orc:2    | Bought a scroll of teleportation for 33 gold pieces
 22537 | Orc:2    | 22537 ||| READING scroll of enchant weapon.
 22537 | Orc:2    | 22537 ||| ENCHANTING +3 vampiric broad axe.
 22542 | Orc:2    | 22542 ||| INVOKING Heroism.
 22552 | Orc:2    | Reached XP level 16. HP: 101/101 MP: 21/23
 22561 | Orc:2    | 22561 ||| INVOKING Heroism.
 22579 | Orc:2    | Found Sidyuj's Antique Armour Emporium.
 22605 | Orc:2    | 22605 ||| INVOKING Heroism.
 22745 | Orc:2    | Found Qiedo's General Store.
 22753 | Orc:2    | 22753 ||| BUYING scroll of teleportation (30 gold).
 22753 | Orc:2    | Bought a scroll of teleportation for 30 gold pieces
 22777 | Orc:2    | Found Urureh Pivi's Weapon Shop.
 22787 | Orc:2    | 22787 ||| INVOKING Heroism.
 22788 | Orc:2    | 22788 ||| INVOKING Finesse.
 22789 | Orc:2    | Found Quviocka's Antique Weapon Shoppe.
 23058 | Orc:2    | 23058 ||| PLANNING SWAMP:1-3
 23166 | Swamp:1  | Entered Level 1 of the Swamp
 23174 | Swamp:1  | 23174 ||| INVOKING Heroism.
 23180 | Swamp:1  | Identified the +0 hat "Woyf" {rCorr} (Okawaru gifted it to
                  | you on level 1 of the Swamp)
 23180 | Swamp:1  | Received a gift from Okawaru
 23191 | Swamp:1  | Reached skill level 13 in Fighting
 23213 | Swamp:1  | 23213 ||| Stepping ~*~*~tactically~*~*~ (hiding).
 23214 | Swamp:1  | 23214 ||| Stepping ~*~*~tactically~*~*~ (hiding).
 23216 | Swamp:1  | 23216 ||| Stepping ~*~*~tactically~*~*~ (hiding).
 23246 | Swamp:1  | Identified the +2 ring mail "Loidoitt" {rC+ Int+2}
 23357 | Swamp:1  | 23357 ||| INVOKING Heroism.
 23531 | Swamp:1  | 23531 ||| Stepping ~*~*~tactically~*~*~ (hiding).
 23544 | Swamp:1  | 23544 ||| INVOKING Heroism.
 23561 | Swamp:1  | 23561 ||| Stepping ~*~*~tactically~*~*~ (cloud).
 23579 | Swamp:1  | 23579 ||| Stepping ~*~*~tactically~*~*~ (stealth).
 23580 | Swamp:1  | 23580 ||| Stepping ~*~*~tactically~*~*~ (stealth).
 23842 | Swamp:1  | 23842 ||| DROPPING ring of see invisible.
 23894 | Swamp:2  | 23894 ||| INVOKING Heroism.
 23969 | Swamp:2  | 23969 ||| INVOKING Heroism.
 24065 | Swamp:2  | 24065 ||| INVOKING Heroism.
 24241 | Swamp:2  | 24241 ||| INVOKING Heroism.
 24317 | Swamp:2  | 24317 ||| INVOKING Heroism.
 24475 | Swamp:2  | 24475 ||| Stepping ~*~*~tactically~*~*~ (stealth).
 24539 | Swamp:2  | 24539 ||| Stepping ~*~*~tactically~*~*~ (stealth).
 24541 | Swamp:2  | 24541 ||| INVOKING Heroism.
 24550 | Swamp:2  | Reached skill level 18 in Axes
 24556 | Swamp:2  | 24556 ||| Stepping ~*~*~tactically~*~*~ (hiding).
 24857 | Swamp:2  | 24857 ||| READING scroll of enchant armour.
 24857 | Swamp:2  | 24857 ||| ENCHANTING +6 plate armour.
 24935 | Swamp:3  | 24935 ||| Stepping ~*~*~tactically~*~*~ (hiding).
 24962 | Swamp:3  | 24962 ||| Stepping ~*~*~tactically~*~*~ (stealth).
 25110 | Swamp:3  | 25110 ||| INVOKING Heroism.
 25224 | Swamp:3  | Received a gift from Okawaru
 25260 | Swamp:3  | 25260 ||| INVOKING Heroism.
 25287 | Swamp:3  | Reached skill level 14 in Fighting
 25294 | Swamp:3  | 25294 ||| Stepping ~*~*~tactically~*~*~ (stealth).
 25497 | Swamp:3  | 25497 ||| Stepping ~*~*~tactically~*~*~ (hiding).
 25690 | Swamp:3  | 25690 ||| PLANNING SNAKE:1-3
 25820 | Snake:1  | Entered Level 1 of the Snake Pit
 25839 | Snake:1  | Reached XP level 17. HP: 101/111 MP: 24/24
 25860 | Snake:1  | 25860 ||| READING scroll of enchant weapon.
 25860 | Snake:1  | 25860 ||| ENCHANTING +4 vampiric broad axe.
 25901 | Snake:1  | 25901 ||| Stepping ~*~*~tactically~*~*~ (stealth).
 25966 | Snake:1  | 25966 ||| Stepping ~*~*~tactically~*~*~ (stealth).
 26073 | Snake:1  | 26073 ||| Stepping ~*~*~tactically~*~*~ (hiding).
 26076 | Snake:1  | 26076 ||| Stepping ~*~*~tactically~*~*~ (hiding).
 26186 | Snake:1  | 26186 ||| Stepping ~*~*~tactically~*~*~ (stealth).
 26188 | Snake:1  | 26188 ||| Stepping ~*~*~tactically~*~*~ (hiding).
 26193 | Snake:1  | 26193 ||| Stepping ~*~*~tactically~*~*~ (stealth).
 26194 | Snake:1  | 26194 ||| INVOKING Heroism.
 26197 | Snake:1  | 26197 ||| Stepping ~*~*~tactically~*~*~ (hiding).
 26211 | Snake:1  | 26211 ||| INVOKING Heroism.
 26224 | Snake:1  | 26224 ||| READING scroll of enchant weapon.
 26224 | Snake:1  | 26224 ||| ENCHANTING +5 vampiric broad axe.
 26270 | Snake:1  | 26270 ||| Stepping ~*~*~tactically~*~*~ (hiding).
 26272 | Snake:1  | 26272 ||| Stepping ~*~*~tactically~*~*~ (hiding).
 26302 | Snake:1  | 26302 ||| Stepping ~*~*~tactically~*~*~ (hiding).
 26314 | Snake:1  | Received a gift from Okawaru
 26324 | Snake:1  | Noticed Donald
 26325 | Snake:1  | 26325 ||| INVOKING Heroism.
 26326 | Snake:1  | 26326 ||| INVOKING Finesse.
 26367 | Snake:1  | Killed Donald
 26368 | Snake:1  | 26368 ||| Stepping ~*~*~tactically~*~*~ (hiding).
 26371 | Snake:1  | 26371 ||| Stepping ~*~*~tactically~*~*~ (hiding).
 26372 | Snake:1  | 26372 ||| Stepping ~*~*~tactically~*~*~ (hiding).
 26373 | Snake:1  | 26373 ||| Stepping ~*~*~tactically~*~*~ (hiding).
 26441 | Snake:1  | Noticed Asterion
 26442 | Snake:1  | 26442 ||| Stepping ~*~*~tactically~*~*~ (stealth).
 26443 | Snake:1  | 26443 ||| Stepping ~*~*~tactically~*~*~ (stealth).
 26447 | Snake:1  | 26447 ||| INVOKING Heroism.
 26448 | Snake:1  | 26448 ||| INVOKING Finesse.
 26455 | Snake:1  | Killed Asterion
 26461 | Snake:1  | 26461 ||| Stepping ~*~*~tactically~*~*~ (hiding).
 26491 | Snake:1  | 26491 ||| DROPPING -1 demon whip of venom.
 26551 | Snake:1  | 26551 ||| Stepping ~*~*~tactically~*~*~ (hiding).
 26552 | Snake:1  | 26552 ||| Stepping ~*~*~tactically~*~*~ (hiding).
 26555 | Snake:1  | 26555 ||| INVOKING Heroism.
 26561 | Snake:1  | 26561 ||| Stepping ~*~*~tactically~*~*~ (hiding).
 26563 | Snake:1  | 26563 ||| Stepping ~*~*~tactically~*~*~ (hiding).
 26573 | Snake:1  | 26573 ||| Stepping ~*~*~tactically~*~*~ (stealth).
 26583 | Snake:1  | 26583 ||| Stepping ~*~*~tactically~*~*~ (stealth).
 26584 | Snake:1  | 26584 ||| Stepping ~*~*~tactically~*~*~ (stealth).
 26587 | Snake:1  | 26587 ||| Stepping ~*~*~tactically~*~*~ (stealth).
 26621 | Snake:1  | 26621 ||| Stepping ~*~*~tactically~*~*~ (hiding).
 26624 | Snake:1  | 26624 ||| Stepping ~*~*~tactically~*~*~ (hiding).
 26628 | Snake:1  | 26628 ||| Stepping ~*~*~tactically~*~*~ (hiding).
 26631 | Snake:1  | 26631 ||| INVOKING Heroism.
 26651 | Snake:1  | 26651 ||| Stepping ~*~*~tactically~*~*~ (hiding).
 26677 | Snake:1  | Reached skill level 15 in Fighting
 26679 | Snake:1  | Noticed Aizul
 26680 | Snake:1  | 26680 ||| INVOKING Heroism.
 26681 | Snake:1  | 26681 ||| INVOKING Finesse.
 26693 | Snake:1  | Killed Aizul
 26758 | Snake:1  | 26758 ||| Stepping ~*~*~tactically~*~*~ (hiding).
 26762 | Snake:1  | 26762 ||| Stepping ~*~*~tactically~*~*~ (hiding).
 26825 | Snake:1  | 26825 ||| Stepping ~*~*~tactically~*~*~ (hiding).
 26827 | Snake:1  | 26827 ||| Stepping ~*~*~tactically~*~*~ (hiding).
 26831 | Snake:1  | 26831 ||| INVOKING Heroism.
 26926 | Snake:1  | 26926 ||| Stepping ~*~*~tactically~*~*~ (hiding).
 27109 | Snake:1  | 27109 ||| UPGRADING to +2 tower shield of poison
                  | resistance.
 27119 | Snake:1  | 27119 ||| DROPPING +0 kite shield.
 27120 | Snake:1  | 27120 ||| DROPPING +0 pair of boots of rampaging.
 27121 | Snake:1  | 27121 ||| DROPPING ring of ice.
 27142 | Snake:2  | Noticed Louise
 27167 | Snake:2  | Killed Louise
 27212 | Snake:2  | 27212 ||| INVOKING Heroism.
 27243 | Snake:2  | 27243 ||| Stepping ~*~*~tactically~*~*~ (stealth).
 27245 | Snake:2  | 27245 ||| Stepping ~*~*~tactically~*~*~ (hiding).
 27247 | Snake:2  | 27247 ||| Stepping ~*~*~tactically~*~*~ (hiding).
 27328 | Snake:2  | 27328 ||| Stepping ~*~*~tactically~*~*~ (hiding).
 27330 | Snake:2  | 27330 ||| Stepping ~*~*~tactically~*~*~ (hiding).
 27341 | Snake:2  | 27341 ||| Stepping ~*~*~tactically~*~*~ (stealth).
 27343 | Snake:2  | 27343 ||| Stepping ~*~*~tactically~*~*~ (hiding).
 27345 | Snake:2  | 27345 ||| Stepping ~*~*~tactically~*~*~ (hiding).
 27352 | Snake:2  | 27352 ||| INVOKING Heroism.
 27358 | Snake:2  | 27358 ||| Stepping ~*~*~tactically~*~*~ (hiding).
 27361 | Snake:2  | 27361 ||| Stepping ~*~*~tactically~*~*~ (hiding).
 27402 | Snake:2  | Noticed Azrael
 27407 | Snake:2  | 27407 ||| INVOKING Heroism.
 27416 | Snake:2  | Killed Azrael
 27494 | Snake:2  | Noticed Agnes
 27495 | Snake:2  | 27495 ||| INVOKING Heroism.
 27496 | Snake:2  | 27496 ||| INVOKING Finesse.
 27506 | Snake:2  | Reached skill level 15 in Shields
 27522 | Snake:2  | Killed Agnes
 27522 | Snake:2  | Received a gift from Okawaru
 27812 | Snake:2  | 27812 ||| Stepping ~*~*~tactically~*~*~ (stealth).
 27813 | Snake:2  | 27813 ||| Stepping ~*~*~tactically~*~*~ (stealth).
 27976 | Snake:3  | 27976 ||| STAIRDANCE
 28047 | Snake:3  | 28047 ||| Stepping ~*~*~tactically~*~*~ (hiding).
 28048 | Snake:3  | 28048 ||| Stepping ~*~*~tactically~*~*~ (hiding).
 28050 | Snake:3  | 28050 ||| Stepping ~*~*~tactically~*~*~ (hiding).
 28051 | Snake:3  | 28051 ||| Stepping ~*~*~tactically~*~*~ (hiding).
 28112 | Snake:3  | Received a gift from Okawaru
 28180 | Snake:3  | 28180 ||| Stepping ~*~*~tactically~*~*~ (stealth).
 28194 | Snake:3  | 28194 ||| Stepping ~*~*~tactically~*~*~ (hiding).
 28210 | Snake:3  | 28210 ||| INVOKING Heroism.
 28293 | Snake:3  | 28293 ||| INVOKING Heroism.
 28302 | Snake:3  | 28302 ||| Stepping ~*~*~tactically~*~*~ (hiding).
 28332 | Snake:3  | 28332 ||| Stepping ~*~*~tactically~*~*~ (hiding).
 28393 | Snake:3  | 28393 ||| Stepping ~*~*~tactically~*~*~ (stealth).
 28425 | Snake:3  | Received a gift from Okawaru
 28431 | Snake:3  | Reached XP level 18. HP: 119/119 MP: 25/25
 28463 | Snake:3  | 28463 ||| DROPPING +2 spectral demon whip.
 28562 | Snake:3  | 28562 ||| Stepping ~*~*~tactically~*~*~ (hiding).
 28563 | Snake:3  | 28563 ||| Stepping ~*~*~tactically~*~*~ (hiding).
 28716 | Snake:3  | 28716 ||| PLANNING SWAMP:4
 28716 | Snake:3  | 28716 ||| UPGRADING to +2 tower shield of protection.
 28726 | Snake:3  | 28726 ||| DROPPING +2 tower shield of poison resistance.
 28887 | Swamp:4  | Entered Level 4 of the Swamp
 28900 | Swamp:4  | Received a gift from Okawaru
 28910 | Swamp:4  | Reached ****** piety under Okawaru
 29093 | Swamp:4  | 29093 ||| INVOKING Heroism.
 29122 | Swamp:4  | Reached skill level 6 in Throwing
 29158 | Swamp:4  | 29158 ||| Stepping ~*~*~tactically~*~*~ (stealth).
 29160 | Swamp:4  | 29160 ||| INVOKING Heroism.
 29206 | Swamp:4  | 29206 ||| INVOKING Heroism.
 29214 | Swamp:4  | Received a gift from Okawaru
 29261 | Swamp:4  | 29261 ||| Stepping ~*~*~tactically~*~*~ (hiding).
 29275 | Swamp:4  | Received a gift from Okawaru
 29305 | Swamp:4  | 29305 ||| Stepping ~*~*~tactically~*~*~ (hiding).
 29352 | Swamp:4  | 29352 ||| INVOKING Heroism.
 29388 | Swamp:4  | 29388 ||| Stepping ~*~*~tactically~*~*~ (stealth).
 29396 | Swamp:4  | 29396 ||| Stepping ~*~*~tactically~*~*~ (stealth).
 29399 | Swamp:4  | 29399 ||| Stepping ~*~*~tactically~*~*~ (hiding).
 29400 | Swamp:4  | 29400 ||| Stepping ~*~*~tactically~*~*~ (hiding).
 29408 | Swamp:4  | Reached skill level 18 in Shields
 29510 | Swamp:4  | Noticed the 27-headed Lernaean hydra
 29511 | Swamp:4  | 29511 ||| INVOKING Heroism.
 29525 | Swamp:4  | Killed the 27-headed Lernaean hydra
 29525 | Swamp:4  | Identified the +0 war axe "Jehauppe" {freeze, Str+3}
                  | (Okawaru gifted it to you on level 4 of the Swamp)
 29525 | Swamp:4  | Received a gift from Okawaru
 29571 | Swamp:4  | 29571 ||| INVOKING Heroism.
 29586 | Swamp:4  | Got a decaying rune of Zot
 29608 | Swamp:4  | 29608 ||| Stepping ~*~*~tactically~*~*~ (stealth).
 29609 | Swamp:4  | 29609 ||| INVOKING Heroism.
 29720 | Swamp:4  | 29720 ||| PLANNING VAULTS:1-4
 29720 | Swamp:4  | 29720 ||| DROPPING +6 ring of intelligence.
 29721 | Swamp:4  | 29721 ||| DROPPING ring of wizardry.
 29922 | Vaults:1 | Entered Level 1 of the Vaults
 29923 | Vaults:1 | 29923 ||| INVOKING Heroism.
 29924 | Vaults:1 | 29924 ||| INVOKING Finesse.
 29990 | Vaults:1 | 29990 ||| INVOKING Heroism.
 30002 | Vaults:1 | 30002 ||| FLEEEEING.
 30003 | Vaults:1 | 30003 ||| FLEEEEING.
 30004 | Vaults:1 | 30004 ||| FLEEEEING.
 30006 | Vaults:1 | 30006 ||| FLEEEEING.
 30007 | Vaults:1 | 30007 ||| STAIRDANCE
 30042 | D:14     | 30042 ||| FLEEEEING.
 30043 | D:14     | 30043 ||| FLEEEEING.
 30044 | D:14     | 30044 ||| FLEEEEING.
 30045 | D:14     | 30045 ||| FLEEEEING.
 30046 | D:14     | 30046 ||| FLEEEEING.
 30047 | D:14     | 30047 ||| FLEEEEING.
 30048 | D:14     | 30048 ||| FLEEEEING.
 30049 | D:14     | 30049 ||| FLEEEEING.
 30050 | D:14     | 30050 ||| FLEEEEING.
 30051 | D:14     | 30051 ||| FLEEEEING.
 30052 | D:14     | 30052 ||| FLEEEEING.
 30053 | D:14     | 30053 ||| FLEEEEING.
 30055 | D:14     | 30055 ||| FLEEEEING.
 30056 | D:14     | 30056 ||| STAIRDANCE
 30182 | Vaults:1 | 30182 ||| STAIRDANCE
 30343 | Vaults:1 | 30343 ||| INVOKING Heroism.
 30344 | Vaults:1 | 30344 ||| INVOKING Finesse.
 30353 | Vaults:1 | Identified the +1 sling of Lesemm {flame, rElec} (Okawaru
                  | gifted it to you on level 1 of the Vaults)
 30353 | Vaults:1 | Received a gift from Okawaru
 30419 | Vaults:1 | 30419 ||| INVOKING Heroism.
 30420 | Vaults:1 | 30420 ||| INVOKING Finesse.
 30561 | Vaults:1 | 30561 ||| INVOKING Heroism.
 30562 | Vaults:1 | 30562 ||| INVOKING Finesse.
 30642 | Vaults:1 | 30642 ||| Stepping ~*~*~tactically~*~*~ (hiding).
 30865 | Vaults:1 | Identified the +5 scale mail "Uvailluch" {rF+ Regen+ MP-9
                  | Str+6 Dex-3}
 30875 | Vaults:1 | 30875 ||| FLEEEEING.
 30876 | Vaults:1 | 30876 ||| FLEEEEING.
 30877 | Vaults:1 | 30877 ||| FLEEEEING.
 30878 | Vaults:1 | 30878 ||| FLEEEEING.
 30879 | Vaults:1 | 30879 ||| FLEEEEING.
 30880 | Vaults:1 | 30880 ||| FLEEEEING.
 30881 | Vaults:1 | 30881 ||| FLEEEEING.
 30882 | Vaults:1 | 30882 ||| FLEEEEING.
 30883 | Vaults:1 | 30883 ||| FLEEEEING.
 30884 | Vaults:1 | 30884 ||| FLEEEEING.
 30885 | Vaults:1 | 30885 ||| FLEEEEING.
 30886 | Vaults:1 | 30886 ||| FLEEEEING.
 30887 | Vaults:1 | 30887 ||| FLEEEEING.
 30888 | Vaults:1 | 30888 ||| FLEEEEING.
 30889 | Vaults:1 | 30889 ||| FLEEEEING.
 30890 | Vaults:1 | 30890 ||| FLEEEEING.
 30891 | Vaults:1 | 30891 ||| FLEEEEING.
 30892 | Vaults:1 | 30892 ||| FLEEEEING.
 30898 | Vaults:1 | 30898 ||| FLEEEEING.
 30899 | Vaults:1 | 30899 ||| FLEEEEING.
 30900 | Vaults:1 | 30900 ||| FLEEEEING.
 30901 | Vaults:1 | 30901 ||| FLEEEEING.
 30902 | Vaults:1 | 30902 ||| FLEEEEING.
 30903 | Vaults:1 | 30903 ||| FLEEEEING.
 30904 | Vaults:1 | 30904 ||| FLEEEEING.
 30905 | Vaults:1 | 30905 ||| FLEEEEING.
 30906 | Vaults:1 | 30906 ||| FLEEEEING.
 30907 | Vaults:1 | 30907 ||| FLEEEEING.
 30908 | Vaults:1 | 30908 ||| FLEEEEING.
 30909 | Vaults:1 | 30909 ||| FLEEEEING.
 30910 | Vaults:1 | 30910 ||| FLEEEEING.
 30914 | Vaults:1 | 30914 ||| STAIRDANCE
 31063 | Vaults:1 | 31063 ||| FLEEEEING.
 31068 | Vaults:1 | 31068 ||| STAIRDANCE
 31337 | Vaults:1 | 31337 ||| FLEEEEING.
 31338 | Vaults:1 | 31338 ||| FLEEEEING.
 31339 | Vaults:1 | 31339 ||| FLEEEEING.
 31340 | Vaults:1 | 31340 ||| FLEEEEING.
 31341 | Vaults:1 | 31341 ||| FLEEEEING.
 31342 | Vaults:1 | 31342 ||| FLEEEEING.
 31343 | Vaults:1 | 31343 ||| FLEEEEING.
 31344 | Vaults:1 | 31344 ||| FLEEEEING.
 31345 | Vaults:1 | 31345 ||| FLEEEEING.
 31346 | Vaults:1 | 31346 ||| FLEEEEING.
 31347 | Vaults:1 | 31347 ||| FLEEEEING.
 31348 | Vaults:1 | 31348 ||| FLEEEEING.
 31349 | Vaults:1 | 31349 ||| FLEEEEING.
 31350 | Vaults:1 | 31350 ||| FLEEEEING.
 31351 | Vaults:1 | 31351 ||| FLEEEEING.
 31352 | Vaults:1 | 31352 ||| FLEEEEING.
 31353 | Vaults:1 | 31353 ||| FLEEEEING.
 31354 | Vaults:1 | 31354 ||| FLEEEEING.
 31355 | Vaults:1 | 31355 ||| FLEEEEING.
 31356 | Vaults:1 | 31356 ||| FLEEEEING.
 31357 | Vaults:1 | 31357 ||| FLEEEEING.
 31358 | Vaults:1 | 31358 ||| FLEEEEING.
 31359 | Vaults:1 | 31359 ||| FLEEEEING.
 31360 | Vaults:1 | 31360 ||| FLEEEEING.
 31361 | Vaults:1 | 31361 ||| FLEEEEING.
 31362 | Vaults:1 | 31362 ||| FLEEEEING.
 31363 | Vaults:1 | 31363 ||| FLEEEEING.
 31369 | Vaults:1 | 31369 ||| FLEEEEING.
 31370 | Vaults:1 | 31370 ||| FLEEEEING.
 31371 | Vaults:1 | 31371 ||| FLEEEEING.
 31372 | Vaults:1 | 31372 ||| FLEEEEING.
 31373 | Vaults:1 | 31373 ||| FLEEEEING.
 31374 | Vaults:1 | 31374 ||| FLEEEEING.
 31375 | Vaults:1 | 31375 ||| FLEEEEING.
 31376 | Vaults:1 | 31376 ||| FLEEEEING.
 31377 | Vaults:1 | 31377 ||| FLEEEEING.
 31378 | Vaults:1 | 31378 ||| FLEEEEING.
 31379 | Vaults:1 | 31379 ||| FLEEEEING.
 31380 | Vaults:1 | 31380 ||| FLEEEEING.
 31381 | Vaults:1 | 31381 ||| FLEEEEING.
 31385 | Vaults:1 | 31385 ||| STAIRDANCE
 31550 | Vaults:1 | Received a gift from Okawaru
 31555 | Vaults:1 | Reached XP level 19. HP: 124/124 MP: 26/26
 31561 | Vaults:1 | 31561 ||| Stepping ~*~*~tactically~*~*~ (hiding).
 31562 | Vaults:1 | 31562 ||| Stepping ~*~*~tactically~*~*~ (hiding).
 31563 | Vaults:1 | 31563 ||| Stepping ~*~*~tactically~*~*~ (hiding).
 31595 | Vaults:1 | 31595 ||| Stepping ~*~*~tactically~*~*~ (hiding).
 31596 | Vaults:1 | 31596 ||| Stepping ~*~*~tactically~*~*~ (hiding).
 31597 | Vaults:1 | 31597 ||| Stepping ~*~*~tactically~*~*~ (hiding).
 31599 | Vaults:1 | 31599 ||| Stepping ~*~*~tactically~*~*~ (hiding).
 31692 | Vaults:1 | 31692 ||| Stepping ~*~*~tactically~*~*~ (hiding).
 31694 | Vaults:1 | 31694 ||| Stepping ~*~*~tactically~*~*~ (hiding).
 31823 | Vaults:1 | Received a gift from Okawaru
 31874 | Vaults:1 | 31874 ||| INVOKING Heroism.
 31890 | Vaults:1 | Identified the +1 robe "Ehirherchu" {Str+3 Archmagi}
                  | (Okawaru gifted it to you on level 1 of the Vaults)
 31890 | Vaults:1 | Received a gift from Okawaru
 31960 | Vaults:1 | 31960 ||| Stepping ~*~*~tactically~*~*~ (stealth).
 31961 | Vaults:1 | 31961 ||| Stepping ~*~*~tactically~*~*~ (stealth).
 31971 | Vaults:1 | Reached skill level 16 in Fighting
 31995 | Vaults:1 | Identified the +8 great sword of Yntemmek {drain, +Blink}
 32075 | Vaults:2 | Noticed Sojobo
 32076 | Vaults:2 | 32076 ||| Stepping ~*~*~tactically~*~*~ (hiding).
 32079 | Vaults:2 | 32079 ||| INVOKING Heroism.
 32080 | Vaults:2 | 32080 ||| INVOKING Finesse.
 32100 | Vaults:2 | Killed Sojobo
 32111 | Vaults:2 | 32111 ||| INVOKING Heroism.
 32225 | Vaults:2 | 32225 ||| INVOKING Heroism.
 32302 | Vaults:2 | Found Diaj's Book Emporium.
 32355 | Vaults:2 | 32355 ||| FLEEEEING.
 32356 | Vaults:2 | 32356 ||| FLEEEEING.
 32408 | Vaults:2 | Reached skill level 15 in Armour
 32413 | Vaults:2 | 32413 ||| INVOKING Heroism.
 32420 | Vaults:2 | 32420 ||| INVOKING Finesse.
 32552 | Vaults:2 | 32552 ||| FLEEEEING.
 32553 | Vaults:2 | 32553 ||| FLEEEEING.
 32554 | Vaults:2 | 32554 ||| FLEEEEING.
 32555 | Vaults:2 | 32555 ||| FLEEEEING.
 32556 | Vaults:2 | 32556 ||| FLEEEEING.
 32557 | Vaults:2 | 32557 ||| FLEEEEING.
 32558 | Vaults:2 | 32558 ||| FLEEEEING.
 32559 | Vaults:2 | 32559 ||| FLEEEEING.
 32560 | Vaults:2 | 32560 ||| FLEEEEING.
 32561 | Vaults:2 | 32561 ||| FLEEEEING.
 32562 | Vaults:2 | 32562 ||| FLEEEEING.
 32563 | Vaults:2 | 32563 ||| FLEEEEING.
 32564 | Vaults:2 | 32564 ||| FLEEEEING.
 32565 | Vaults:2 | 32565 ||| FLEEEEING.
 32566 | Vaults:2 | 32566 ||| FLEEEEING.
 32571 | Vaults:2 | 32571 ||| FLEEEEING.
 32572 | Vaults:2 | 32572 ||| FLEEEEING.
 32573 | Vaults:2 | 32573 ||| FLEEEEING.
 32574 | Vaults:2 | 32574 ||| FLEEEEING.
 32575 | Vaults:2 | 32575 ||| FLEEEEING.
 32576 | Vaults:2 | 32576 ||| FLEEEEING.
 32577 | Vaults:2 | 32577 ||| FLEEEEING.
 32578 | Vaults:2 | 32578 ||| FLEEEEING.
 32579 | Vaults:2 | 32579 ||| FLEEEEING.
 32580 | Vaults:2 | 32580 ||| FLEEEEING.
 32581 | Vaults:2 | 32581 ||| FLEEEEING.
 32582 | Vaults:2 | 32582 ||| FLEEEEING.
 32583 | Vaults:2 | 32583 ||| FLEEEEING.
 32584 | Vaults:2 | 32584 ||| FLEEEEING.
 32585 | Vaults:2 | 32585 ||| FLEEEEING.
 32586 | Vaults:2 | 32586 ||| FLEEEEING.
 32587 | Vaults:2 | 32587 ||| FLEEEEING.
 32588 | Vaults:2 | 32588 ||| FLEEEEING.
 32589 | Vaults:2 | 32589 ||| FLEEEEING.
 32590 | Vaults:2 | 32590 ||| FLEEEEING.
 32591 | Vaults:2 | 32591 ||| FLEEEEING.
 32592 | Vaults:2 | 32592 ||| FLEEEEING.
 32593 | Vaults:2 | 32593 ||| FLEEEEING.
 32594 | Vaults:2 | 32594 ||| FLEEEEING.
 32595 | Vaults:2 | 32595 ||| FLEEEEING.
 32596 | Vaults:2 | 32596 ||| FLEEEEING.
 32597 | Vaults:2 | 32597 ||| FLEEEEING.
 32598 | Vaults:2 | 32598 ||| FLEEEEING.
 32599 | Vaults:2 | 32599 ||| FLEEEEING.
 32600 | Vaults:2 | 32600 ||| FLEEEEING.
 32601 | Vaults:2 | 32601 ||| FLEEEEING.
 32602 | Vaults:2 | 32602 ||| FLEEEEING.
 32603 | Vaults:2 | 32603 ||| FLEEEEING.
 32608 | Vaults:2 | 32608 ||| STAIRDANCE
 32773 | Vaults:2 | 32773 ||| INVOKING Heroism.
 33045 | Vaults:2 | 33045 ||| FLEEEEING.
 33062 | Vaults:2 | 33062 ||| INVOKING Heroism.
 33078 | Vaults:2 | Reached skill level 17 in Fighting
 33109 | Vaults:2 | 33109 ||| Stepping ~*~*~tactically~*~*~ (hiding).
 33110 | Vaults:2 | 33110 ||| Stepping ~*~*~tactically~*~*~ (hiding).
 33111 | Vaults:2 | 33111 ||| Stepping ~*~*~tactically~*~*~ (hiding).
 33119 | Vaults:2 | 33119 ||| Stepping ~*~*~tactically~*~*~ (hiding).
 33121 | Vaults:2 | 33121 ||| Stepping ~*~*~tactically~*~*~ (hiding).
 33280 | Vaults:2 | 33280 ||| Stepping ~*~*~tactically~*~*~ (hiding).
 33284 | Vaults:2 | 33284 ||| INVOKING Heroism.
 33307 | Vaults:2 | 33307 ||| Stepping ~*~*~tactically~*~*~ (stealth).
 33383 | Vaults:2 | Found Nozaij's General Store.
 33390 | Vaults:2 | 33390 ||| INVOKING Heroism.
 33461 | Vaults:2 | 33461 ||| BUYING scroll of enchant armour (157 gold).
 33461 | Vaults:2 | Bought a scroll of enchant armour for 157 gold pieces
 33461 | Vaults:2 | 33461 ||| READING scroll of enchant armour.
 33461 | Vaults:2 | 33461 ||| ENCHANTING +7 plate armour.
 33549 | Vaults:2 | 33549 ||| Stepping ~*~*~tactically~*~*~ (stealth).
 33673 | Vaults:2 | 33673 ||| INVOKING Heroism.
 33726 | Vaults:2 | Received a gift from Okawaru
 33838 | Vaults:3 | 33838 ||| Stepping ~*~*~tactically~*~*~ (hiding).
 33883 | Vaults:3 | 33883 ||| READING scroll of enchant weapon.
 33883 | Vaults:3 | 33883 ||| ENCHANTING +6 vampiric broad axe.
 33968 | Vaults:3 | 33968 ||| Stepping ~*~*~tactically~*~*~ (stealth).
 33973 | Vaults:3 | 33973 ||| Stepping ~*~*~tactically~*~*~ (hiding).
 33995 | Vaults:3 | 33995 ||| Stepping ~*~*~tactically~*~*~ (hiding).
 34037 | Vaults:3 | 34037 ||| INVOKING Heroism.
 34229 | Vaults:3 | Received a gift from Okawaru
 34343 | Vaults:3 | 34343 ||| Stepping ~*~*~tactically~*~*~ (hiding).
 34358 | Vaults:3 | Reached XP level 20. HP: 134/134 MP: 27/27
 34361 | Vaults:3 | 34361 ||| Stepping ~*~*~tactically~*~*~ (hiding).
 34461 | Vaults:3 | 34461 ||| Stepping ~*~*~tactically~*~*~ (hiding).
 34462 | Vaults:3 | 34462 ||| Stepping ~*~*~tactically~*~*~ (hiding).
 34602 | Vaults:3 | Found a staircase to the Crypt.
 34720 | Vaults:3 | 34720 ||| Stepping ~*~*~tactically~*~*~ (stealth).
 34727 | Abyss:2  | Cast into level 2 of the Abyss (a wizard)
 34740 | Abyss:2  | Found a corrupted altar of Lugonu.
 34791 | Abyss:2  | 34791 ||| Stepping ~*~*~tactically~*~*~ (stealth).
 34792 | Abyss:2  | 34792 ||| Stepping ~*~*~tactically~*~*~ (stealth).
 34851 | Abyss:2  | 34851 ||| Stepping ~*~*~tactically~*~*~ (stealth).
 34856 | Abyss:2  | 34856 ||| Stepping ~*~*~tactically~*~*~ (stealth).
 34857 | Abyss:2  | 34857 ||| Stepping ~*~*~tactically~*~*~ (stealth).
 34859 | Abyss:2  | 34859 ||| Stepping ~*~*~tactically~*~*~ (stealth).
 34867 | Abyss:2  | Gained mutation: Your spells are much easier to cast, but
                  | much less powerful. [a neqoxec]
 34876 | Abyss:2  | Reached skill level 18 in Fighting
 34899 | Abyss:2  | 34899 ||| Stepping ~*~*~tactically~*~*~ (stealth).
 34905 | Abyss:2  | 34905 ||| Stepping ~*~*~tactically~*~*~ (stealth).
 34929 | Abyss:2  | 34929 ||| Stepping ~*~*~tactically~*~*~ (stealth).
 34971 | Abyss:2  | 34971 ||| Stepping ~*~*~tactically~*~*~ (stealth).
 34978 | Abyss:2  | 34978 ||| Stepping ~*~*~tactically~*~*~ (stealth).
 34980 | Abyss:2  | 34980 ||| Stepping ~*~*~tactically~*~*~ (hiding).
 34990 | Abyss:2  | 34990 ||| Stepping ~*~*~tactically~*~*~ (hiding).
 35014 | Abyss:2  | 35014 ||| INVOKING Heroism.
 35087 | Abyss:2  | 35087 ||| Stepping ~*~*~tactically~*~*~ (stealth).
 35105 | Abyss:2  | 35105 ||| Stepping ~*~*~tactically~*~*~ (stealth).
 35106 | Abyss:2  | 35106 ||| Stepping ~*~*~tactically~*~*~ (stealth).
 35107 | Abyss:2  | 35107 ||| INVOKING Heroism.
 35114 | Vaults:3 | Escaped the Abyss
 35349 | Vaults:3 | 35349 ||| READING scroll of acquirement.
 35349 | Vaults:3 | 35349 ||| ACQUIRING +5 broad axe of Tiycva {vamp, Str+4}
 35349 | Vaults:3 | Acquired the +5 broad axe of Tiycva {vamp, Str+4}
 35351 | Vaults:3 | 35351 ||| SWAPPING to +5 broad axe of Tiycva {vamp, Str+4}.
 35352 | Vaults:3 | 35352 ||| DROPPING +7 vampiric broad axe.
 35401 | Vaults:3 | 35401 ||| INVOKING Heroism.
 35417 | Vaults:3 | Received a gift from Okawaru
 35751 | Vaults:3 | Received a gift from Okawaru
 35867 | Vaults:3 | Identified the +9 scimitar of Ker Mage {flame, Contam
                  | +Blink Str+5 SInv}
 35883 | Vaults:3 | Found Azxaivoh's Weapon Shoppe.
 36014 | Vaults:3 | 36014 ||| Stepping ~*~*~tactically~*~*~ (hiding).
 36018 | Vaults:3 | 36018 ||| DRINKING 14 potions of curing.
 36018 | Vaults:3 | 36018 ||| (to cure confusion)
 36107 | Vaults:3 | 36107 ||| DROPPING scarf of repulsion.
 36145 | Vaults:4 | 36145 ||| INVOKING Heroism.
 36146 | Vaults:4 | 36146 ||| INVOKING Finesse.
 36308 | Vaults:4 | Received a gift from Okawaru
 36448 | Vaults:4 | 36448 ||| FLEEEEING.
 36450 | Vaults:4 | 36450 ||| FLEEEEING.
 36451 | Vaults:4 | 36451 ||| FLEEEEING.
 36452 | Vaults:4 | 36452 ||| FLEEEEING.
 36453 | Vaults:4 | 36453 ||| FLEEEEING.
 36454 | Vaults:4 | 36454 ||| FLEEEEING.
 36455 | Vaults:4 | 36455 ||| FLEEEEING.
 36456 | Vaults:4 | 36456 ||| FLEEEEING.
 36457 | Vaults:4 | 36457 ||| FLEEEEING.
 36458 | Vaults:4 | 36458 ||| FLEEEEING.
 36459 | Vaults:4 | 36459 ||| FLEEEEING.
 36460 | Vaults:4 | 36460 ||| FLEEEEING.
 36461 | Vaults:4 | 36461 ||| FLEEEEING.
 36462 | Vaults:4 | 36462 ||| FLEEEEING.
 36463 | Vaults:4 | 36463 ||| FLEEEEING.
 36464 | Vaults:4 | 36464 ||| FLEEEEING.
 36465 | Vaults:4 | 36465 ||| FLEEEEING.
 36466 | Vaults:4 | 36466 ||| FLEEEEING.
 36467 | Vaults:4 | 36467 ||| FLEEEEING.
 36468 | Vaults:4 | 36468 ||| FLEEEEING.
 36469 | Vaults:4 | 36469 ||| FLEEEEING.
 36470 | Vaults:4 | 36470 ||| FLEEEEING.
 36471 | Vaults:4 | 36471 ||| FLEEEEING.
 36472 | Vaults:4 | 36472 ||| FLEEEEING.
 36473 | Vaults:4 | 36473 ||| FLEEEEING.
 36474 | Vaults:4 | 36474 ||| FLEEEEING.
 36475 | Vaults:4 | 36475 ||| FLEEEEING.
 36476 | Vaults:4 | 36476 ||| FLEEEEING.
 36477 | Vaults:4 | 36477 ||| FLEEEEING.
 36478 | Vaults:4 | 36478 ||| FLEEEEING.
 36479 | Vaults:4 | 36479 ||| FLEEEEING.
 36480 | Vaults:4 | 36480 ||| FLEEEEING.
 36481 | Vaults:4 | 36481 ||| FLEEEEING.
 36494 | Vaults:4 | 36494 ||| FLEEEEING.
 36505 | Vaults:4 | Noticed Mennas
 36506 | Vaults:4 | 36506 ||| INVOKING Heroism.
 36507 | Vaults:4 | 36507 ||| INVOKING Finesse.
 36521 | Vaults:4 | 36521 ||| DRINKING 13 potions of curing.
 36521 | Vaults:4 | 36521 ||| (to cure confusion)
 36540 | Vaults:4 | Killed Mennas
 36540 | Vaults:4 | Received a gift from Okawaru
 36544 | Vaults:4 | 36544 ||| Stepping ~*~*~tactically~*~*~ (hiding).
 36547 | Vaults:4 | 36547 ||| Stepping ~*~*~tactically~*~*~ (hiding).
 36679 | Vaults:4 | 36679 ||| FLEEEEING.
 36680 | Vaults:4 | 36680 ||| FLEEEEING.
 36681 | Vaults:4 | 36681 ||| FLEEEEING.
 36682 | Vaults:4 | 36682 ||| FLEEEEING.
 36683 | Vaults:4 | 36683 ||| FLEEEEING.
 36684 | Vaults:4 | 36684 ||| FLEEEEING.
 36685 | Vaults:4 | 36685 ||| FLEEEEING.
 36686 | Vaults:4 | 36686 ||| FLEEEEING.
 36687 | Vaults:4 | 36687 ||| FLEEEEING.
 36875 | Vaults:4 | 36875 ||| Stepping ~*~*~tactically~*~*~ (hiding).
 36876 | Vaults:4 | 36876 ||| Stepping ~*~*~tactically~*~*~ (hiding).
 36877 | Vaults:4 | 36877 ||| Stepping ~*~*~tactically~*~*~ (hiding).
 37000 | Vaults:4 | 37000 ||| Stepping ~*~*~tactically~*~*~ (stealth).
 37002 | Vaults:4 | 37002 ||| FLEEEEING.
 37003 | Vaults:4 | 37003 ||| FLEEEEING.
 37211 | Vaults:4 | 37211 ||| READING scroll of enchant armour.
 37211 | Vaults:4 | 37211 ||| ENCHANTING +8 plate armour.
 37234 | Vaults:4 | Identified the +7 scimitar of Tortfeasance {venom, Str+10
                  | Stlth-}
 37263 | Vaults:4 | 37263 ||| DRINKING 14 potions of curing.
 37263 | Vaults:4 | 37263 ||| (to cure confusion)
 37265 | Vaults:4 | 37265 ||| INVOKING Heroism.
 37282 | Vaults:4 | 37282 ||| Stepping ~*~*~tactically~*~*~ (hiding).
 37536 | Vaults:4 | 37536 ||| Stepping ~*~*~tactically~*~*~ (stealth).
 37538 | Vaults:4 | 37538 ||| Stepping ~*~*~tactically~*~*~ (stealth).
 37540 | Vaults:4 | 37540 ||| Stepping ~*~*~tactically~*~*~ (hiding).
 37541 | Vaults:4 | 37541 ||| Stepping ~*~*~tactically~*~*~ (stealth).
 37561 | Vaults:4 | Identified the +10 demon trident "Souq" {flame, *Rage rCorr
                  | Str+3} (Okawaru gifted it to you on level 4 of the Vaults)
 37561 | Vaults:4 | Received a gift from Okawaru
 37599 | Vaults:4 | 37599 ||| Stepping ~*~*~tactically~*~*~ (stealth).
 37632 | Vaults:4 | 37632 ||| Stepping ~*~*~tactically~*~*~ (stealth).
 37634 | Vaults:4 | 37634 ||| Stepping ~*~*~tactically~*~*~ (stealth).
 37636 | Vaults:4 | 37636 ||| Stepping ~*~*~tactically~*~*~ (stealth).
 37642 | Vaults:4 | 37642 ||| Stepping ~*~*~tactically~*~*~ (stealth).
 37643 | Vaults:4 | 37643 ||| Stepping ~*~*~tactically~*~*~ (stealth).
 37644 | Vaults:4 | 37644 ||| Stepping ~*~*~tactically~*~*~ (stealth).
 37645 | Vaults:4 | 37645 ||| Stepping ~*~*~tactically~*~*~ (stealth).
 37647 | Vaults:4 | 37647 ||| Stepping ~*~*~tactically~*~*~ (stealth).
 37653 | Vaults:4 | Reached skill level 9 in Throwing
 37660 | Vaults:4 | 37660 ||| INVOKING Heroism.
 37817 | Vaults:4 | 37817 ||| INVOKING Heroism.
 38290 | Vaults:4 | 38290 ||| PLANNING SNAKE:4
 38290 | Vaults:4 | 38290 ||| DROPPING amulet of magic regeneration.
 38583 | Snake:4  | Entered Level 4 of the Snake Pit
 38716 | Snake:4  | 38716 ||| READING scroll of enchant armour.
 38716 | Snake:4  | 38716 ||| ENCHANTING +9 plate armour.
 38825 | Snake:4  | 38825 ||| Stepping ~*~*~tactically~*~*~ (hiding).
 38889 | Snake:4  | Reached XP level 21. HP: 143/143 MP: 28/28
 38968 | Snake:4  | 38968 ||| Stepping ~*~*~tactically~*~*~ (stealth).
 38970 | Snake:4  | 38970 ||| Stepping ~*~*~tactically~*~*~ (hiding).
 38972 | Snake:4  | 38972 ||| Stepping ~*~*~tactically~*~*~ (hiding).
 38973 | Snake:4  | 38973 ||| Stepping ~*~*~tactically~*~*~ (hiding).
 38976 | Snake:4  | 38976 ||| Stepping ~*~*~tactically~*~*~ (hiding).
 38988 | Snake:4  | 38988 ||| Stepping ~*~*~tactically~*~*~ (hiding).
 39008 | Snake:4  | 39008 ||| Stepping ~*~*~tactically~*~*~ (stealth).
 39009 | Snake:4  | 39009 ||| Stepping ~*~*~tactically~*~*~ (hiding).
 39014 | Snake:4  | 39014 ||| Stepping ~*~*~tactically~*~*~ (hiding).
 39015 | Snake:4  | 39015 ||| Stepping ~*~*~tactically~*~*~ (hiding).
 39039 | Snake:4  | Reached skill level 19 in Fighting
 39050 | Snake:4  | 39050 ||| Stepping ~*~*~tactically~*~*~ (hiding).
 39068 | Snake:4  | 39068 ||| Stepping ~*~*~tactically~*~*~ (hiding).
 39070 | Snake:4  | 39070 ||| Stepping ~*~*~tactically~*~*~ (hiding).
 39087 | Snake:4  | Received a gift from Okawaru
 39091 | Snake:4  | 39091 ||| Stepping ~*~*~tactically~*~*~ (hiding).
 39101 | Snake:4  | 39101 ||| Stepping ~*~*~tactically~*~*~ (hiding).
 39103 | Snake:4  | 39103 ||| Stepping ~*~*~tactically~*~*~ (hiding).
 39176 | Snake:4  | Reached skill level 18 in Armour
 39219 | Snake:4  | 39219 ||| Stepping ~*~*~tactically~*~*~ (stealth).
 39244 | Snake:4  | Got a serpentine rune of Zot
 39510 | Snake:4  | 39510 ||| PLANNING DEPTHS
 39510 | Snake:4  | 39510 ||| DROPPING +5 scale mail "Uvailluch" {rF+ Regen+
                  | MP-9 Str+6 Dex-3}.
 39511 | Snake:4  | 39511 ||| DROPPING +3 plate armour of cold resistance.
 39512 | Snake:4  | 39512 ||| DROPPING +2 pair of gloves.
 39513 | Snake:4  | 39513 ||| READING 36 scrolls of identify.
 39513 | Snake:4  | 39513 ||| IDENTIFYING white potion
 39514 | Snake:4  | 39514 ||| DROPPING potion of berserk rage.
 39706 | Depths:1 | Entered Level 1 of the Depths
 39736 | Depths:1 | 39736 ||| Stepping ~*~*~tactically~*~*~ (hiding).
 39737 | Depths:1 | 39737 ||| Stepping ~*~*~tactically~*~*~ (hiding).
 39739 | Depths:1 | 39739 ||| Stepping ~*~*~tactically~*~*~ (hiding).
 39740 | Depths:1 | 39740 ||| Stepping ~*~*~tactically~*~*~ (hiding).
 39804 | Depths:1 | Reached skill level 6 in Dodging
 39807 | Depths:1 | 39807 ||| INVOKING Heroism.
 39808 | Depths:1 | 39808 ||| INVOKING Finesse.
 40024 | Depths:1 | Found Igapeh's Assorted Antiques.
 40033 | Depths:1 | 40033 ||| BUYING scroll of teleportation (126 gold).
 40033 | Depths:1 | Bought a scroll of teleportation for 126 gold pieces
 40115 | Depths:1 | 40115 ||| Stepping ~*~*~tactically~*~*~ (stealth).
 40125 | Depths:1 | 40125 ||| INVOKING Heroism.
 40126 | Depths:1 | 40126 ||| INVOKING Finesse.
 40160 | Depths:1 | 40160 ||| Stepping ~*~*~tactically~*~*~ (stealth).
 40161 | Depths:1 | 40161 ||| Stepping ~*~*~tactically~*~*~ (stealth).
 40176 | Depths:1 | 40176 ||| Stepping ~*~*~tactically~*~*~ (stealth).
 40190 | Depths:1 | 40190 ||| Stepping ~*~*~tactically~*~*~ (stealth).
 40192 | Depths:1 | 40192 ||| INVOKING Heroism.
 40193 | Depths:1 | 40193 ||| Stepping ~*~*~tactically~*~*~ (stealth).
 40291 | Depths:1 | Found a transporter.
 40295 | Depths:1 | Found a transporter.
 40297 | Depths:1 | Found a viscous altar of Jiyva.
 40316 | Depths:1 | Found a portal to a secret trove of treasure.
 40365 | Depths:1 | Found a gateway to Hell.
 40378 | Depths:1 | 40378 ||| Stepping ~*~*~tactically~*~*~ (stealth).
 40379 | Depths:1 | 40379 ||| INVOKING Heroism.
 40384 | Depths:1 | Received a gift from Okawaru
 40410 | Depths:1 | 40410 ||| INVOKING Finesse.
 40433 | Depths:1 | Reached skill level 20 in Fighting
 40441 | Depths:1 | 40441 ||| Stepping ~*~*~tactically~*~*~ (hiding).
 40572 | Depths:1 | 40572 ||| Stepping ~*~*~tactically~*~*~ (hiding).
 40574 | Depths:1 | 40574 ||| INVOKING Finesse.
 40765 | Depths:2 | Received a gift from Okawaru
 40775 | Depths:2 | 40775 ||| STAIRDANCE
 40791 | Depths:2 | 40791 ||| Stepping ~*~*~tactically~*~*~ (stealth).
 40797 | Depths:2 | 40797 ||| INVOKING Heroism.
 40818 | Depths:2 | Identified the +4 hand axe "Gock" {venom, Dex+2} (Okawaru
                  | gifted it to you on level 2 of the Depths)
 40818 | Depths:2 | Received a gift from Okawaru
 40894 | Depths:2 | 40894 ||| Stepping ~*~*~tactically~*~*~ (stealth).
 40923 | Depths:2 | 40923 ||| INVOKING Heroism.
 40924 | Depths:2 | 40924 ||| INVOKING Finesse.
 40981 | Depths:2 | 40981 ||| READING scroll of acquirement.
 40981 | Depths:2 | 40981 ||| ACQUIRING +2 cloak of the Shining Light {rF+}
 40981 | Depths:2 | Acquired the +2 cloak of the Shining Light {rF+}
 40983 | Depths:2 | 40983 ||| UPGRADING to +2 cloak of the Shining Light {rF+}.
 40993 | Depths:2 | 40993 ||| DROPPING +2 cloak of poison resistance.
 41074 | Depths:2 | Found a runed translucent door.
 41074 | Depths:2 | Noticed Ubraesch's ghost (adept TrMo)
 41101 | Depths:2 | Noticed Mara
 41102 | Depths:2 | 41102 ||| INVOKING Heroism.
 41106 | Depths:2 | Reached XP level 22. HP: 152/152 MP: 26/29
 41120 | Depths:2 | Noticed qw's illusion
 41133 | Depths:2 | 41133 ||| INVOKING Heroism.
 41158 | Depths:2 | Killed Mara
 41167 | Depths:2 | 41167 ||| Stepping ~*~*~tactically~*~*~ (stealth).
 41184 | Depths:2 | 41184 ||| Stepping ~*~*~tactically~*~*~ (stealth).
 41186 | Depths:2 | 41186 ||| Stepping ~*~*~tactically~*~*~ (stealth).
 41400 | Depths:2 | Found a glowing golden altar of the Shining One.
 41456 | Depths:2 | Found a one-way gate leading to the halls of Pandemonium.
 41627 | Depths:3 | 41627 ||| INVOKING Heroism.
 41635 | Depths:3 | 41635 ||| Stepping ~*~*~tactically~*~*~ (stealth).
 41641 | Depths:3 | Noticed the Enchantress
 41655 | Depths:3 | 41655 ||| DRINKING 15 potions of curing.
 41655 | Depths:3 | 41655 ||| (to cure confusion)
 41658 | Depths:3 | 41658 ||| DRINKING 14 potions of curing.
 41658 | Depths:3 | 41658 ||| (to cure confusion)
 41682 | Depths:3 | 41682 ||| INVOKING Heroism.
 41685 | Depths:3 | 41685 ||| DRINKING 13 potions of curing.
 41685 | Depths:3 | 41685 ||| (to cure confusion)
 41688 | Depths:3 | 41688 ||| DRINKING 12 potions of curing.
 41688 | Depths:3 | 41688 ||| (to cure confusion)
 41690 | Depths:3 | 41690 ||| DRINKING 11 potions of curing.
 41690 | Depths:3 | 41690 ||| (to cure confusion)
 41701 | Depths:3 | Killed the Enchantress
 41718 | Depths:3 | 41718 ||| INVOKING Heroism.
 41773 | Depths:3 | 41773 ||| Stepping ~*~*~tactically~*~*~ (stealth).
 41890 | Depths:3 | 41890 ||| Stepping ~*~*~tactically~*~*~ (stealth).
 41892 | Depths:3 | 41892 ||| Stepping ~*~*~tactically~*~*~ (hiding).
 41907 | Depths:3 | Received a gift from Okawaru
 41919 | Depths:3 | 41919 ||| INVOKING Heroism.
 41936 | Depths:3 | Paralysed by a sphinx for 5 turns
 41942 | Depths:3 | 41942 ||| DRINKING 10 potions of curing.
 41942 | Depths:3 | 41942 ||| (to cure confusion)
 42011 | Depths:3 | 42011 ||| Stepping ~*~*~tactically~*~*~ (stealth).
 42012 | Depths:3 | 42012 ||| Stepping ~*~*~tactically~*~*~ (stealth).
 42013 | Depths:3 | 42013 ||| Stepping ~*~*~tactically~*~*~ (stealth).
 42025 | Depths:3 | Identified the +1 dagger of Bodily Humours {freeze, Dex+3}
 42057 | Depths:3 | 42057 ||| Stepping ~*~*~tactically~*~*~ (hiding).
 42058 | Depths:3 | 42058 ||| Stepping ~*~*~tactically~*~*~ (hiding).
 42059 | Depths:3 | 42059 ||| Stepping ~*~*~tactically~*~*~ (hiding).
 42061 | Depths:3 | 42061 ||| Stepping ~*~*~tactically~*~*~ (hiding).
 42074 | Depths:3 | 42074 ||| INVOKING Heroism.
 42131 | Depths:3 | Reached skill level 21 in Shields
 42137 | Depths:3 | 42137 ||| INVOKING Heroism.
 42217 | Depths:3 | Found a one-way gate to the infinite horrors of the Abyss.
 42262 | Depths:3 | 42262 ||| INVOKING Heroism.
 42331 | Depths:3 | 42331 ||| Stepping ~*~*~tactically~*~*~ (hiding).
 42333 | Depths:3 | 42333 ||| Stepping ~*~*~tactically~*~*~ (hiding).
 42405 | Depths:3 | Found Geguick's Armour Shoppe.
 42410 | Depths:3 | 42410 ||| BUYING scarf of resistance (640 gold).
 42410 | Depths:3 | Bought a scarf of resistance for 640 gold pieces
 42442 | Depths:3 | Found a one-way gateway to a ziggurat.
 42606 | Depths:3 | 42606 ||| Stepping ~*~*~tactically~*~*~ (hiding).
 42865 | Depths:3 | Received a gift from Okawaru
 42900 | Depths:3 | 42900 ||| DROPPING scarf of invisibility.
 42920 | Depths:4 | Entered Level 4 of the Depths
 42921 | Depths:4 | 42921 ||| INVOKING Heroism.
 42948 | Depths:4 | Noticed a caustic shrike
 42950 | Depths:4 | Noticed a caustic shrike
 42952 | Depths:4 | Noticed a caustic shrike
 42954 | Depths:4 | Noticed a caustic shrike
 42955 | Depths:4 | Received a gift from Okawaru
 42957 | Depths:4 | 42957 ||| INVOKING Heroism.
 42961 | Depths:4 | Killed a caustic shrike
 42963 | Depths:4 | Killed a caustic shrike
 42963 | Depths:4 | Received a gift from Okawaru
 42964 | Depths:4 | Reached skill level 21 in Fighting
 42976 | Depths:4 | Killed a caustic shrike
 42976 | Depths:4 | Killed a caustic shrike
 42977 | Depths:4 | 42977 ||| INVOKING Finesse.
 42980 | Depths:4 | Received a gift from Okawaru
 42994 | Depths:4 | 42994 ||| INVOKING Heroism.
 43002 | Depths:4 | Received a gift from Okawaru
 43005 | Depths:4 | Reached skill level 12 in Throwing
 43216 | Depths:4 | 43216 ||| INVOKING Heroism.
 43479 | Depths:4 | Found a gate to the Realm of Zot.
 43778 | Depths:4 | 43778 ||| PLANNING VAULTS:5
 44134 | Vaults:5 | Entered Level 5 of the Vaults
 44139 | Vaults:5 | 44139 ||| INVOKING Heroism.
 44140 | Vaults:5 | 44140 ||| INVOKING Finesse.
 44151 | Vaults:5 | Reached XP level 23. HP: 160/160 MP: 23/30
 44154 | Vaults:5 | Received a gift from Okawaru
 44174 | Vaults:5 | Noticed a dread lich
 44175 | Vaults:5 | 44175 ||| DRINKING 4 potions of resistance.
 44208 | Vaults:5 | Paralysed by a dread lich for 5 turns
 44215 | Vaults:5 | Killed a dread lich
 44223 | Vaults:5 | Received a gift from Okawaru
 44233 | Vaults:5 | Paralysed by a sphinx for 3 turns
 44239 | Vaults:5 | 44239 ||| INVOKING Finesse.
 44241 | Vaults:5 | 44241 ||| DRINKING 10 potions of curing.
 44241 | Vaults:5 | 44241 ||| (to cure confusion)
 44243 | Vaults:5 | 44243 ||| DRINKING 9 potions of curing.
 44243 | Vaults:5 | 44243 ||| (to cure confusion)
 44245 | Vaults:5 | 44245 ||| DRINKING 8 potions of curing.
 44245 | Vaults:5 | 44245 ||| (to cure confusion)
 44264 | Vaults:5 | 44264 ||| INVOKING Heroism.
 44282 | Vaults:5 | Reached skill level 22 in Fighting
 44292 | Vaults:5 | Noticed a golden dragon
 44293 | Vaults:5 | Received a gift from Okawaru
 44331 | Vaults:5 | 44331 ||| INVOKING Finesse.
 44336 | Vaults:5 | Identified the +0 pair of gloves of Ehemem {rF++ Str+2
                  | Int-5 Dex+3} (Okawaru gifted it to you on level 5 of the
                  | Vaults)
 44336 | Vaults:5 | Received a gift from Okawaru
 44344 | Vaults:5 | 44344 ||| INVOKING Heroism.
 44371 | Vaults:5 | Paralysed by a sphinx for 3 turns
 44392 | Vaults:5 | Noticed a dread lich
 44392 | Vaults:5 | Paralysed by a dread lich for 3 turns
 44395 | Vaults:5 | 44395 ||| INVOKING Finesse.
 44397 | Vaults:5 | Noticed Margery
 44398 | Vaults:5 | 44398 ||| DRINKING 3 potions of resistance.
 44405 | Vaults:5 | 44405 ||| INVOKING Heroism.
 44416 | Vaults:5 | Killed a dread lich
 44426 | Vaults:5 | Killed Margery
 44448 | Vaults:5 | Noticed an ancient lich
 44491 | Vaults:5 | Killed an ancient lich
 44511 | Vaults:5 | 44511 ||| Stepping ~*~*~tactically~*~*~ (stealth).
 44589 | Vaults:5 | Identified the ring "Okhleu" {Ice rPois rCorr Slay+6}
 44592 | Vaults:5 | Identified the +3 spear of the Ecumenical Temple {venom,
                  | rElec rC- Dex+2}
 44602 | Vaults:5 | 44602 ||| Stepping ~*~*~tactically~*~*~ (stealth).
 44603 | Vaults:5 | 44603 ||| Stepping ~*~*~tactically~*~*~ (stealth).
 44640 | Vaults:5 | 44640 ||| UPGRADING to +0 pair of gloves of Ehemem {rF++
                  | Str+2 Int-5 Dex+3}.
 44682 | Vaults:5 | 44682 ||| UPGRADING to +2 pair of gloves.
 44687 | Vaults:5 | 44687 ||| UPGRADING to +0 pair of gloves of Ehemem {rF++
                  | Str+2 Int-5 Dex+3}.
 44697 | Vaults:5 | 44697 ||| DROPPING +2 pair of gloves.
 44714 | Vaults:5 | 44714 ||| INVOKING Heroism.
 44752 | Vaults:5 | 44752 ||| Stepping ~*~*~tactically~*~*~ (hiding).
 44787 | Vaults:5 | Got a silver rune of Zot
 44795 | Vaults:5 | 44795 ||| Stepping ~*~*~tactically~*~*~ (stealth).
 44796 | Vaults:5 | 44796 ||| Stepping ~*~*~tactically~*~*~ (stealth).
 44803 | Vaults:5 | 44803 ||| INVOKING Heroism.
 44813 | Vaults:5 | 44813 ||| Stepping ~*~*~tactically~*~*~ (hiding).
 44820 | Vaults:5 | 44820 ||| INVOKING Finesse.
 44855 | Vaults:5 | 44855 ||| Stepping ~*~*~tactically~*~*~ (hiding).
 44865 | Vaults:5 | 44865 ||| Stepping ~*~*~tactically~*~*~ (hiding).
 44879 | Vaults:5 | 44879 ||| Stepping ~*~*~tactically~*~*~ (hiding).
 44880 | Vaults:5 | 44880 ||| Stepping ~*~*~tactically~*~*~ (hiding).
 44881 | Vaults:5 | 44881 ||| INVOKING Heroism.
 44882 | Vaults:5 | 44882 ||| INVOKING Finesse.
 44899 | Vaults:5 | 44899 ||| Stepping ~*~*~tactically~*~*~ (hiding).
 44914 | Vaults:5 | Reached XP level 24. HP: 165/168 MP: 26/30
 45118 | Vaults:5 | 45118 ||| DROPPING +0 pair of gloves of dexterity.
 45190 | Vaults:5 | 45190 ||| FLEEEEING.
 45191 | Vaults:5 | 45191 ||| FLEEEEING.
 45192 | Vaults:5 | 45192 ||| FLEEEEING.
 45193 | Vaults:5 | 45193 ||| FLEEEEING.
 45194 | Vaults:5 | 45194 ||| FLEEEEING.
 45195 | Vaults:5 | 45195 ||| FLEEEEING.
 45196 | Vaults:5 | 45196 ||| FLEEEEING.
 45197 | Vaults:5 | 45197 ||| FLEEEEING.
 45198 | Vaults:5 | 45198 ||| FLEEEEING.
 45207 | Vaults:5 | 45207 ||| FLEEEEING.
 45222 | Vaults:5 | 45222 ||| INVOKING Heroism.
 45268 | Vaults:5 | Found Cuesugim's Magic Scroll Shop.
 45282 | Vaults:5 | 45282 ||| BUYING scroll of enchant armour (150 gold).
 45282 | Vaults:5 | Bought a scroll of enchant armour for 150 gold pieces
 45282 | Vaults:5 | 45282 ||| BUYING scroll of enchant weapon (150 gold).
 45282 | Vaults:5 | Bought a scroll of enchant weapon for 150 gold pieces
 45282 | Vaults:5 | 45282 ||| BUYING scroll of teleportation (60 gold).
 45282 | Vaults:5 | Bought a scroll of teleportation for 60 gold pieces
 45285 | Vaults:5 | 45285 ||| Stepping ~*~*~tactically~*~*~ (stealth).
 45287 | Vaults:5 | 45287 ||| Stepping ~*~*~tactically~*~*~ (hiding).
 45314 | Vaults:5 | Found Doihuis's Distillery.
 45319 | Vaults:5 | 45319 ||| BUYING potion of attraction (45 gold).
 45319 | Vaults:5 | Bought a potion of attraction for 45 gold pieces
 45319 | Vaults:5 | 45319 ||| BUYING potion of curing (45 gold).
 45319 | Vaults:5 | Bought a potion of curing for 45 gold pieces
 45319 | Vaults:5 | 45319 ||| BUYING potion of curing (45 gold).
 45319 | Vaults:5 | Bought a potion of curing for 45 gold pieces
 45319 | Vaults:5 | 45319 ||| BUYING potion of haste (150 gold).
 45319 | Vaults:5 | Bought a potion of haste for 150 gold pieces
 45319 | Vaults:5 | 45319 ||| BUYING potion of lignification (45 gold).
 45319 | Vaults:5 | Bought a potion of lignification for 45 gold pieces
 45319 | Vaults:5 | 45319 ||| BUYING potion of might (60 gold).
 45319 | Vaults:5 | Bought a potion of might for 60 gold pieces
 45319 | Vaults:5 | 45319 ||| BUYING potion of resistance (150 gold).
 45319 | Vaults:5 | Bought a potion of resistance for 150 gold pieces
 45359 | Vaults:5 | Found Sossoimm's Distillery.
 45364 | Vaults:5 | 45364 ||| BUYING 2 potions of might (144 gold).
 45364 | Vaults:5 | Bought 2 potions of might for 144 gold pieces
 45364 | Vaults:5 | 45364 ||| BUYING potion of haste (180 gold).
 45364 | Vaults:5 | Bought a potion of haste for 180 gold pieces
 45364 | Vaults:5 | 45364 ||| BUYING potion of magic (144 gold).
 45364 | Vaults:5 | Bought a potion of magic for 144 gold pieces
 45364 | Vaults:5 | 45364 ||| BUYING potion of might (72 gold).
 45364 | Vaults:5 | Bought a potion of might for 72 gold pieces
 45364 | Vaults:5 | 45364 ||| BUYING potion of resistance (180 gold).
 45364 | Vaults:5 | Bought a potion of resistance for 180 gold pieces
 45374 | Vaults:5 | Found Hoipn's Magic Scroll Boutique.
 45374 | Vaults:5 | Found Zyeluxzu's Magic Scroll Shoppe.
 45379 | Vaults:5 | 45379 ||| BUYING scroll of enchant weapon (127 gold).
 45379 | Vaults:5 | Bought a scroll of enchant weapon for 127 gold pieces
 45379 | Vaults:5 | 45379 ||| BUYING scroll of enchant weapon (127 gold).
 45379 | Vaults:5 | Bought a scroll of enchant weapon for 127 gold pieces
 45379 | Vaults:5 | 45379 ||| BUYING scroll of teleportation (51 gold).
 45379 | Vaults:5 | Bought a scroll of teleportation for 51 gold pieces
 45379 | Vaults:5 | 45379 ||| BUYING scroll of teleportation (51 gold).
 45379 | Vaults:5 | Bought a scroll of teleportation for 51 gold pieces
 45542 | Vaults:5 | 45542 ||| Stepping ~*~*~tactically~*~*~ (hiding).
 45545 | Vaults:5 | Noticed a dread lich
 45546 | Vaults:5 | 45546 ||| INVOKING Heroism.
 45550 | Vaults:5 | Reached skill level 9 in Dodging
 45551 | Vaults:5 | 45551 ||| INVOKING Finesse.
 45568 | Vaults:5 | Paralysed by something for 2 turns
 45584 | Vaults:5 | Paralysed by something for 2 turns
 45587 | Vaults:5 | 45587 ||| DRINKING 4 potions of resistance.
 45592 | Vaults:5 | Killed a dread lich
 45641 | Vaults:5 | 45641 ||| FLEEEEING.
 45642 | Vaults:5 | 45642 ||| FLEEEEING.
 45647 | Vaults:5 | 45647 ||| FLEEEEING.
 45648 | Vaults:5 | 45648 ||| FLEEEEING.
 45649 | Vaults:5 | 45649 ||| FLEEEEING.
 45662 | Vaults:5 | 45662 ||| FLEEEEING.
 45664 | Vaults:5 | 45664 ||| FLEEEEING.
 45665 | Vaults:5 | 45665 ||| FLEEEEING.
 45666 | Vaults:5 | 45666 ||| FLEEEEING.
 45667 | Vaults:5 | 45667 ||| FLEEEEING.
 45668 | Vaults:5 | 45668 ||| FLEEEEING.
 45669 | Vaults:5 | 45669 ||| FLEEEEING.
 45670 | Vaults:5 | 45670 ||| FLEEEEING.
 45671 | Vaults:5 | 45671 ||| FLEEEEING.
 45672 | Vaults:5 | 45672 ||| FLEEEEING.
 45673 | Vaults:5 | 45673 ||| FLEEEEING.
 45674 | Vaults:5 | 45674 ||| FLEEEEING.
 45675 | Vaults:5 | 45675 ||| FLEEEEING.
 45676 | Vaults:5 | 45676 ||| FLEEEEING.
 45677 | Vaults:5 | 45677 ||| FLEEEEING.
 45678 | Vaults:5 | 45678 ||| FLEEEEING.
 45679 | Vaults:5 | 45679 ||| FLEEEEING.
 45680 | Vaults:5 | 45680 ||| FLEEEEING.
 45681 | Vaults:5 | 45681 ||| FLEEEEING.
 45682 | Vaults:5 | 45682 ||| FLEEEEING.
 45683 | Vaults:5 | 45683 ||| FLEEEEING.
 45684 | Vaults:5 | 45684 ||| FLEEEEING.
 45685 | Vaults:5 | 45685 ||| STAIRDANCE
 45823 | Vaults:4 | 45823 ||| DROPPING amulet of the acrobat.
 45824 | Vaults:4 | 45824 ||| UPGRADING to ring "Okhleu" {Ice rPois rCorr
                  | Slay+6}.
 45826 | Vaults:4 | 45826 ||| UPGRADING to ring of Daisies {rCorr AC+4 Str+3}.
 45836 | Vaults:5 | Received a gift from Okawaru
 45881 | Vaults:5 | Identified the +5 whip of Ignis's Vengeance {flame, *Rage
                  | rPois Int+2 SInv}
 46051 | Vaults:5 | 46051 ||| PLANNING SHOPPING SPREE
 46051 | Vaults:5 | 46051 ||| DROPPING +2 pair of boots.
 46052 | Vaults:5 | 46052 ||| DROPPING +1 cloak of stealth.
 46357 | D:8      | 46357 ||| Stepping ~*~*~tactically~*~*~ (hiding).
 46536 | D:5      | 46536 ||| BUYING potion of curing (69 gold).
 46536 | D:5      | Bought a potion of curing for 69 gold pieces
 46536 | D:5      | 46536 ||| BUYING potion of haste (230 gold).
 46536 | D:5      | Bought a potion of haste for 230 gold pieces
 46536 | D:5      | 46536 ||| BUYING ring of protection from fire (575 gold).
 46536 | D:5      | Bought a ring of protection from fire for 575 gold pieces
 46536 | D:5      | 46536 ||| DROPPING ring of fire.
 46540 | D:5      | 46540 ||| BUYING pair of embroidered boots (187 gold).
 46540 | D:5      | Bought a pair of embroidered boots for 187 gold pieces
 46540 | D:5      | 46540 ||| BUYING potion of haste (250 gold).
 46540 | D:5      | Bought a potion of haste for 250 gold pieces
 46540 | D:5      | 46540 ||| DROPPING +2 pair of boots of flying.
 46723 | D:5      | 46723 ||| CLEARING SHOPPING LIST
 46723 | D:5      | 46723 ||| PLANNING ZOT:1-4
 47034 | Zot:1    | Entered Level 1 of the Realm of Zot
 47039 | Zot:1    | 47039 ||| INVOKING Heroism.
 47053 | Zot:1    | Received a gift from Okawaru
 47108 | Zot:1    | 47108 ||| Stepping ~*~*~tactically~*~*~ (hiding).
 47110 | Zot:1    | 47110 ||| Stepping ~*~*~tactically~*~*~ (hiding).
 47119 | Zot:1    | 47119 ||| INVOKING Heroism.
 47138 | Zot:1    | Received a gift from Okawaru
 47156 | Zot:1    | Reached skill level 23 in Fighting
 47181 | Zot:1    | 47181 ||| INVOKING Heroism.
 47231 | Zot:1    | 47231 ||| DROPPING +2 broad axe of venom.
 47309 | Zot:1    | 47309 ||| Stepping ~*~*~tactically~*~*~ (hiding).
 47311 | Zot:1    | 47311 ||| Stepping ~*~*~tactically~*~*~ (hiding).
 47313 | Zot:1    | 47313 ||| Stepping ~*~*~tactically~*~*~ (hiding).
 47707 | Zot:1    | 47707 ||| INVOKING Heroism.
 47742 | Zot:1    | Reached skill level 21 in Armour
 47934 | Zot:1    | 47934 ||| INVOKING Heroism.
 48195 | Zot:2    | 48195 ||| Stepping ~*~*~tactically~*~*~ (hiding).
 48197 | Zot:2    | 48197 ||| INVOKING Heroism.
 48273 | Zot:2    | 48273 ||| INVOKING Heroism.
 48321 | Zot:2    | 48321 ||| Stepping ~*~*~tactically~*~*~ (hiding).
 48323 | Zot:2    | 48323 ||| INVOKING Heroism.
 48332 | Zot:2    | Received a gift from Okawaru
 48334 | Zot:2    | Noticed a curse toe
 48344 | Zot:2    | Killed a curse toe
 48359 | Zot:2    | 48359 ||| Stepping ~*~*~tactically~*~*~ (stealth).
 48363 | Zot:2    | 48363 ||| Stepping ~*~*~tactically~*~*~ (stealth).
 48385 | Zot:2    | 48385 ||| Stepping ~*~*~tactically~*~*~ (stealth).
 48386 | Zot:2    | 48386 ||| Stepping ~*~*~tactically~*~*~ (stealth).
 48440 | Zot:2    | 48440 ||| Stepping ~*~*~tactically~*~*~ (stealth).
 48504 | Zot:2    | 48504 ||| Stepping ~*~*~tactically~*~*~ (stealth).
 48505 | Zot:2    | 48505 ||| Stepping ~*~*~tactically~*~*~ (stealth).
 48506 | Zot:2    | 48506 ||| INVOKING Heroism.
 48568 | Zot:2    | 48568 ||| Stepping ~*~*~tactically~*~*~ (hiding).
 48569 | Zot:2    | 48569 ||| Stepping ~*~*~tactically~*~*~ (hiding).
 48650 | Zot:2    | 48650 ||| Stepping ~*~*~tactically~*~*~ (stealth).
 48657 | Zot:2    | 48657 ||| Stepping ~*~*~tactically~*~*~ (hiding).
 48658 | Zot:2    | 48658 ||| Stepping ~*~*~tactically~*~*~ (hiding).
 48668 | Zot:2    | Received a gift from Okawaru
 48679 | Zot:2    | 48679 ||| INVOKING Heroism.
 48780 | Zot:2    | 48780 ||| DROPPING +3 heavy broad axe.
 48896 | Zot:2    | 48896 ||| Stepping ~*~*~tactically~*~*~ (stealth).
 48901 | Zot:2    | 48901 ||| Stepping ~*~*~tactically~*~*~ (stealth).
 48903 | Zot:2    | 48903 ||| Stepping ~*~*~tactically~*~*~ (hiding).
 48913 | Zot:2    | 48913 ||| Stepping ~*~*~tactically~*~*~ (hiding).
 48915 | Zot:2    | 48915 ||| Stepping ~*~*~tactically~*~*~ (hiding).
 48940 | Zot:2    | 48940 ||| Stepping ~*~*~tactically~*~*~ (stealth).
 49054 | Zot:2    | 49054 ||| Stepping ~*~*~tactically~*~*~ (hiding).
 49068 | Zot:2    | 49068 ||| Stepping ~*~*~tactically~*~*~ (hiding).
 49069 | Zot:2    | 49069 ||| Stepping ~*~*~tactically~*~*~ (hiding).
 49136 | Zot:2    | Reached skill level 24 in Fighting
 49215 | Zot:3    | 49215 ||| INVOKING Heroism.
 49274 | Zot:3    | 49274 ||| Stepping ~*~*~tactically~*~*~ (stealth).
 49340 | Zot:3    | 49340 ||| INVOKING Heroism.
 49354 | Zot:3    | Received a gift from Okawaru
 49355 | Zot:3    | Reached XP level 25. HP: 178/178 MP: 15/30
 49370 | Zot:3    | 49370 ||| INVOKING Heroism.
 49436 | Zot:3    | HP: 42/178 [??? (11)]
 49437 | Zot:3    | 49437 ||| READING 26 scrolls of teleportation.
 49438 | Zot:3    | 49438 ||| DRINKING 2 potions of heal wounds.
 49441 | Zot:3    | 49441 ||| DRINKING potion of heal wounds.
 49448 | Zot:3    | HP: 43/178 [constriction (7)]
 49451 | Zot:3    | 49451 ||| READING 25 scrolls of teleportation.
 49453 | Zot:3    | 49453 ||| INVOKING Heroism.
 49454 | Zot:3    | HP: 40/178 [storm dragon (6)]
 49666 | Zot:3    | 49666 ||| Stepping ~*~*~tactically~*~*~ (hiding).
 49670 | Zot:3    | 49670 ||| Stepping ~*~*~tactically~*~*~ (hiding).
 49677 | Zot:3    | 49677 ||| INVOKING Heroism.
 49719 | Zot:3    | 49719 ||| Stepping ~*~*~tactically~*~*~ (stealth).
 49767 | Zot:3    | 49767 ||| Stepping ~*~*~tactically~*~*~ (stealth).
 49768 | Zot:3    | 49768 ||| Stepping ~*~*~tactically~*~*~ (stealth).
 49770 | Zot:3    | 49770 ||| Stepping ~*~*~tactically~*~*~ (hiding).
 49790 | Zot:3    | 49790 ||| Stepping ~*~*~tactically~*~*~ (hiding).
 49865 | Zot:3    | 49865 ||| READING scroll of acquirement.
 49865 | Zot:3    | 49865 ||| ACQUIRING 403 gold pieces
 49865 | Zot:3    | Acquired 403 gold pieces
 49885 | Zot:3    | 49885 ||| Stepping ~*~*~tactically~*~*~ (hiding).
 49887 | Zot:3    | 49887 ||| INVOKING Heroism.
 49973 | Zot:3    | 49973 ||| Stepping ~*~*~tactically~*~*~ (hiding).
 49975 | Zot:3    | 49975 ||| INVOKING Heroism.
 49977 | Zot:3    | Noticed a Killer Klown
 49978 | Zot:3    | 49978 ||| INVOKING Finesse.
 49995 | Zot:3    | Killed a Killer Klown
 50120 | Zot:3    | 50120 ||| INVOKING Heroism.
 50551 | Zot:3    | 50551 ||| Stepping ~*~*~tactically~*~*~ (hiding).
 50554 | Zot:3    | 50554 ||| Stepping ~*~*~tactically~*~*~ (hiding).
 50563 | Zot:3    | Received a gift from Okawaru
 50586 | Zot:3    | 50586 ||| Stepping ~*~*~tactically~*~*~ (stealth).
 50641 | Zot:3    | 50641 ||| Stepping ~*~*~tactically~*~*~ (stealth).
 50642 | Zot:3    | 50642 ||| Stepping ~*~*~tactically~*~*~ (stealth).
 50976 | Zot:4    | 50976 ||| INVOKING Heroism.
 51001 | Zot:4    | Identified the staff of air "Taelaest" {rElec rPois Will+
                  | Str+4 Dex+3}
 51002 | Zot:4    | Identified the +0 cloak "Joocuj" {Int+3 Dex+4}
 51019 | Zot:4    | 51019 ||| Stepping ~*~*~tactically~*~*~ (hiding).
 51045 | Zot:4    | Received a gift from Okawaru
 51120 | Zot:4    | Received a gift from Okawaru
 51145 | Zot:4    | Reached skill level 25 in Fighting
 51146 | Zot:4    | 51146 ||| DRINKING 7 potions of cancellation.
 51159 | Zot:4    | Received a gift from Okawaru
 51177 | Zot:4    | 51177 ||| DRINKING 6 potions of cancellation.
 51191 | Zot:4    | 51191 ||| FLEEEEING.
 51228 | Zot:4    | 51228 ||| Stepping ~*~*~tactically~*~*~ (hiding).
 51246 | Zot:4    | Received a gift from Okawaru
 51290 | Zot:4    | 51290 ||| Stepping ~*~*~tactically~*~*~ (stealth).
 51304 | Zot:4    | 51304 ||| FLEEEEING.
 51305 | Zot:4    | 51305 ||| FLEEEEING.
 51306 | Zot:4    | 51306 ||| FLEEEEING.
 51307 | Zot:4    | 51307 ||| FLEEEEING.
 51308 | Zot:4    | 51308 ||| FLEEEEING.
 51310 | Zot:4    | 51310 ||| Stepping ~*~*~tactically~*~*~ (hiding).
 51327 | Zot:4    | 51327 ||| FLEEEEING.
 51328 | Zot:4    | 51328 ||| FLEEEEING.
 51329 | Zot:4    | 51329 ||| FLEEEEING.
 51331 | Zot:4    | 51331 ||| Stepping ~*~*~tactically~*~*~ (stealth).
 51355 | Zot:4    | 51355 ||| Stepping ~*~*~tactically~*~*~ (stealth).
 51373 | Zot:4    | 51373 ||| Stepping ~*~*~tactically~*~*~ (stealth).
 51379 | Zot:4    | 51379 ||| Stepping ~*~*~tactically~*~*~ (hiding).
 51386 | Zot:4    | 51386 ||| INVOKING Heroism.
 51387 | Zot:4    | 51387 ||| INVOKING Finesse.
 51990 | Zot:4    | 51990 ||| INVOKING Heroism.
 52009 | Zot:4    | 52009 ||| PLANNING SLIME:5
 52009 | Zot:4    | 52009 ||| DROPPING +0 cloak "Joocuj" {Int+3 Dex+4}.
 52371 | Slime:1  | Entered Level 1 of the Pits of Slime
 52436 | Slime:3  | 52436 ||| DRINKING 15 potions of curing.
 52436 | Slime:3  | 52436 ||| (to cure confusion)
 52438 | Slime:3  | 52438 ||| DRINKING 14 potions of curing.
 52438 | Slime:3  | 52438 ||| (to cure confusion)
 52450 | Slime:3  | 52450 ||| DRINKING 13 potions of curing.
 52450 | Slime:3  | 52450 ||| (to cure confusion)
 52451 | Slime:3  | 52451 ||| DRINKING 12 potions of curing.
 52451 | Slime:3  | 52451 ||| (to cure confusion)
 52452 | Slime:3  | 52452 ||| DRINKING 11 potions of curing.
 52452 | Slime:3  | 52452 ||| (to cure confusion)
 52463 | Slime:4  | Paralysed by a great orb of eyes for 2 turns
 52477 | Slime:4  | Received a gift from Okawaru
 52505 | Slime:5  | Entered Level 5 of the Pits of Slime
 52556 | Slime:5  | 52556 ||| DRINKING 10 potions of curing.
 52556 | Slime:5  | 52556 ||| (to cure confusion)
 52582 | Slime:5  | Noticed the Royal Jelly
 52583 | Slime:5  | 52583 ||| INVOKING Heroism.
 52584 | Slime:5  | 52584 ||| INVOKING Finesse.
 52595 | Slime:5  | Killed the Royal Jelly
 52596 | Slime:5  | Reached skill level 26 in Fighting
 52596 | Slime:5  | Reached XP level 26. HP: 190/190 MP: 24/30
 52612 | Slime:5  | 52612 ||| DRINKING 5 potions of cancellation.
 52669 | Slime:5  | Gained mutation: You are dopey. (Int -2) [a shining eye]
 52672 | Slime:5  | Gained mutation: You are very dopey. (Int -4) [a shining
                  | eye]
 52696 | Slime:5  | Identified the ring "Ytwom" {Fly SInv}
 52706 | Slime:5  | Identified the staff of death "Luxkudgha" {rF+ rN+ Str+2}
 52708 | Slime:5  | Got a slimy rune of Zot
 52769 | Slime:5  | Identified the staff of conjuration "Berchul" {Int+7}
 52771 | Slime:5  | Identified the +7 whip of Zin {holy, Fragile rPois rCorr
                  | Dex+2}
 52772 | Slime:5  | Identified the +8 chain mail of Iricup {Dex+4}
 53073 | Slime:5  | 53073 ||| PLANNING THE SHINING ONE WORSHIP
 53073 | Slime:5  | 53073 ||| DROPPING +0 hat "Woyf" {rCorr}.
 53074 | Slime:5  | 53074 ||| UPGRADING to +2 hat of see invisible.
 53084 | Slime:5  | 53084 ||| DROPPING +2 hat.
 53085 | Slime:5  | 53085 ||| DROPPING +1 helmet of intelligence.
 53086 | Slime:5  | 53086 ||| DROPPING +1 pair of boots.
 53087 | Slime:5  | 53087 ||| UPGRADING to +2 helmet of see invisible.
 53097 | Slime:5  | 53097 ||| DROPPING +2 hat of see invisible.
 53098 | Slime:5  | 53098 ||| DROPPING ring of resist corrosion.
 53099 | Slime:5  | 53099 ||| DROPPING ring "Ytwom" {Fly SInv}.
 53296 | D:10     | Fell from the grace of Okawaru
 53296 | D:10     | Became a worshipper of the Shining One
 53296 | D:10     | 53296 ||| PLANNING CRYPT
 53323 | D:10     | 53323 ||| SWAPPING to +0 hand axe.
 53324 | D:10     | 53324 ||| DROPPING +5 broad axe of Tiycva {vamp, Str+4}.
 53325 | D:10     | 53325 ||| READING 5 scrolls of enchant weapon.
 53325 | D:10     | 53325 ||| ENCHANTING +0 hand axe.
 53326 | D:10     | 53326 ||| READING 4 scrolls of enchant weapon.
 53326 | D:10     | 53326 ||| ENCHANTING +1 hand axe.
 53327 | D:10     | 53327 ||| READING 3 scrolls of enchant weapon.
 53327 | D:10     | 53327 ||| ENCHANTING +2 hand axe.
 53328 | D:10     | 53328 ||| READING 2 scrolls of enchant weapon.
 53328 | D:10     | 53328 ||| ENCHANTING +3 hand axe.
 53329 | D:10     | 53329 ||| READING scroll of enchant weapon.
 53329 | D:10     | 53329 ||| ENCHANTING +4 hand axe.
 53330 | D:10     | 53330 ||| READING 2 scrolls of brand weapon.
 53330 | D:10     | 53330 ||| BRANDING +5 hand axe.
 53331 | D:10     | 53331 ||| READING scroll of brand weapon.
 53331 | D:10     | 53331 ||| BRANDING +5 hand axe of venom.
 53507 | Crypt:1  | Entered Level 1 of the Crypt
 53507 | Crypt:1  | Noticed a dread lich
 53534 | Crypt:1  | Killed a dread lich
 53965 | Crypt:1  | You are sucked into a shaft and drop 1 floor!
 53972 | Crypt:2  | Reached * piety under the Shining One
 54226 | Crypt:1  | Reached ** piety under the Shining One
 54338 | Crypt:1  | 54338 ||| Stepping ~*~*~tactically~*~*~ (hiding).
 54341 | Crypt:1  | 54341 ||| Stepping ~*~*~tactically~*~*~ (hiding).
 54364 | Crypt:1  | Reached *** piety under the Shining One
 54533 | Crypt:1  | 54533 ||| Stepping ~*~*~tactically~*~*~ (stealth).
 54536 | Crypt:1  | 54536 ||| Stepping ~*~*~tactically~*~*~ (stealth).
 54539 | Crypt:1  | 54539 ||| Stepping ~*~*~tactically~*~*~ (stealth).
 54541 | Crypt:1  | 54541 ||| Stepping ~*~*~tactically~*~*~ (stealth).
 54880 | Crypt:2  | 54880 ||| INVOKING Cleansing Flame.
 54885 | Crypt:2  | 54885 ||| INVOKING Cleansing Flame.
 54886 | Crypt:2  | 54886 ||| INVOKING Cleansing Flame.
 54887 | Crypt:2  | 54887 ||| INVOKING Cleansing Flame.
 54888 | Crypt:2  | Reached skill level 12 in Invocations
 54949 | Crypt:2  | 54949 ||| Stepping ~*~*~tactically~*~*~ (stealth).
 54994 | Crypt:2  | 54994 ||| Stepping ~*~*~tactically~*~*~ (stealth).
 55004 | Crypt:2  | Reached **** piety under the Shining One
 55065 | Crypt:2  | 55065 ||| SWAPPING to +3 broad axe.
 55066 | Crypt:2  | 55066 ||| DROPPING +5 hand axe of electrocution.
 55114 | Crypt:2  | 55114 ||| Stepping ~*~*~tactically~*~*~ (hiding).
 55129 | Crypt:2  | Reached ***** piety under the Shining One
 55244 | Crypt:2  | Identified the +0 pair of boots "Tentuimu" {rF- Will+
                  | Slay+5}
 55407 | Crypt:2  | 55407 ||| Stepping ~*~*~tactically~*~*~ (hiding).
 55678 | Crypt:2  | 55678 ||| UPGRADING to +0 pair of boots "Tentuimu" {rF-
                  | Will+ Slay+5}.
 55719 | Crypt:3  | Entered Level 3 of the Crypt
 55726 | Crypt:3  | 55726 ||| Stepping ~*~*~tactically~*~*~ (stealth).
 55727 | Crypt:3  | 55727 ||| Stepping ~*~*~tactically~*~*~ (stealth).
 55728 | Crypt:3  | 55728 ||| Stepping ~*~*~tactically~*~*~ (stealth).
 55730 | Crypt:3  | 55730 ||| Stepping ~*~*~tactically~*~*~ (stealth).
 55731 | Crypt:3  | 55731 ||| Stepping ~*~*~tactically~*~*~ (stealth).
 55737 | Crypt:3  | 55737 ||| Stepping ~*~*~tactically~*~*~ (hiding).
 55798 | Crypt:3  | Reached ****** piety under the Shining One
 55821 | Crypt:3  | 55821 ||| INVOKING Brand Weapon With Holy Wrath.
 55821 | Crypt:3  | Identified a +5 broad axe of holy wrath (a +3 broad axe
                  | blessed by the Shining One)
 55821 | Crypt:3  | Received a gift from the Shining One
 55827 | Crypt:3  | 55827 ||| Stepping ~*~*~tactically~*~*~ (hiding).
 55848 | Crypt:3  | 55848 ||| INVOKING Cleansing Flame.
 55849 | Crypt:3  | 55849 ||| INVOKING Cleansing Flame.
 55855 | Crypt:3  | 55855 ||| FLEEEEING.
 55856 | Crypt:3  | 55856 ||| FLEEEEING.
 55857 | Crypt:3  | 55857 ||| FLEEEEING.
 55858 | Crypt:3  | 55858 ||| FLEEEEING.
 55859 | Crypt:3  | 55859 ||| FLEEEEING.
 55860 | Crypt:3  | 55860 ||| FLEEEEING.
 55861 | Crypt:3  | 55861 ||| FLEEEEING.
 55862 | Crypt:3  | 55862 ||| FLEEEEING.
 55864 | Crypt:3  | 55864 ||| FLEEEEING.
 55865 | Crypt:3  | 55865 ||| FLEEEEING.
 55866 | Crypt:3  | 55866 ||| FLEEEEING.
 55867 | Crypt:3  | 55867 ||| FLEEEEING.
 55868 | Crypt:3  | 55868 ||| FLEEEEING.
 55870 | Crypt:3  | 55870 ||| FLEEEEING.
 55871 | Crypt:3  | 55871 ||| FLEEEEING.
 55872 | Crypt:3  | 55872 ||| FLEEEEING.
 55873 | Crypt:3  | 55873 ||| FLEEEEING.
 55874 | Crypt:3  | 55874 ||| FLEEEEING.
 55875 | Crypt:3  | 55875 ||| FLEEEEING.
 55876 | Crypt:3  | 55876 ||| FLEEEEING.
 55877 | Crypt:3  | 55877 ||| FLEEEEING.
 55906 | Crypt:3  | Found a staircase to the Tomb.
 55981 | Crypt:3  | 55981 ||| Stepping ~*~*~tactically~*~*~ (stealth).
 56006 | Crypt:3  | 56006 ||| FLEEEEING.
 56007 | Crypt:3  | 56007 ||| FLEEEEING.
 56008 | Crypt:3  | 56008 ||| FLEEEEING.
 56009 | Crypt:3  | 56009 ||| FLEEEEING.
 56010 | Crypt:3  | 56010 ||| FLEEEEING.
 56081 | Crypt:3  | 56081 ||| Stepping ~*~*~tactically~*~*~ (hiding).
 56082 | Crypt:3  | 56082 ||| Stepping ~*~*~tactically~*~*~ (stealth).
 56083 | Crypt:3  | 56083 ||| Stepping ~*~*~tactically~*~*~ (stealth).
 56107 | Crypt:3  | Reached skill level 15 in Invocations
 56121 | Crypt:3  | 56121 ||| Stepping ~*~*~tactically~*~*~ (stealth).
 56122 | Crypt:3  | 56122 ||| Stepping ~*~*~tactically~*~*~ (stealth).
 56155 | Crypt:3  | 56155 ||| INVOKING Cleansing Flame.
 56156 | Crypt:3  | 56156 ||| INVOKING Cleansing Flame.
 56203 | Crypt:3  | Found an ancient bone altar of Kikubaaqudgha.
 56206 | Crypt:3  | Identified the +11 great mace of a Hundred Thickets {holy,
                  | Will++}
 56208 | Crypt:3  | Found a basalt altar of Yredelemnul.
 56285 | Crypt:3  | 56285 ||| Stepping ~*~*~tactically~*~*~ (stealth).
 56287 | Crypt:3  | 56287 ||| Stepping ~*~*~tactically~*~*~ (hiding).
 56425 | Crypt:3  | 56425 ||| Stepping ~*~*~tactically~*~*~ (hiding).
 56435 | Crypt:3  | 56435 ||| Stepping ~*~*~tactically~*~*~ (hiding).
 56616 | Crypt:3  | 56616 ||| Stepping ~*~*~tactically~*~*~ (hiding).
 56693 | Crypt:3  | 56693 ||| INVOKING Cleansing Flame.
 56694 | Crypt:3  | 56694 ||| INVOKING Cleansing Flame.
 56770 | Crypt:3  | 56770 ||| INVOKING Cleansing Flame.
 56771 | Crypt:3  | 56771 ||| INVOKING Cleansing Flame.
 56904 | Crypt:3  | Identified the +1 pair of gloves of the Loofah {Stlth+}
 56909 | Crypt:3  | Identified the +5 scale mail "Sinay" {Dex+4}
 56911 | Crypt:3  | Identified the ring of Rosifool {+Blink rN+ rCorr Int+4
                  | Dex-3}
 56913 | Crypt:3  | Identified the +6 broad axe of Wrath {flame, rCorr}
 56915 | Crypt:3  | 56915 ||| SWAPPING to +6 broad axe of Wrath {flame, rCorr}.
 56916 | Crypt:3  | Identified the ring of Xaewirr {rC+ rN+ Will++ SInv Stlth-}
 56916 | Crypt:3  | Identified the ring "Ysicho" {rPois rC+ rN+}
 56918 | Crypt:3  | 56918 ||| PLANNING TOMB
 56918 | Crypt:3  | 56918 ||| DROPPING +1 pair of gloves of the Loofah
                  | {Stlth+}.
 56919 | Crypt:3  | 56919 ||| SWAPPING to +5 broad axe of holy wrath.
 56920 | Crypt:3  | 56920 ||| DROPPING ring of protection from cold.
 56921 | Crypt:3  | 56921 ||| DROPPING ring of Rosifool {+Blink rN+ rCorr Int+4
                  | Dex-3}.
 56922 | Crypt:3  | 56922 ||| DROPPING ring "Ysicho" {rPois rC+ rN+}.
 56989 | Tomb:1   | Entered Level 1 of the Tomb of the Ancients
 57078 | Tomb:1   | 57078 ||| INVOKING Cleansing Flame.
 57079 | Tomb:1   | 57079 ||| INVOKING Cleansing Flame.
 57080 | Tomb:1   | 57080 ||| INVOKING Cleansing Flame.
 57083 | Tomb:1   | 57083 ||| INVOKING Cleansing Flame.
 57111 | Tomb:1   | 57111 ||| FLEEEEING.
 57112 | Tomb:1   | 57112 ||| FLEEEEING.
 57113 | Tomb:1   | 57113 ||| FLEEEEING.
 57114 | Tomb:1   | 57114 ||| FLEEEEING.
 57115 | Tomb:1   | 57115 ||| FLEEEEING.
 57116 | Tomb:1   | 57116 ||| FLEEEEING.
 57117 | Tomb:1   | 57117 ||| FLEEEEING.
 57118 | Tomb:1   | 57118 ||| FLEEEEING.
 57119 | Tomb:1   | 57119 ||| FLEEEEING.
 57120 | Tomb:1   | 57120 ||| FLEEEEING.
 57121 | Tomb:1   | 57121 ||| FLEEEEING.
 57138 | Tomb:1   | 57138 ||| FLEEEEING.
 57139 | Tomb:1   | 57139 ||| FLEEEEING.
 57156 | Tomb:1   | 57156 ||| FLEEEEING.
 57174 | Tomb:1   | 57174 ||| FLEEEEING.
 57175 | Tomb:1   | 57175 ||| FLEEEEING.
 57176 | Tomb:1   | 57176 ||| FLEEEEING.
 57193 | Tomb:1   | 57193 ||| FLEEEEING.
 57194 | Tomb:1   | 57194 ||| FLEEEEING.
 57198 | Tomb:1   | 57198 ||| STAIRDANCE
 57365 | Tomb:1   | 57365 ||| DRINKING 9 potions of curing.
 57365 | Tomb:1   | 57365 ||| (to cure confusion)
 57458 | Tomb:1   | Reached XP level 27. HP: 196/196 MP: 35/35
 57515 | Tomb:1   | 57515 ||| INVOKING Cleansing Flame.
 57516 | Tomb:1   | 57516 ||| INVOKING Cleansing Flame.
 57520 | Tomb:1   | 57520 ||| INVOKING Cleansing Flame.
 57521 | Tomb:1   | 57521 ||| INVOKING Cleansing Flame.
 57523 | Tomb:1   | 57523 ||| Stepping ~*~*~tactically~*~*~ (hiding).
 57525 | Tomb:1   | Noticed a royal mummy
 57526 | Tomb:1   | 57526 ||| INVOKING Summon Divine Warrior.
 57527 | Tomb:1   | Noticed a royal mummy
 57528 | Tomb:1   | Noticed a royal mummy
 57529 | Tomb:1   | 57529 ||| INVOKING Cleansing Flame.
 57530 | Tomb:1   | 57530 ||| INVOKING Cleansing Flame.
 57532 | Tomb:1   | 57532 ||| INVOKING Cleansing Flame.
 57533 | Tomb:1   | 57533 ||| INVOKING Cleansing Flame.
 57538 | Tomb:1   | 57538 ||| INVOKING Cleansing Flame.
 57539 | Tomb:1   | 57539 ||| DRINKING 4 potions of magic.
 57542 | Tomb:1   | 57542 ||| INVOKING Cleansing Flame.
 57543 | Tomb:1   | 57543 ||| INVOKING Summon Divine Warrior.
 57546 | Tomb:1   | Killed a royal mummy
 57550 | Tomb:1   | Killed a royal mummy
 57552 | Tomb:1   | Killed a royal mummy
 57689 | Tomb:1   | 57689 ||| INVOKING Summon Divine Warrior.
 57805 | Tomb:1   | 57805 ||| INVOKING Summon Divine Warrior.
 58245 | Tomb:1   | 58245 ||| Stepping ~*~*~tactically~*~*~ (stealth).
 58401 | Tomb:1   | Identified the +0 pair of gloves of Limom {rElec Regen+
                  | Str-5 Int+4}
 58483 | Tomb:1   | 58483 ||| DROPPING +1 pair of gloves.
 58484 | Tomb:1   | 58484 ||| DROPPING +0 pair of gloves of Limom {rElec Regen+
                  | Str-5 Int+4}.
 58575 | Tomb:2   | 58575 ||| DRINKING 14 potions of haste.
 58576 | Tomb:2   | 58576 ||| DRINKING 4 potions of attraction.
 58577 | Tomb:2   | 58577 ||| INVOKING Cleansing Flame.
 58578 | Tomb:2   | 58578 ||| INVOKING Cleansing Flame.
 58578 | Tomb:2   | Noticed a royal mummy
 58578 | Tomb:2   | Noticed a royal mummy
 58579 | Tomb:2   | 58579 ||| INVOKING Summon Divine Warrior.
 58580 | Tomb:2   | 58580 ||| INVOKING Cleansing Flame.
 58581 | Tomb:2   | Reached skill level 18 in Invocations
 58581 | Tomb:2   | Noticed a royal mummy
 58583 | Tomb:2   | Noticed a royal mummy
 58584 | Tomb:2   | 58584 ||| INVOKING Cleansing Flame.
 58584 | Tomb:2   | Killed a royal mummy
 58588 | Tomb:2   | 58588 ||| INVOKING Cleansing Flame.
 58588 | Tomb:2   | Lost intelligence.
 58588 | Tomb:2   | Killed a royal mummy
 58590 | Tomb:2   | Killed a royal mummy
 58591 | Tomb:2   | 58591 ||| INVOKING Cleansing Flame.
 58591 | Tomb:2   | Killed a royal mummy
 58628 | Tomb:2   | 58628 ||| INVOKING Cleansing Flame.
 58692 | Tomb:2   | Identified the +6 chain mail of the Hunter {rElec rF- Str+7
                  | Int-5}
 58789 | Tomb:2   | 58789 ||| INVOKING Cleansing Flame.
 58790 | Tomb:2   | 58790 ||| INVOKING Cleansing Flame.
 58904 | Tomb:2   | 58904 ||| INVOKING Cleansing Flame.
 58905 | Tomb:2   | 58905 ||| INVOKING Cleansing Flame.
 59304 | Tomb:1   | Noticed a royal mummy
 59305 | Tomb:1   | 59305 ||| Stepping ~*~*~tactically~*~*~ (stealth).
 59305 | Tomb:1   | Noticed a royal mummy
 59306 | Tomb:1   | 59306 ||| INVOKING Summon Divine Warrior.
 59306 | Tomb:1   | Noticed a royal mummy
 59306 | Tomb:1   | Noticed a royal mummy
 59306 | Tomb:1   | Noticed a royal mummy
 59308 | Tomb:1   | 59308 ||| INVOKING Cleansing Flame.
 59309 | Tomb:1   | 59309 ||| INVOKING Cleansing Flame.
 59310 | Tomb:1   | 59310 ||| INVOKING Cleansing Flame.
 59310 | Tomb:1   | Killed a royal mummy
 59310 | Tomb:1   | Noticed a royal mummy
 59311 | Tomb:1   | Noticed a royal mummy
 59312 | Tomb:1   | Noticed a royal mummy
 59320 | Tomb:1   | 59320 ||| INVOKING Summon Divine Warrior.
 59323 | Tomb:1   | HP: 48/196 [??? (9)]
 59324 | Tomb:1   | 59324 ||| READING 30 scrolls of teleportation.
 59325 | Tomb:1   | 59325 ||| DRINKING 2 potions of heal wounds.
 59326 | Tomb:1   | 59326 ||| INVOKING Cleansing Flame.
 59327 | Tomb:1   | 59327 ||| INVOKING Cleansing Flame.
 59328 | Tomb:1   | 59328 ||| INVOKING Cleansing Flame.
 59658 | Tomb:1   | 59658 ||| INVOKING Summon Divine Warrior.
 59660 | Tomb:1   | Noticed a royal mummy
 59661 | Tomb:1   | Noticed a royal mummy
 59663 | Tomb:1   | Killed a royal mummy
 59664 | Tomb:1   | Noticed a royal mummy
 59664 | Tomb:1   | Noticed a royal mummy
 59666 | Tomb:1   | HP: 48/196 [??? (9)]
 59667 | Tomb:1   | 59667 ||| READING 29 scrolls of teleportation.
 59667 | Tomb:1   | HP: 15/196 [royal mummy/divine providence (12)]
 59668 | Tomb:1   | 59668 ||| DRINKING potion of heal wounds.
 59746 | Tomb:1   | 59746 ||| INVOKING Summon Divine Warrior.
 59746 | Tomb:1   | Identified the +4 tower shield of Elyvilon, Ageing {Regen+
                  | rCorr Int+2}
 59753 | Tomb:1   | HP: 45/196 [fire giant/+1 great sword of flaming[the fury
                  | of Okawaru] (12)]
 59754 | Tomb:1   | 59754 ||| READING 28 scrolls of teleportation.
 60134 | Tomb:1   | 60134 ||| Stepping ~*~*~tactically~*~*~ (stealth).
 60135 | Tomb:1   | 60135 ||| Stepping ~*~*~tactically~*~*~ (hiding).
 60136 | Tomb:1   | 60136 ||| Stepping ~*~*~tactically~*~*~ (hiding).
 60136 | Tomb:1   | Noticed a royal mummy
 60137 | Tomb:1   | 60137 ||| Stepping ~*~*~tactically~*~*~ (hiding).
 60138 | Tomb:1   | 60138 ||| Stepping ~*~*~tactically~*~*~ (hiding).
 60139 | Tomb:1   | 60139 ||| INVOKING Cleansing Flame.
 60140 | Tomb:1   | 60140 ||| INVOKING Summon Divine Warrior.
 60143 | Tomb:1   | Killed a royal mummy
 60144 | Tomb:1   | 60144 ||| INVOKING Cleansing Flame.
 60145 | Tomb:1   | 60145 ||| INVOKING Cleansing Flame.
 60145 | Tomb:1   | Killed a royal mummy
 60147 | Tomb:1   | 60147 ||| INVOKING Cleansing Flame.
 60147 | Tomb:1   | HP: 45/196 [??? (8)]
 60148 | Tomb:1   | 60148 ||| READING 27 scrolls of teleportation.
 60149 | Tomb:1   | 60149 ||| INVOKING Cleansing Flame.
 60150 | Tomb:1   | 60150 ||| INVOKING Cleansing Flame.
 60150 | Tomb:1   | Killed a royal mummy
 60200 | Tomb:1   | 60200 ||| INVOKING Summon Divine Warrior.
 60200 | Tomb:1   | Identified the +4 tower shield of Generosity {+Blink rN+++
                  | Will- Stlth-}
 60484 | Tomb:1   | 60484 ||| UPGRADING to ring of Xaewirr {rC+ rN+ Will++ SInv
                  | Stlth-}.
 60617 | Tomb:1   | 60617 ||| INVOKING Summon Divine Warrior.
 60619 | Tomb:1   | Noticed a royal mummy
 60620 | Tomb:1   | 60620 ||| INVOKING Cleansing Flame.
 60621 | Tomb:1   | 60621 ||| INVOKING Cleansing Flame.
 60622 | Tomb:1   | 60622 ||| INVOKING Cleansing Flame.
 60623 | Tomb:1   | 60623 ||| INVOKING Cleansing Flame.
 60624 | Tomb:1   | 60624 ||| INVOKING Cleansing Flame.
 60624 | Tomb:1   | Killed a royal mummy
 60625 | Tomb:1   | 60625 ||| INVOKING Cleansing Flame.
 60626 | Tomb:1   | 60626 ||| DRINKING 3 potions of magic.
 60627 | Tomb:1   | 60627 ||| INVOKING Cleansing Flame.
 60627 | Tomb:1   | HP: 49/196 [royal mummy/divine providence (14)]
 60628 | Tomb:1   | 60628 ||| READING 26 scrolls of teleportation.
 60629 | Tomb:1   | 60629 ||| INVOKING Cleansing Flame.
 60630 | Tomb:1   | 60630 ||| INVOKING Cleansing Flame.
 60630 | Tomb:1   | Killed a royal mummy
 61047 | Tomb:1   | 61047 ||| Stepping ~*~*~tactically~*~*~ (hiding).
 61057 | Tomb:1   | Killed a royal mummy
 61058 | Tomb:1   | 61058 ||| INVOKING Cleansing Flame.
 61059 | Tomb:1   | 61059 ||| INVOKING Cleansing Flame.
 61060 | Tomb:1   | 61060 ||| INVOKING Cleansing Flame.
 61061 | Tomb:1   | 61061 ||| INVOKING Cleansing Flame.
 61067 | Tomb:1   | HP: 38/196 [royal mummy/divine providence (15)]
 61068 | Tomb:1   | 61068 ||| READING 25 scrolls of teleportation.
 61069 | Tomb:1   | HP: 18/196 [??? (3)]
 61070 | Tomb:1   | Killed a royal mummy
 61071 | Tomb:1   | 61071 ||| INVOKING Cleansing Flame.
 61168 | Tomb:1   | HP: 41/196 [titan[the fury of Okawaru] (17)]
 61169 | Tomb:1   | 61169 ||| READING 24 scrolls of teleportation.
 61172 | Tomb:1   | HP: 18/196 [deep elf master archer/arrow[the fury of
                  | Okawaru] (16)]
 61609 | Tomb:1   | 61609 ||| Stepping ~*~*~tactically~*~*~ (stealth).
 61611 | Tomb:1   | 61611 ||| Stepping ~*~*~tactically~*~*~ (stealth).
 61619 | Tomb:1   | Killed a royal mummy
 61624 | Tomb:1   | 61624 ||| INVOKING Cleansing Flame.
 61625 | Tomb:1   | 61625 ||| INVOKING Cleansing Flame.
 61634 | Tomb:1   | Killed a royal mummy
 61635 | Tomb:1   | Killed a royal mummy
 61707 | Tomb:1   | 61707 ||| Stepping ~*~*~tactically~*~*~ (stealth).
 61710 | Tomb:1   | 61710 ||| Stepping ~*~*~tactically~*~*~ (stealth).
 61711 | Tomb:1   | 61711 ||| Stepping ~*~*~tactically~*~*~ (stealth).
 61733 | Tomb:1   | 61733 ||| Stepping ~*~*~tactically~*~*~ (stealth).
 61734 | Tomb:1   | 61734 ||| Stepping ~*~*~tactically~*~*~ (stealth).
 61736 | Tomb:1   | 61736 ||| Stepping ~*~*~tactically~*~*~ (stealth).
 61739 | Tomb:1   | 61739 ||| Stepping ~*~*~tactically~*~*~ (stealth).
 61740 | Tomb:1   | 61740 ||| Stepping ~*~*~tactically~*~*~ (stealth).
 61741 | Tomb:1   | 61741 ||| Stepping ~*~*~tactically~*~*~ (stealth).
 61742 | Tomb:1   | 61742 ||| Stepping ~*~*~tactically~*~*~ (stealth).
 61744 | Tomb:1   | 61744 ||| Stepping ~*~*~tactically~*~*~ (hiding).
 61745 | Tomb:1   | 61745 ||| Stepping ~*~*~tactically~*~*~ (hiding).
 61756 | Tomb:1   | Killed a royal mummy
 61768 | Tomb:1   | 61768 ||| Stepping ~*~*~tactically~*~*~ (hiding).
 61771 | Tomb:1   | 61771 ||| INVOKING Cleansing Flame.
 61775 | Tomb:1   | 61775 ||| INVOKING Cleansing Flame.
 61780 | Tomb:1   | Killed a royal mummy
 61780 | Tomb:1   | Noticed a royal mummy
 61781 | Tomb:1   | Reached skill level 24 in Armour
 61782 | Tomb:1   | 61782 ||| INVOKING Cleansing Flame.
 61783 | Tomb:1   | 61783 ||| INVOKING Cleansing Flame.
 61784 | Tomb:1   | 61784 ||| INVOKING Cleansing Flame.
 61785 | Tomb:1   | 61785 ||| INVOKING Cleansing Flame.
 61786 | Tomb:1   | 61786 ||| INVOKING Cleansing Flame.
 61786 | Tomb:1   | Killed a royal mummy
 61790 | Tomb:1   | Noticed a royal mummy
 61791 | Tomb:1   | 61791 ||| Stepping ~*~*~tactically~*~*~ (stealth).
 61794 | Tomb:1   | 61794 ||| INVOKING Cleansing Flame.
 61798 | Tomb:1   | Killed a royal mummy
 61798 | Tomb:1   | HP: 48/196 [torment (9)]
 61818 | Tomb:1   | Noticed a royal mummy
 61819 | Tomb:1   | 61819 ||| INVOKING Cleansing Flame.
 61821 | Tomb:1   | HP: 48/196 [royal mummy/divine providence (13)]
 61822 | Tomb:1   | 61822 ||| READING 23 scrolls of teleportation.
 61824 | Tomb:1   | Killed a royal mummy
 61828 | Tomb:1   | 61828 ||| FLEEEEING.
 61829 | Tomb:1   | 61829 ||| FLEEEEING.
 61839 | Tomb:1   | 61839 ||| STAIRDANCE
 62124 | Tomb:1   | Was forgiven by Okawaru
 62388 | Tomb:1   | Noticed a royal mummy
 62389 | Tomb:1   | 62389 ||| Stepping ~*~*~tactically~*~*~ (hiding).
 62390 | Tomb:1   | 62390 ||| Stepping ~*~*~tactically~*~*~ (hiding).
 62395 | Tomb:1   | 62395 ||| INVOKING Cleansing Flame.
 62401 | Tomb:1   | Killed a royal mummy
 62401 | Tomb:1   | Lost intelligence.
 62402 | Tomb:1   | Noticed a royal mummy
 62411 | Tomb:1   | 62411 ||| INVOKING Cleansing Flame.
 62412 | Tomb:1   | 62412 ||| INVOKING Cleansing Flame.
 62412 | Tomb:1   | Noticed a royal mummy
 62419 | Tomb:1   | 62419 ||| INVOKING Cleansing Flame.
 62420 | Tomb:1   | 62420 ||| INVOKING Cleansing Flame.
 62423 | Tomb:1   | Killed a royal mummy
 62425 | Tomb:1   | Killed a royal mummy
 62524 | Tomb:1   | Noticed a royal mummy
 62527 | Tomb:1   | 62527 ||| INVOKING Cleansing Flame.
 62528 | Tomb:1   | 62528 ||| INVOKING Cleansing Flame.
 62535 | Tomb:1   | Killed a royal mummy
 62705 | Tomb:1   | Noticed a royal mummy
 62706 | Tomb:1   | 62706 ||| Stepping ~*~*~tactically~*~*~ (stealth).
 62715 | Tomb:1   | 62715 ||| INVOKING Cleansing Flame.
 62725 | Tomb:1   | Killed a royal mummy
 62954 | Tomb:1   | 62954 ||| UPGRADING to +0 plate armour "Begal" {rElec rC+++
                  | Int+3 Dex-5}.
 62964 | Tomb:1   | 62964 ||| UPGRADING to +5 ring of evasion.
 62966 | Tomb:1   | 62966 ||| UPGRADING to ring of Daisies {rCorr AC+4 Str+3}.
 63274 | Tomb:2   | 63274 ||| INVOKING Cleansing Flame.
 63279 | Tomb:2   | 63279 ||| INVOKING Cleansing Flame.
 63293 | Tomb:2   | 63293 ||| INVOKING Cleansing Flame.
 63298 | Tomb:2   | Lost intelligence.
 63393 | Tomb:2   | 63393 ||| UPGRADING to +0 gold dragon scales.
 63403 | Tomb:2   | 63403 ||| UPGRADING to +10 plate armour.
 63413 | Tomb:2   | 63413 ||| REMOVING +0 pair of gloves of Ehemem {rF++ Str+2
                  | Int-5 Dex+3}.
 63418 | Tomb:2   | 63418 ||| UPGRADING to ring of Xaewirr {rC+ rN+ Will++ SInv
                  | Stlth-}.
 63420 | Tomb:2   | 63420 ||| UPGRADING to ring "Okhleu" {Ice rPois rCorr
                  | Slay+6}.
 63422 | Tomb:2   | 63422 ||| UPGRADING to ring of Daisies {rCorr AC+4 Str+3}.
 63432 | Tomb:3   | Entered Level 3 of the Tomb of the Ancients
 63433 | Tomb:3   | 63433 ||| DRINKING 13 potions of haste.
 63434 | Tomb:3   | 63434 ||| DRINKING 4 potions of attraction.
 63461 | Tomb:3   | 63461 ||| INVOKING Cleansing Flame.
 63468 | Tomb:3   | 63468 ||| INVOKING Summon Divine Warrior.
 63483 | Tomb:3   | 63483 ||| INVOKING Cleansing Flame.
 63488 | Tomb:3   | 63488 ||| INVOKING Cleansing Flame.
 63495 | Tomb:3   | 63495 ||| INVOKING Cleansing Flame.
 63496 | Tomb:3   | Reached skill level 15 in Throwing
 63499 | Tomb:3   | Noticed a royal mummy
 63499 | Tomb:3   | Noticed a royal mummy
 63500 | Tomb:3   | 63500 ||| INVOKING Summon Divine Warrior.
 63501 | Tomb:3   | Noticed a royal mummy
 63502 | Tomb:3   | 63502 ||| INVOKING Cleansing Flame.
 63502 | Tomb:3   | Noticed a royal mummy
 63504 | Tomb:3   | 63504 ||| INVOKING Cleansing Flame.
 63509 | Tomb:3   | 63509 ||| INVOKING Summon Divine Warrior.
 63512 | Tomb:3   | 63512 ||| INVOKING Cleansing Flame.
 63513 | Tomb:3   | 63513 ||| INVOKING Cleansing Flame.
 63516 | Tomb:3   | 63516 ||| INVOKING Cleansing Flame.
 63516 | Tomb:3   | HP: 39/196 [royal mummy/divine providence (12)]
 63517 | Tomb:3   | 63517 ||| READING 22 scrolls of teleportation.
 63517 | Tomb:3   | HP: 13/196 [mummy priest/divine providence (14)]
 63525 | Tomb:3   | Noticed a royal mummy
 63526 | Tomb:3   | 63526 ||| Stepping ~*~*~tactically~*~*~ (hiding).
 63527 | Tomb:3   | 63527 ||| Stepping ~*~*~tactically~*~*~ (hiding).
 63530 | Tomb:3   | 63530 ||| Stepping ~*~*~tactically~*~*~ (hiding).
 63531 | Tomb:3   | 63531 ||| READING 21 scrolls of teleportation.
 63532 | Tomb:3   | 63532 ||| INVOKING Cleansing Flame.
 63535 | Tomb:3   | HP: 17/196 [??? (3)]
 63536 | Tomb:3   | 63536 ||| READING 20 scrolls of teleportation.
 63539 | Tomb:3   | 63539 ||| INVOKING Cleansing Flame.
 63540 | Tomb:3   | 63540 ||| INVOKING Cleansing Flame.
 63540 | Tomb:3   | Killed by a mummy priest's death curse

Levels and vault maps discovered:
D:1:      saegor_arrival_simple_e, layout_rooms
D:2:      minmay_razor_zed, layout_basic, basic_altar, uniq_crazy_yiuf_cottage
D:3:      layout_basic, mainiacjoe_overflow_catwalk_spiral,
          overflow_temple_1_default, ebering_ecumenical_altar_box, st_stairs_13,
          uniq_pargi
D:4:      layout_rooms, serial_shops, nicolae_shop_behind_doors,
          kennysheep_small_square, uniq_duvessa
D:5:      layout_gridville, cheibrodos_sewer_entry_bend,
          minmay_misc_feat_nine_boxes, minmay_shop_grid_forest,
          kennysheep_generic_room_4, uniq_edmund
D:6:      layout_basic, mainiacjoe_overflow_24_doors, minmay_temple_entry_fiery,
          roderic_roman_lattice, hangedman_abyss_or_decor_stagger, uniq_pikel
D:7:      layout_basic, nzn_wu_jian_contemplation, serial_co_window_serial,
          co_window_corner_a, co_window_paths_b, co_window_corner_a,
          co_window_of_opportunity_a, co_window_corner_a, co_window_2corner,
          co_window_corner_b, co_window_unsneaky_path_e,
          co_window_of_opportunity_c, co_window_2corner, co_window_4corner_a,
          serial_shops, shop
D:8:      layout_loops_ring, eat_drink_and_be_merry_uskayaw, kb_rosetta,
          uniq_amaemon
D:9:      layout_loops_ring, ashenzari_altar_1, hellmonk_lair_entry_icy,
          minmay_orc_entry_temple_small, serial_shops, shop, shop,
          nicolae_shop_pleasant_corner_grove, shop, serial_ice, serial_ice_e,
          serial_ice_h, serial_ice_f, serial_ice_g
D:10:     layout_rooms, mainiacjoe_overflow_catwalk
D:11:     minmay_the_grid_triangle_9x9_rhombus_full_mashed
          [minmay_the_grid_triangle_9x9_corruption,
          minmay_the_grid_triangle_9x9_empty,
          minmay_the_grid_triangle_9x9_warning,
          minmay_the_grid_triangle_9x9_windchime,
          minmay_the_grid_triangle_9x9_stretched_checkered,
          minmay_the_grid_triangle_9x9_sparse_checkered,
          minmay_the_grid_triangle_9x9_dagger,
          minmay_the_grid_triangle_9x9_prize_top_heavy], layout_loops_ring,
          lemuel_zombie_altar_kikubaaqudgha, uniq_nergalle, uniq_lodul,
          uniq_sonja
D:12:     layout_long_grid, uniq_josephine
D:13:     layout_layer_cave, vehumet_crystals
D:14:     layout_layer_cave, erik_vaults_1, serial_shops, shop,
          nicolae_shop_peninsula, nicolae_shop_window_shopping,
          kennysheep_cluttered_room, kennysheep_generic_room_9
D:15:     gammafunk_enter_depths_forms, layout_cross,
          nicolae_dithmenos_shadow_blocks
Temple:   nicolae_temple_bog_church
Lair:1:   dragon1_lemuel, layout_chaotic_city, infiniplex_staircase_pool_2
Lair:2:   layout_hall_layers, minmay_snake_entry_guardpost_medium, st_stairs_7,
          hangedman_lair_unloving_vines
Lair:3:   layout_gridlike, minmay_swamp_entry_reptiles,
          chequers_serial_rivers_micro_d, infiniplex_staircase_pool,
          serial_bayou_shore_b, uniq_gastronok, uniq_urug
Lair:4:   layout_regular_city, minmay_slime_entry_pillars,
          gauntlet_entry_generic, serial_bayou_shore_b
Lair:5:   hangedman_lair_tendril_chambers, layout_misc_corridors,
          chequers_serial_rivers_small_b, chequers_serial_rivers_marsh
Swamp:1:  layout_falls_marsh, hangedman_swamp_ruin_wall
Swamp:2:  layout_falls_marsh, evilmike_swamp_ruin_rubble_2, swamp_pool1
Swamp:3:  layout_basic_swamp, nicolae_swamp_long_stream
Swamp:4:  grunt_swamp_rune_castle, layout_basic_swamp
Snake:1:  nicolae_snake_nest, layout_misc_corridors, special_room,
          serial_bayou_shore_b, uniq_donald, uniq_asterion, uniq_aizul
Snake:2:  layout_cave_shapes, grunt_megastairs_5, lemuel_fruit_tree,
          uniq_azrael, uniq_louise, uniq_agnes
Snake:3:  layout_misc_corridors
Snake:4:  grunt_snake_rune_serpentine_throne, layout_cave_town
Slime:1:  layout_caves
Slime:2:  layout_caves
Slime:3:  layout_caves
Slime:4:  layout_caves
Slime:5
Orc:1:    layout_caves
Orc:2:    grunt_orc_gardens, layout_diamond_mine, grunt_orc_garden,
          grunt_orc_garden, grunt_orc_garden, grunt_orc_garden, serial_shops,
          shop_statue, shop
Vaults:1: nicolae_vaults_windows_and_doors_thing,
          nicolae_vaults_storage_room_statues, nicolae_vaults_tetromino_Z_1,
          v_misc_16, nicolae_vaults_turnstiles, hangedman_vaults_corner_blocks,
          nicolae_vaults_alarming, nicolae_vaults_trapezoid_layered,
          vaults_mumra_chevron_long, hangedman_vaults_corner,
          layout_vaults_omnicross
Vaults:2: nicolae_vaults_trapezoid_1, nicolae_vaults_trapezoid_lopsided_2,
          v_rooms_1, ontoclasm_vaults_ring_small,
          vaults_mumra_minichess_inversion, special_room_vaults
          [special_room_orc], ontoclasm_vaults_fault, ontoclasm_vaults_pinch,
          vaults_room_grunt_arrival_checkpoint,
          nicolae_vaults_variable_pillar_hall, nicolae_vaults_closet_pinwheel_1,
          layout_vaults_big_room, serial_shops, shop,
          nicolae_book_shop_shelving, uniq_sojobo
Vaults:3: nicolae_vaults_antechamber_and_loot_room, v_alt_pattern_6,
          nicolae_vaults_network_s, nicolae_vaults_twisting_passages,
          nicolae_vaults_swerve, ontoclasm_vaults_hangar,
          minmay_crypt_entry_skeletal_spiral, v_misc_19,
          ontoclasm_vaults_gateway, vaults_mumra_hex,
          nicolae_vaults_hallways_thing, layout_vaults_omnigrid, serial_shops,
          shop
Vaults:4: vaults_mumra_bighexcomb, nicolae_vaults_more_shelving_2,
          nicolae_vaults_bisected_inception, nicolae_vaults_meiosis,
          hangedman_vaults_stream, hangedman_vaults_stagger,
          ontoclasm_vaults_chip, nicolae_vaults_big_angled_halls,
          hangedman_vaults_capsules, vaults_mumra_lcd,
          ontoclasm_vaults_ring_large, nicolae_vaults_trapezoid_2,
          nicolae_vaults_two_Ls, nicolae_vaults_tetromino_L_1,
          layout_vaults_ring, uniq_mennas
Vaults:5: uniq_margery
Crypt:1:  layout_catacombs
Crypt:2:  layout_catacombs, amcnicky_mini_corridor_feature, minivault_24
Crypt:3:  lightli_unholy_cathedral, layout_chaotic_city,
          minmay_guarded_unrand_curses
Tomb:1
Tomb:2
Tomb:3
Depths:1: gammafunk_jiyva_shrine, layout_long_grid, hell_entry,
          nrook_mini_vaults, nicolae_trove_entry_diagonal, minmay_misc_feat_iff,
          hangedman_abyss_or_decor_lesser_grid, serial_bayou_ford_a,
          serial_sigils_hangedman_confine, nicolae_wooded_promenade,
          minmay_misc_feat_plants, minmay_alternating_orb
Depths:2: wander_protected_by_tso, layout_cave_pools, hell_entry,
          chequers_serial_rivers_micro_d, grunt_pan_entry_in_and_out,
          hellmonk_ghost_big_iron, minmay_staircase_statues, uniq_mara
Depths:3: grunt_twist_and_shout, layout_gridville, enter_ziggurat_f,
          serial_shops, nicolae_shop_hallway_plus, hangedman_abyss_entry_splay,
          hell_entry, uniq_enchantress
Depths:4: evilmike_zot_entry_argh, layout_cave_pools, grunt_mini_vestibule
Zot:1:    layout_cathedral_of_symmetry
Zot:2:    kennysheep_bubbly, layout_twisted_circle
Zot:3:    layout_gridlike, st_stairs_4, zot_minivault_7, grunt_megastairs_4
Zot:4:    lemuel_acid_trip, layout_concentric_octagons, st_single_dragon_hoard_1

Skill      XL: |  1  2  3  4  5  6  7  8  9 10 11 12 13 14 15 16 17 18 19 20 21 22 23 24 25 26 27 |
---------------+----------------------------------------------------------------------------------+-----
Axes           | 2 3 4 5 6 7 9 10 11 12 13 14 15 16 18 | 18.0
Dodging        | 1 2 3 4 5 6 8 9 10 11 | 11.0
Fighting       | 4 5 6 8 9 10 11 12 14 15 17 18 20 21 22 24 26 | 26.0
Throwing       | 1 4 5 8 9 10 12 13 15 | 15.1
Shields        | 5 6 7 12 13 16 18 19 20 21 22 | 22.7
Armour         | 5 7 9 10 11 12 13 14 16 17 18 19 20 21 22 24 | 24.0
Invocations    | 4 7 10 16 19 | 19.2

Action                     |  1- 3 |  4- 6 |  7- 9 | 10-12 | 13-15 | 16-18 | 19-21 | 22-24 | 25-27 || total
---------------------------+-------+-------+-------+-------+-------+-------+-------+-------+-------++-------
  Melee: War axe           |    62 |   170 |   340 |   171 |       |       |       |       |       ||   743
         Broad axe         |       |       |       |   345 |   943 |  1521 |  1699 |  1532 |  1339 ||  7379
         Demon whip        |       |       |       |     9 |    50 |       |       |       |       ||    59
         Hand axe          |       |       |       |       |       |       |       |       |   246 ||   246
  Throw: Boomerang         |       |       |    22 |    54 |   109 |   124 |   119 |    36 |   232 ||   696
         Javelin           |       |       |       |       |    96 |    13 |    17 |    48 |    43 ||   217
 Invoke: Heroism           |       |       |       |    26 |    26 |    40 |    26 |    33 |    10 ||   161
         Finesse           |       |       |       |     3 |     9 |     9 |     9 |     8 |     3 ||    41
         Cleansing Flame   |       |       |       |       |       |       |       |       |    97 ||    97
         Brand Weapon With |       |       |       |       |       |       |       |       |     1 ||     1
         Summon Divine War |       |       |       |       |       |       |       |       |    15 ||    15
    Use: Scroll            |     2 |     6 |    14 |     7 |    17 |     3 |     7 |       |    21 ||    77
         Potion            |       |     1 |     4 |     5 |       |       |     3 |    12 |    20 ||    45
   Stab: Sleeping          |       |     2 |       |       |       |       |       |       |       ||     2
         Distracted        |       |       |       |       |       |     2 |       |       |       ||     2
         Confused          |       |       |       |       |       |     2 |       |     1 |       ||     3
 Armour: Scale mail        |    37 |    27 |       |       |       |       |       |       |       ||    64
         Ring mail         |       |    49 |    15 |       |       |       |       |       |       ||    64
         Chain mail        |       |       |   162 |    30 |       |       |       |       |       ||   192
         Plate armour      |       |       |       |   279 |   672 |   884 |   627 |  1153 |   997 ||  4612
  Dodge: Dodged            |    28 |   120 |   267 |   336 |   505 |   606 |   447 |   749 |   455 ||  3513
  Block: Buckler           |    16 |    40 |    85 |   146 |    87 |       |       |       |       ||   374
         Kite shield       |       |       |       |       |   376 |   317 |       |       |       ||   693
         Tower shield      |       |       |       |       |       |   727 |  1313 |  1725 |  1471 ||  5236

Table legend:
 A = Non-vault XP
 B = Vault XP
 C = Vault XP percentage of total XP
 D = Non-vault monster count
 E = Vault monster count
 F = Vault count percentage of total count
                 A         B        C        D         E       F
            +---------+---------+-------+---------+---------+-------
      Total |  761615 |  705698 |  48.1 |    1451 |     961 |  39.8
            +---------+---------+-------+---------+---------+-------
        D:1 |      20 |       0 |   0.0 |      11 |       0 |   0.0
        D:2 |      86 |      36 |  29.5 |      14 |      13 |  48.1
        D:3 |      92 |     148 |  61.7 |      19 |       3 |  13.6
        D:4 |     346 |     275 |  44.3 |      20 |       5 |  20.0
        D:5 |     721 |     296 |  29.1 |      14 |       4 |  22.2
        D:6 |    1017 |     593 |  36.8 |      16 |       1 |   5.9
        D:7 |    1108 |       0 |   0.0 |      22 |       0 |   0.0
        D:8 |    1720 |    3189 |  65.0 |      27 |       6 |  18.2
        D:9 |    2952 |    4025 |  57.7 |      27 |      31 |  53.4
       D:10 |    1038 |       0 |   0.0 |      15 |       0 |   0.0
       D:11 |    3940 |   12589 |  76.2 |      19 |      40 |  67.8
       D:12 |    5521 |    1949 |  26.1 |      19 |       6 |  24.0
       D:13 |    8098 |       0 |   0.0 |      21 |       0 |   0.0
       D:14 |    5285 |    2716 |  33.9 |      16 |       4 |  20.0
       D:15 |   12674 |    5052 |  28.5 |      36 |      10 |  21.7
     Lair:1 |    3820 |     883 |  18.8 |      16 |       1 |   5.9
     Lair:2 |    3570 |     905 |  20.2 |      13 |       6 |  31.6
     Lair:3 |    8165 |    3465 |  29.8 |      32 |       6 |  15.8
     Lair:4 |    6858 |     549 |   7.4 |      19 |       4 |  17.4
     Lair:5 |    8516 |   10093 |  54.2 |      29 |      36 |  55.4
    Swamp:1 |   13763 |       0 |   0.0 |      25 |       0 |   0.0
    Swamp:2 |   13321 |       0 |   0.0 |      26 |       0 |   0.0
    Swamp:3 |   15612 |       0 |   0.0 |      29 |       0 |   0.0
    Swamp:4 |   12951 |   21822 |  62.8 |      24 |      33 |  57.9
    Snake:1 |   23849 |    3715 |  13.5 |      45 |       3 |   6.2
    Snake:2 |    9455 |    7384 |  43.9 |      17 |      14 |  45.2
    Snake:3 |   25945 |       0 |   0.0 |      48 |       0 |   0.0
    Snake:4 |    5543 |   24868 |  81.8 |      15 |      33 |  68.8
    Slime:3 |    4391 |       0 |   0.0 |      15 |       0 |   0.0
    Slime:4 |    8789 |       0 |   0.0 |       7 |       0 |   0.0
    Slime:5 |    8685 |   24629 |  73.9 |      15 |      19 |  55.9
      Orc:1 |    2899 |       0 |   0.0 |      39 |       0 |   0.0
      Orc:2 |    2422 |   10582 |  81.4 |      22 |      26 |  54.2
   Vaults:1 |   36434 |   10746 |  22.8 |      58 |      15 |  20.5
   Vaults:2 |   23253 |   29379 |  55.8 |      39 |      52 |  57.1
   Vaults:3 |   21612 |   27682 |  56.2 |      32 |      44 |  57.9
   Vaults:4 |   14733 |   27927 |  65.5 |      26 |      33 |  55.9
   Vaults:5 |   21659 |  132353 |  85.9 |      47 |     114 |  70.8
    Crypt:1 |   21230 |       0 |   0.0 |      27 |       0 |   0.0
    Crypt:2 |   31208 |       0 |   0.0 |      45 |       0 |   0.0
    Crypt:3 |   18975 |   32835 |  63.4 |      31 |      41 |  56.9
     Tomb:1 |   18145 |  117510 |  86.6 |      43 |      66 |  60.6
     Tomb:2 |   20952 |   30612 |  59.4 |      47 |      52 |  52.5
     Tomb:3 |   17368 |   25338 |  59.3 |      26 |      41 |  61.2
   Depths:1 |   38345 |   12680 |  24.9 |      48 |      15 |  23.8
   Depths:2 |   26306 |    9107 |  25.7 |      34 |      10 |  22.7
   Depths:3 |   28091 |   13068 |  31.8 |      31 |      15 |  32.6
   Depths:4 |   38231 |   16988 |  30.8 |      39 |      16 |  29.1
      Zot:1 |   50883 |       0 |   0.0 |      38 |       0 |   0.0
      Zot:2 |   32396 |   13936 |  30.1 |      24 |      12 |  33.3
      Zot:3 |   40447 |   30542 |  43.0 |      36 |      24 |  40.0
      Zot:4 |   25780 |   34858 |  57.5 |      24 |      55 |  69.6
    Abyss:2 |   12395 |       0 |   0.0 |      24 |       0 |   0.0
      Sewer |       0 |     374 | 100.0 |       0 |      52 | 100.0
            +---------+---------+-------+---------+---------+-------
